Workbook

Sheet Introduction
B6: September 27, 2026
B8: NOTE: For the convenience of the financial community and other interested parties, NXP is providing a summary of previously reported financial information in this
B9: spreadsheet format.
B11: Non-GAAP Financial Measures
B13: In addition to providing financial information on a basis consistent with U.S. generally accepted accounting principles ("US GAAP" or “GAAP”), NXP also provides
B14: selected financial measures on a non-GAAP basis which are adjusted for specified items. The adjustments made to achieve these non-GAAP financial
B15: measures or the non-GAAP financial measures as specified are described below, including the usefulness to management and investors.
B17: In managing NXP’s business on a consolidated basis, management develops an annual operating plan, which is approved by our Board of Directors, using
B18: non-GAAP financial measures. In measuring performance against this plan, management considers the actual or potential impacts on these non-GAAP
B19: financial measures from actions taken to reduce costs with the goal of increasing our gross margin and operating margin and when assessing appropriate
B20: levels of research and development efforts. In addition, management relies upon these non-GAAP financial measures when making decisions about product
B21: spending, administrative budgets, and other operating expenses. We believe that these non-GAAP financial measures, when coupled with the GAAP results
... B34: financial performance prepared in accordance with GAAP.
B37: Non-GAAP Adjustment or Measure | D37: Definition | F37: Usefulness to Management and Investors
B38: Purchase price accounting effects | D38: Purchase price accounting ("PPA") effects reflect the fair value adjustments impacting acquisition accounting and other acquisition adjustments charged to the Consolidated Statement of Operations. This typically relates to inventory, property, plant and equipment, as well as intangible assets, such as developed technology and marketing and customer relationships acquired. The PPA effects are recorded within both cost of revenue and operating expenses in our US GAAP financial statements. These charges are recorded over the estimated useful life of the related acquired asset and thus are generally recorded over multiple years. | F38: We believe that excluding these charges related to fair value adjustments for purposes of calculating certain non-GAAP measures allows the users of our financial statements to better understand the historic and current cost of our products, our gross margin, our operating costs, our operating margin, and also facilitates comparisons to peer companies.
B39: Restructuring | D39: Restructuring charges are costs associated with a restructuring plan and are primarily related to employee severance and benefit arrangements. Charges related to restructuring are recorded within both cost of revenue and operating expenses in our US GAAP financial statements | F39: We exclude restructuring charges, including any adjustments to charges recorded in prior periods, for purposes of calculating certain non-GAAP measures because these costs do not reflect our core operating performance. These adjustments facilitate a useful evaluation of our core operating performance and comparisons to past operating results and provide investors with additional means to evaluate expense trends.
B40: Share-based compensation | D40: Share-based compensation consists of incentive expense granted to eligible employees in the form of equity-based instruments. Charges related to share-based compensation are recorded within both cost of revenue and operating expenses in our US GAAP financial statements. | F40: We exclude charges related to share-based compensation for purposes of calculating certain non-GAAP measures because we believe these charges, which are non-cash, are not representative of our core operating performance as they can fluctuate from period to period based on factors that are not within our control, such as our stock price on the dates share-based grants are issued. We believe these adjustments provide investors with a useful view, through the eyes of management, of our core business model, how management currently evaluates core operational performance, and additional means to evaluate expense trends.
B41: Other incidentals | D41: Other incidentals consist of certain items which may be non-recurring, unusual, infrequent or directly related to an event that is distinct and non-reflective of the Company’s core operating performance. These may include such items as process and product transfer costs, certain charges related to acquisitions and divestitures, litigation and legal settlements, costs associated with the exit of a product line, factory or facility, environmental or governmental settlements, and other items of similar nature. | F41: We exclude these certain items which may be non-recurring, unusual, infrequent or directly related to an event that is distinct and non-reflective of the Company’s core operating performance for purposes of calculating certain non-GAAP measures. These adjustments facilitate a useful evaluation of our core operating performance and comparisons to past operating results and provide investors with additional means to evaluate expense trends.
B42: Non-GAAP Provision for income taxes | D42: Non-GAAP provision for income taxes is NXP's GAAP provision for income taxes adjusted for the income tax effects of the adjustments to our GAAP measure, including PPA effects, restructuring costs, share-based compensation, other incidental items and certain other adjustments to financial income (expense) items. Additionally, adjustments are made for the income tax effect of any discrete items that occur in the interim period. Discrete items primarily relate to unexpected tax events that may occur as these amounts cannot be forecasted (e.g., the impact of changes in tax law and/or rates, changes in estimates or resolved tax audits relating to prior year tax provisions, the excess or deficit tax effects on share-based compensation, etc.). | F42: The non-GAAP provision for income taxes is used to ascertain and present on a comparable basis NXP's provision for income tax after adjustments, the usefulness of which is described within this table. Additionally, the income tax effects of the adjustments to achieve the noted non-GAAP measures are used to determine NXP's non-GAAP net income (loss) attributable to stockholders and accordingly, our diluted non-GAAP earnings per share attributable to stockholders.
B43: Free Cash Flow | D43: Free Cash Flow represents operating cash flow adjusted for net additions to property, plant and equipment. | F43: We believe that free cash flow provides insight into our cash-generating capability and our financial performance and is an efficient means by which users of our financial statements can evaluate our cash flow after meeting our capital expenditure.
B44: Net debt | D44: Net debt represents total debt (short-term and long-term) after deduction of cash and cash equivalents and short-term deposits. | F44: We believe this measure provides investors with useful supplemental information about the financial performance of our business, enables comparison of financial results between periods where certain items may vary independent of business performance, and allow for greater transparency with respect of calculating our net leverage.

Sheet P&L
A1: NXP Semiconductors
A2: GAAP Condensed consolidated statements of operations (unaudited) | AU2: YTD
A3: ($ in millions) | B3: Q1 2018 | C3: Q2 2018 | D3: Q3 2018 | E3: Q4 2018 | F3: Q1 2019 | G3: Q2 2019 | H3: Q3 2019 | I3: Q4 2019 | J3: Q1 2020 | K3: Q2 2020 | L3: Q3 2020 | M3: Q4 2020 | N3: Q1 2021 | O3: Q2 2021 | P3: Q3 2021 | Q3: Q4 2021 | R3: Q1 2022 | S3: Q2 2022 | T3: Q3 2022 | U3: Q4 2022 | V3: Q1 2023 | W3: Q2 2023 | X3: Q3 2023 | Y3: Q4 2023 | Z3: Q1 2024 | AA3: Q2 2024 | AB3: Q3 2024 | AC3: Q4 2024 | AD3: Q1 2025 | AE3: Q2 2025 | AF3: Q3 2025 | AG3: Q4 2025 | AH3: Q1 2026 | AI3: Q2 2026 | AK3: Q3 2026 | AM3: 2018 | AN3: 2019 | AO3: 2020 | AP3: 2021 | AQ3: 2022 | AR3: 2023 | AS3: 2024 | AT3: 2025 | AU3: 2026
A5: Revenue | B5: 2269000000 | C5: 2290000000 | D5: 2445000000 | E5: 2403000000 | F5: 2094000000 | G5: 2217000000 | H5: 2265000000 | I5: 2301000000 | J5: 2021000000 | K5: 1817000000 | L5: 2267000000 | M5: 2507000000 | N5: 2567000000 | O5: 2596000000 | P5: 2861000000 | Q5: 3039000000 | R5: 3136000000 | S5: 3312000000 | T5: 3445000000 | U5: 3312000000 | V5: 3121000000 | W5: 3299000000 | X5: 3434000000 | Y5: 3422000000 | Z5: 3126000000 | AA5: 3127000000 | AB5: 3250000000 | AC5: 3111000000 | AD5: 2835000000 | AE5: 2926000000 | AF5: 3173000000 | AG5: 3335000000 | AH5: 3181000000 | AI5: 3496000000 | AK5: =AU5-AH5-AI5-AJ5 -> 3786000000 | AM5: 9407000000 | AN5: =SUM(F5:I5) -> 8877000000 | AO5: =SUM(J5:M5) -> 8612000000 | AP5: =N5+O5+P5+Q5 -> 11063000000 | AQ5: =SUM(R5:U5) -> 13205000000 | AR5: 13276000000 | AS5: 12614000000 | AT5: 12269000000 | AU5: 10463000000
A6: Cost of revenue | B6: -1097000000 | C6: -1110000000 | D6: -1189000000 | E6: -1160000000 | F6: -1022000000 | G6: -1066000000 | H6: -1079000000 | I6: -1092000000 | J6: -1024000000 | K6: -957000000 | L6: -1177000000 | M6: -1219000000 | N6: -1212000000 | O6: -1174000000 | P6: -1278000000 | Q6: -1332000000 | R6: -1359000000 | S6: -1430000000 | T6: -1478000000 | U6: -1421000000 | V6: -1351000000 | W6: -1418000000 | X6: -1469000000 | Y6: -1485000000 | Z6: -1343000000 | AA6: -1335000000 | AB6: -1384000000 | AC6: -1433000000 | AD6: -1275000000 | AE6: -1364000000 | AF6: -1386000000 | AG6: -1528000000 | AH6: -1393000000 | AI6: -1494000000 | AK6: =AU6-AH6-AI6-AJ6 -> -1597000000 | AM6: -4556000000 | AN6: =SUM(F6:I6) -> -4259000000 | AO6: =SUM(J6:M6) -> -4377000000 | AP6: =N6+O6+P6+Q6 -> -4996000000 | AQ6: =SUM(R6:U6) -> -5688000000 | AR6: -5723000000 | AS6: -5495000000 | AT6: -5553000000 | AU6: -4484000000
A8: Gross profit | B8: 1172000000 | C8: 1180000000 | D8: 1256000000 | E8: 1243000000 | F8: 1072000000 | G8: 1151000000 | H8: 1186000000 | I8: 1209000000 | J8: 997000000 | K8: 860000000 | L8: 1090000000 | M8: 1288000000 | N8: 1355000000 | O8: 1422000000 | P8: 1583000000 | Q8: 1707000000 | R8: 1777000000 | S8: 1882000000 | T8: 1967000000 | U8: 1891000000 | V8: 1770000000 | W8: 1881000000 | X8: 1965000000 | Y8: 1937000000 | Z8: 1783000000 | AA8: 1792000000 | AB8: 1866000000 | AC8: 1678000000 | AD8: 1560000000 | AE8: 1562000000 | AF8: 1787000000 | AG8: 1807000000 | AH8: 1788000000 | AI8: 2002000000 | AK8: =AU8-AH8-AI8-AJ8 -> 2189000000 | AM8: 4851000000 | AN8: =SUM(F8:I8) -> 4618000000 | AO8: =SUM(J8:M8) -> 4235000000 | AP8: =N8+O8+P8+Q8 -> 6067000000 | AQ8: =SUM(R8:U8) -> 7517000000 | AR8: 7553000000 | AS8: 7119000000 | AT8: 6716000000 | AU8: 5979000000
A10: Research and development | B10: -426000000 | C10: -438000000 | D10: -433000000 | E10: -403000000 | F10: -415000000 | G10: -408000000 | H10: -396000000 | I10: -424000000 | J10: -425000000 | K10: -402000000 | L10: -438000000 | M10: -460000000 | N10: -461000000 | O10: -476000000 | P10: -492000000 | Q10: -507000000 | R10: -518000000 | S10: -542000000 | T10: -548000000 | U10: -540000000 | V10: -577000000 | W10: -589000000 | X10: -601000000 | Y10: -651000000 | Z10: -564000000 | AA10: -594000000 | AB10: -577000000 | AC10: -612000000 | AD10: -547000000 | AE10: -573000000 | AF10: -575000000 | AG10: -665000000 | AH10: -588000000 | AI10: -604000000 | AK10: =AU10-AH10-AI10-AJ10 -> -615000000 | AM10: -1700000000 | AN10: =SUM(F10:I10) -> -1643000000 | AO10: =SUM(J10:M10) -> -1725000000 | AP10: =N10+O10+P10+Q10 -> -1936000000 | AQ10: =SUM(R10:U10) -> -2148000000 | AR10: -2418000000 | AS10: -2347000000 | AT10: -2360000000 | AU10: -1807000000
A11: Selling, general and administrative | B11: -248000000 | C11: -242000000 | D11: -252000000 | E11: -251000000 | F11: -248000000 | G11: -230000000 | H11: -221000000 | I11: -225000000 | J11: -233000000 | K11: -222000000 | L11: -203000000 | M11: -221000000 | N11: -222000000 | O11: -234000000 | P11: -243000000 | Q11: -257000000 | R11: -251000000 | S11: -265000000 | T11: -289000000 | U11: -261000000 | V11: -280000000 | W11: -274000000 | X11: -294000000 | Y11: -311000000 | Z11: -306000000 | AA11: -270000000 | AB11: -265000000 | AC11: -323000000 | AD11: -281000000 | AE11: -278000000 | AF11: -286000000 | AG11: -359000000 | AH11: -284000000 | AI11: -291000000 | AK11: =AU11-AH11-AI11-AJ11 -> -313000000 | AM11: -993000000 | AN11: =SUM(F11:I11) -> -924000000 | AO11: =SUM(J11:M11) -> -879000000 | AP11: =N11+O11+P11+Q11 -> -956000000 | AQ11: =SUM(R11:U11) -> -1066000000 | AR11: -1159000000 | AS11: -1164000000 | AT11: -1204000000 | AU11: -888000000
A12: Amortization of acquisition-related intangible assets | B12: -360000000 | C12: -363000000 | D12: -362000000 | E12: -364000000 | F12: -357000000 | G12: -355000000 | H12: -358000000 | I12: -365000000 | J12: -381000000 | K12: -380000000 | L12: -418000000 | M12: -148000000 | N12: -180000000 | O12: -139000000 | P12: -137000000 | Q12: -136000000 | R12: -135000000 | S12: -134000000 | T12: -131000000 | U12: -109000000 | V12: -85000000 | W12: -81000000 | X12: -71000000 | Y12: -63000000 | Z12: -51000000 | AA12: -28000000 | AB12: -29000000 | AC12: -28000000 | AD12: -27000000 | AE12: -25000000 | AF12: -31000000 | AG12: -34000000 | AH12: -32000000 | AI12: -31000000 | AK12: =AU12-AH12-AI12-AJ12 -> -30000000 | AM12: -1449000000 | AN12: =SUM(F12:I12) -> -1435000000 | AO12: =SUM(J12:M12) -> -1327000000 | AP12: =N12+O12+P12+Q12 -> -592000000 | AQ12: =SUM(R12:U12) -> -509000000 | AR12: -300000000 | AS12: -136000000 | AT12: -117000000 | AU12: -93000000
A13: Total operating expenses | B13: -1034000000 | C13: -1043000000 | D13: -1047000000 | E13: -1018000000 | F13: -1020000000 | G13: -993000000 | H13: -975000000 | I13: -1014000000 | J13: -1039000000 | K13: -1004000000 | L13: -1059000000 | M13: -829000000 | N13: -863000000 | O13: -849000000 | P13: -872000000 | Q13: -900000000 | R13: -904000000 | S13: -941000000 | T13: -968000000 | U13: -910000000 | V13: -942000000 | W13: -944000000 | X13: -966000000 | Y13: -1025000000 | Z13: -921000000 | AA13: -892000000 | AB13: -871000000 | AC13: -963000000 | AD13: -855000000 | AE13: -876000000 | AF13: -892000000 | AG13: -1058000000 | AH13: -904000000 | AI13: -926000000 | AK13: =AU13-AH13-AI13-AJ13 -> -958000000 | AM13: -4142000000 | AN13: =SUM(F13:I13) -> -4002000000 | AO13: =SUM(J13:M13) -> -3931000000 | AP13: =N13+O13+P13+Q13 -> -3484000000 | AQ13: =SUM(R13:U13) -> -3723000000 | AR13: -3877000000 | AS13: -3647000000 | AT13: -3681000000 | AU13: -2788000000
A15: Other income (expense) | B15: 0 | C15: 0 | D15: 2002000000 | E15: -1000000 | F15: 2000000 | G15: -1000000 | H15: 22000000 | I15: 2000000 | J15: 110000000 | K15: -1000000 | L15: 1000000 | M15: 4000000 | N15: 0 | O15: 0 | P15: 0 | Q15: 0 | R15: 0 | S15: 2000000 | T15: 2000000 | U15: -1000000 | V15: -3000000 | W15: 0 | X15: -7000000 | Y15: -5000000 | Z15: -6000000 | AA15: -4000000 | AB15: -5000000 | AC15: -40000000 | AD15: 18000000 | AE15: 1000000 | AF15: -2000000 | AG15: -5000000 | AH15: 621000000 | AI15: -5000000 | AK15: =AU15-AH15-AI15-AJ15 -> -3000000 | AM15: 2001000000 | AN15: =SUM(F15:I15) -> 25000000 | AO15: =SUM(J15:M15) -> 114000000 | AP15: =N15+O15+P15+Q15 -> 0 | AQ15: =SUM(R15:U15) -> 3000000 | AR15: -15000000 | AS15: -55000000 | AT15: 12000000 | AU15: 613000000
A17: Operating income (loss) | B17: 138000000 | C17: 137000000 | D17: 2211000000 | E17: 224000000 | F17: 54000000 | G17: 157000000 | H17: 233000000 | I17: 197000000 | J17: 68000000 | K17: -145000000 | L17: 32000000 | M17: 463000000 | N17: 492000000 | O17: 573000000 | P17: 711000000 | Q17: 807000000 | R17: 873000000 | S17: 943000000 | T17: 1001000000 | U17: 980000000 | V17: 825000000 | W17: 937000000 | X17: 992000000 | Y17: 907000000 | Z17: 856000000 | AA17: 896000000 | AB17: 990000000 | AC17: 675000000 | AD17: 723000000 | AE17: 687000000 | AF17: 893000000 | AG17: 744000000 | AH17: 1505000000 | AI17: 1071000000 | AK17: =AU17-AH17-AI17-AJ17 -> 1228000000 | AM17: 2710000000 | AN17: =SUM(F17:I17) -> 641000000 | AO17: =SUM(J17:M17) -> 418000000 | AP17: =N17+O17+P17+Q17 -> 2583000000 | AQ17: =SUM(R17:U17) -> 3797000000 | AR17: 3661000000 | AS17: 3417000000 | AT17: 3047000000 | AU17: 3804000000
A19: Financial income (expense):
A20: Interest income (expense), net | B20: -62000000 | C20: -49000000 | D20: -48000000 | E20: -66000000 | F20: -74000000 | G20: -77000000 | H20: -81000000 | I20: -81000000 | J20: -78000000 | K20: -90000000 | L20: -97000000 | M20: -84000000 | N20: -86000000 | O20: -89000000 | P20: -95000000 | Q20: -95000000 | R20: -102000000 | S20: -100000000 | T20: -88000000 | U20: -76000000 | V20: -69000000 | W20: -66000000 | X20: -60000000 | Y20: -56000000 | Z20: -55000000 | AA20: -58000000 | AB20: -60000000 | AC20: -65000000 | AD20: -71000000 | AE20: -76000000 | AF20: -81000000 | AG20: -93000000 | AH20: -83000000 | AI20: -83000000 | AK20: =AU20-AH20-AI20-AJ20 -> -74000000 | AM20: -225000000 | AN20: -313000000 | AO20: =SUM(J20:M20) -> -349000000 | AP20: =N20+O20+P20+Q20 -> -365000000 | AQ20: =SUM(R20:U20) -> -366000000 | AR20: -251000000 | AS20: -238000000 | AT20: -321000000 | AU20: -240000000
A21: Extinguishment of debt | B21: 0 | C21: -26000000 | D21: 0 | E21: 0 | F21: 0 | G21: -10000000 | H21: -1000000 | I21: 0 | J21: 0 | K21: 0 | L21: 0 | M21: -60000000 | N21: 0 | O21: 0 | P21: 0 | Q21: -22000000 | R21: 0 | S21: -18000000 | T21: 0 | U21: 0 | V21: 0 | W21: 0 | X21: 0 | Y21: 0 | Z21: 0 | AA21: 0 | AB21: 0 | AC21: 0 | AD21: 0 | AE21: 0 | AF21: 0 | AG21: 0 | AH21: 0 | AI21: 0 | AK21: =AU21-AH21-AI21-AJ21 -> 0 | AM21: -26000000 | AN21: =SUM(F21:I21) -> -11000000 | AO21: =SUM(J21:M21) -> -60000000 | AP21: =N21+O21+P21+Q21 -> -22000000 | AQ21: =SUM(R21:U21) -> -18000000 | AR21: 0 | AS21: 0 | AT21: 0 | AU21: 0
A22: Other financial income (expense) | B22: -6000000 | C22: 4000000 | D22: -71000000 | E22: -11000000 | F22: -9000000 | G22: -2000000 | H22: -3000000 | I22: -12000000 | J22: 0 | K22: -6000000 | L22: -9000000 | M22: 7000000 | N22: -1000000 | O22: -11000000 | P22: 2000000 | Q22: -6000000 | R22: -3000000 | S22: -10000000 | T22: -10000000 | U22: -27000000 | V22: -13000000 | W22: -8000000 | X22: -15000000 | Y22: -22000000 | Z22: -15000000 | AA22: -17000000 | AB22: -22000000 | AC22: -26000000 | AD22: -21000000 | AE22: -10000000 | AF22: -17000000 | AG22: -15000000 | AH22: -13000000 | AI22: -14000000 | AK22: =AU22-AH22-AI22-AJ22 -> -23000000 | AM22: -84000000 | AN22: =SUM(F22:I22) -> -26000000 | AO22: =SUM(J22:M22) -> -8000000 | AP22: =N22+O22+P22+Q22 -> -16000000 | AQ22: =SUM(R22:U22) -> -50000000 | AR22: -58000000 | AS22: -80000000 | AT22: -63000000 | AU22: -50000000
A24: Income (loss) before income taxes | B24: 70000000 | C24: 66000000 | D24: 2092000000 | E24: 147000000 | F24: -29000000 | G24: 68000000 | H24: 148000000 | I24: 104000000 | J24: -10000000 | K24: -241000000 | L24: -74000000 | M24: 326000000 | N24: 405000000 | O24: 473000000 | P24: 618000000 | Q24: 684000000 | R24: 768000000 | S24: 815000000 | T24: 903000000 | U24: 877000000 | V24: 743000000 | W24: 863000000 | X24: 917000000 | Y24: 829000000 | Z24: 786000000 | AA24: 821000000 | AB24: 908000000 | AC24: 584000000 | AD24: 631000000 | AE24: 601000000 | AF24: 795000000 | AG24: 636000000 | AH24: 1409000000 | AI24: 974000000 | AK24: =AU24-AH24-AI24-AJ24 -> 1131000000 | AM24: 2375000000 | AN24: =SUM(F24:I24) -> 291000000 | AO24: =SUM(J24:M24) -> 1000000 | AP24: =N24+O24+P24+Q24 -> 2180000000 | AQ24: =SUM(R24:U24) -> 3363000000 | AR24: 3352000000 | AS24: 3099000000 | AT24: 2663000000 | AU24: 3514000000
A26: Benefit (provision) for income taxes | B26: -2000000 | C26: -4000000 | D26: -311000000 | E26: 141000000 | F26: 9000000 | G26: -21000000 | H26: -28000000 | I26: 20000000 | J26: -2000000 | K26: 33000000 | L26: 57000000 | M26: -5000000 | N26: -40000000 | O26: -65000000 | P26: -95000000 | Q26: -72000000 | R26: -114000000 | S26: -129000000 | T26: -149000000 | U26: -137000000 | V26: -118000000 | W26: -158000000 | X26: -123000000 | Y26: -124000000 | Z26: -141000000 | AA26: -154000000 | AB26: -173000000 | AC26: -77000000 | AD26: -130000000 | AE26: -116000000 | AF26: -148000000 | AG26: -131000000 | AH26: -272000000 | AI26: -189000000 | AK26: =AU26-AH26-AI26-AJ26 -> -228000000 | AM26: -176000000 | AN26: =SUM(F26:I26) -> -20000000 | AO26: =SUM(J26:M26) -> 83000000 | AP26: =N26+O26+P26+Q26 -> -272000000 | AQ26: =SUM(R26:U26) -> -529000000 | AR26: -523000000 | AS26: -545000000 | AT26: -525000000 | AU26: -689000000
A27: Results relating to equity-accounted investees | B27: 2000000 | C27: 4000000 | D27: 52000000 | E27: 1000000 | F27: 4000000 | G27: -1000000 | H27: -1000000 | I27: -1000000 | J27: -1000000 | K27: -1000000 | L27: -1000000 | M27: -1000000 | N27: -1000000 | O27: -2000000 | P27: 3000000 | Q27: -2000000 | R27: 12000000 | S27: -3000000 | T27: -4000000 | U27: -6000000 | V27: -2000000 | W27: -1000000 | X27: -2000000 | Y27: -2000000 | Z27: -1000000 | AA27: -3000000 | AB27: -6000000 | AC27: -2000000 | AD27: -4000000 | AE27: -28000000 | AF27: -1000000 | AG27: -37000000 | AH27: -4000000 | AI27: -3000000 | AK27: =AU27-AH27-AI27-AJ27 -> -4000000 | AM27: 59000000 | AN27: =SUM(F27:I27) -> 1000000 | AO27: =SUM(J27:M27) -> -4000000 | AP27: =N27+O27+P27+Q27 -> -2000000 | AQ27: =SUM(R27:U27) -> -1000000 | AR27: -7000000 | AS27: -12000000 | AT27: -70000000 | AU27: -11000000
A29: Income (loss) from continuing operations | B29: 70000000 | C29: 66000000 | D29: 1833000000 | E29: 289000000 | F29: -16000000 | G29: 46000000 | H29: 119000000 | I29: 123000000 | J29: -13000000 | K29: -209000000 | L29: -18000000 | M29: 320000000 | N29: 364000000 | O29: 406000000 | P29: 526000000 | Q29: 610000000 | R29: 666000000 | S29: 683000000 | T29: 750000000 | U29: 734000000 | V29: 623000000 | W29: 704000000 | X29: 792000000 | Y29: 703000000 | Z29: 644000000 | AA29: 664000000 | AB29: 729000000 | AC29: 505000000 | AD29: 497000000 | AE29: 457000000 | AF29: 646000000 | AG29: 468000000 | AH29: 1133000000 | AI29: 782000000 | AK29: =AU29-AH29-AI29-AJ29 -> 899000000 | AM29: 2258000000 | AN29: =SUM(F29:I29) -> 272000000 | AO29: =SUM(J29:M29) -> 80000000 | AP29: =N29+O29+P29+Q29 -> 1906000000 | AQ29: =SUM(R29:U29) -> 2833000000 | AR29: 2822000000 | AS29: 2542000000 | AT29: 2068000000 | AU29: =SUM(AU24:AU27) -> 2814000000
A31: Income (loss) from discontinued operations, net of tax
A33: Net income (loss) | B33: 70000000 | C33: 66000000 | D33: 1833000000 | E33: 289000000 | F33: -16000000 | G33: 46000000 | H33: 119000000 | I33: 123000000 | J33: -13000000 | K33: -209000000 | L33: -18000000 | M33: 320000000 | N33: 364000000 | O33: 406000000 | P33: 526000000 | Q33: 610000000 | R33: 666000000 | S33: 683000000 | T33: 750000000 | U33: 734000000 | V33: 623000000 | W33: 704000000 | X33: 792000000 | Y33: 703000000 | Z33: 644000000 | AA33: 664000000 | AB33: 729000000 | AC33: 505000000 | AD33: 497000000 | AE33: 457000000 | AF33: 646000000 | AG33: 468000000 | AH33: 1133000000 | AI33: 782000000 | AK33: =AU33-AH33-AI33-AJ33 -> 899000000 | AM33: 2258000000 | AN33: 272000000 | AO33: 80000000 | AP33: 1906000000 | AQ33: 2833000000 | AR33: 2822000000 | AS33: 2542000000 | AT33: 2068000000 | AU33: 2814000000
A35: Net (income) loss attributable to non-controlling interests | B35: -12000000 | C35: -12000000 | D35: -13000000 | E35: -13000000 | F35: -5000000 | G35: -5000000 | H35: -10000000 | I35: -9000000 | J35: -8000000 | K35: -5000000 | L35: -4000000 | M35: -11000000 | N35: -11000000 | O35: -9000000 | P35: -7000000 | Q35: -8000000 | R35: -9000000 | S35: -13000000 | T35: -12000000 | U35: -12000000 | V35: -8000000 | W35: -6000000 | X35: -5000000 | Y35: -6000000 | Z35: -5000000 | AA35: -6000000 | AB35: -11000000 | AC35: -10000000 | AD35: -7000000 | AE35: -12000000 | AF35: -15000000 | AG35: -13000000 | AH35: -11000000 | AI35: -15000000 | AK35: =AU35-AH35-AI35-AJ35 -> -15000000 | AM35: -50000000 | AN35: =SUM(F35:I35) -> -29000000 | AO35: =SUM(J35:M35) -> -28000000 | AP35: =N35+O35+P35+Q35 -> -35000000 | AQ35: =SUM(R35:U35) -> -46000000 | AR35: -25000000 | AS35: -32000000 | AT35: -47000000 | AU35: =-AV35 -> -41000000 | AV35: 41000000
A37: Net income (loss) attributable to stockholders | B37: 58000000 | C37: 54000000 | D37: 1820000000 | E37: 276000000 | F37: -21000000 | G37: 41000000 | H37: 109000000 | I37: 114000000 | J37: -21000000 | K37: -214000000 | L37: -22000000 | M37: 309000000 | N37: 353000000 | O37: 397000000 | P37: 519000000 | Q37: 602000000 | R37: 657000000 | S37: 670000000 | T37: 738000000 | U37: 722000000 | V37: 615000000 | W37: 698000000 | X37: 787000000 | Y37: 697000000 | Z37: 639000000 | AA37: 658000000 | AB37: 718000000 | AC37: 495000000 | AD37: 490000000 | AE37: 445000000 | AF37: 631000000 | AG37: 455000000 | AH37: 1122000000 | AI37: 767000000 | AK37: =AU37-AH37-AI37-AJ37 -> 884000000 | AM37: 2208000000 | AN37: =SUM(F37:I37) -> 243000000 | AO37: =SUM(J37:M37) -> 52000000 | AP37: =N37+O37+P37+Q37 -> 1871000000 | AQ37: =SUM(R37:U37) -> 2787000000 | AR37: 2797000000 | AS37: 2510000000 | AT37: 2021000000 | AU37: 2773000000
A39: Earnings per share data:
A40: Net income (loss) attributable to stockholders per common share in $:
A41: Basic earnings per common share in $
A42: Income (loss) from continuing operations | B42: 0.17 | C42: 0.16 | D42: 5.64 | E42: 0.9414333 | F42: -0.07 | G42: 0.15 | H42: 0.39 | I42: 0.41 | J42: -0.08 | K42: -0.77 | L42: -0.08 | M42: 1.1 | N42: 1.27 | O42: 1.46 | P42: 1.95 | Q42: 2.27 | R42: 2.5 | S42: 2.55 | T42: 2.81 | U42: 2.78 | V42: 2.37 | W42: 2.69 | X42: 3.06 | Y42: 2.71 | Z42: 2.49 | AA42: 2.58 | AB42: 2.82 | AC42: 1.95 | AD42: 1.93 | AE42: 1.76 | AF42: 2.5022802 | AG42: 1.8016662 | AH42: 4.4397839 | AI42: 3.0386467 | AK42: =AK37/AK51 -> 3.5062251 | AM42: 6.7775592 | AN42: 0.86 | AO42: 0.19 | AP42: 6.91 | AQ42: 10.64 | AR42: 10.83 | AS42: 9.84 | AT42: 8 | AU42: 10.99
A43: Income (loss) from discontinued operations | B43: 0 | C43: 0 | D43: 0 | E43: - | F43: - | G43: 0 | H43: 0 | I43: - | J43: 0 | K43: 0 | L43: 0 | M43: 0 | N43: 0 | O43: 0 | P43: 0 | Q43: 0 | R43: 0 | S43: 0 | T43: 0 | U43: 0 | V43: 0 | W43: 0 | X43: 0 | Y43: 0 | Z43: 0 | AA43: 0 | AB43: 0 | AC43: 0 | AD43: 0 | AE43: 0 | AF43: 0 | AG43: 0 | AH43: 0 | AI43: 0 | AK43: 0 | AM43: - | AN43: 0 | AO43: 0 | AP43: 0 | AQ43: 0 | AR43: 0 | AS43: 0 | AT43: 0 | AU43: 0
A44: Net income (loss) | B44: 0.17 | C44: 0.16 | D44: 5.64 | E44: 0.9414333 | F44: -0.07 | G44: 0.15 | H44: 0.39 | I44: 0.41 | J44: -0.08 | K44: -0.77 | L44: -0.08 | M44: 1.1 | N44: 1.27 | O44: 1.46 | P44: 1.95 | Q44: 2.27 | R44: 2.5 | S44: 2.55 | T44: 2.81 | U44: 2.78 | V44: 2.37 | W44: 2.69 | X44: 3.06 | Y44: 2.71 | Z44: 2.49 | AA44: 2.58 | AB44: 2.82 | AC44: 1.95 | AD44: 1.93 | AE44: 1.76 | AF44: 2.5022802 | AG44: 1.8016662 | AH44: 4.4397839 | AI44: 3.0386467 | AK44: =SUM(AK42:AK43) -> 3.5062251 | AM44: 6.7775592 | AN44: 0.86 | AO44: 0.19 | AP44: 6.91 | AQ44: 10.64 | AR44: 10.83 | AS44: 9.84 | AT44: 8 | AU44: =SUM(AU42:AU43) -> 10.99
A45: Diluted earnings per common share in $
A46: Income (loss) from continuing operations | B46: 0.17 | C46: 0.16 | D46: 5.6 | E46: 0.93576134 | F46: -0.07 | G46: 0.14 | H46: 0.38 | I46: 0.4 | J46: -0.08 | K46: -0.77 | L46: -0.08 | M46: 1.08 | N46: 1.25 | O46: 1.42 | P46: 1.91 | Q46: 2.24 | R46: 2.48 | S46: 2.53 | T46: 2.79 | U46: 2.76 | V46: 2.35 | W46: 2.67 | X46: 3.01 | Y46: 2.68 | Z46: 2.47 | AA46: 2.54 | AB46: 2.79 | AC46: 1.93 | AD46: 1.92 | AE46: 1.75 | AF46: 2.4812237 | AG46: 1.7907887 | AH46: 4.4255991 | AI46: 3.0194354 | AK46: =AK37/AK52 -> 3.4826321 | AM46: 6.719293 | AN46: 0.85 | AO46: 0.18 | AP46: 6.79 | AQ46: 10.55 | AR46: 10.7 | AS46: 9.73 | AT46: 7.95 | AU46: 10.92
A47: Income (loss) from discontinued operations | B47: 0 | C47: 0 | D47: 0 | E47: - | F47: - | G47: 0 | H47: 0 | I47: - | J47: 0 | K47: 0 | L47: 0 | M47: 0 | N47: 0 | O47: 0 | P47: 0 | Q47: 0 | R47: 0 | S47: 0 | T47: 0 | U47: 0 | V47: 0 | W47: 0 | X47: 0 | Y47: 0 | Z47: 0 | AA47: 0 | AB47: 0 | AC47: 0 | AD47: 0 | AE47: 0 | AF47: 0 | AG47: 0 | AH47: 0 | AI47: 0 | AK47: 0 | AM47: - | AN47: 0 | AO47: 0 | AP47: 0 | AQ47: 0 | AR47: 0 | AS47: 0 | AT47: 0 | AU47: 0
A48: Net income (loss) | B48: 0.17 | C48: 0.16 | D48: 5.6 | E48: 0.93576134 | F48: -0.07 | G48: 0.14 | H48: 0.38 | I48: 0.4 | J48: -0.08 | K48: -0.77 | L48: -0.08 | M48: 1.08 | N48: 1.25 | O48: 1.42 | P48: 1.91 | Q48: 2.24 | R48: 2.48 | S48: 2.53 | T48: 2.79 | U48: 2.76 | V48: 2.35 | W48: 2.67 | X48: 3.01 | Y48: 2.68 | Z48: 2.47 | AA48: 2.54 | AB48: 2.79 | AC48: 1.93 | AD48: 1.92 | AE48: 1.75 | AF48: 2.4812237 | AG48: 1.7907887 | AH48: 4.4255991 | AI48: 3.0194354 | AK48: =SUM(AK46:AK47) -> 3.4826321 | AM48: 6.719293 | AN48: 0.85 | AO48: 0.18 | AP48: 6.79 | AQ48: 10.55 | AR48: 10.7 | AS48: 9.73 | AT48: 7.95 | AU48: =SUM(AU46:AU47) -> 10.92
A50: Weighted average number of shares of common stock used in computing per share amounts (in thousands):
A51: - Basic | B51: 343661000 | C51: 344120000 | D51: 322533000 | E51: 293170000 | F51: 287227000 | G51: 281241000 | H51: 279074000 | I51: 280766000 | J51: 279933000 | K51: 279142000 | L51: 279467000 | M51: 280484000 | N51: 277526000 | O51: 272686000 | P51: 266557000 | Q51: 265642000 | R51: 263089000 | S51: 262579000 | T51: 262180000 | U51: 259618000 | V51: 259576000 | W51: 259160000 | X51: 257488000 | Y51: 257285000 | Z51: 256567000 | AA51: 255478000 | AB51: 254458000 | AC51: 254349000 | AD51: 253709000 | AE51: 252418000 | AF51: 252170000 | AG51: 252544000 | AH51: 252715000 | AI51: 252415000 | AK51: 252123000 | AM51: 325781000 | AN51: 282056000 | AO51: 279763000 | AP51: 270687000 | AQ51: 261879000 | AR51: 258381000 | AS51: 255208000 | AT51: 252703000 | AU51: 252414000
A52: - Diluted | B52: 346899000 | C52: 347027000 | D52: 325267000 | E52: 294947000 | F52: 287227000 | G52: 285088000 | H52: 283518000 | I52: 285518000 | J52: 279933000 | K52: 279142000 | L52: 279467000 | M52: 285258000 | N52: 283263000 | O52: 278735000 | P52: 271359000 | Q52: 268545000 | R52: 265109000 | S52: 264692000 | T52: 264705000 | U52: 261448000 | V52: 261210000 | W52: 261303000 | X52: 261095000 | Y52: 260298000 | Z52: 258954000 | AA52: 258732000 | AB52: 257717000 | AC52: 256628000 | AD52: 255018000 | AE52: 253844000 | AF52: 254310000 | AG52: 254078000 | AH52: 253525000 | AI52: 254021000 | AK52: 253831000 | AM52: 328606000 | AN52: 285911000 | AO52: 283809000 | AP52: 275646000 | AQ52: 264053000 | AR52: 261370000 | AS52: 257848000 | AT52: 254331000 | AU52: 253845000
A54: Cash dividends declared per share | D54: 0.25 | E54: 0.25 | F54: 0.25 | G54: 0.25 | H54: 0.375 | I54: 0.375 | J54: 0.375 | K54: 0.375 | L54: 0.375 | M54: 0.375 | N54: 0.5625 | O54: 0.5625 | P54: 0.5625 | Q54: 0.5625 | R54: 0.845 | S54: 0.845 | T54: 0.845 | U54: 0.845 | V54: 1.014 | W54: 1.014 | X54: 1.014 | Y54: 1.014 | Z54: 1.014 | AA54: 1.014 | AB54: 1.014 | AC54: 1.014 | AD54: 1.014 | AE54: 1.014 | AF54: 1.014 | AG54: 1.014 | AH54: 1.014 | AI54: 1.014 | AK54: 1.014 | AM54: 0.5 | AN54: =SUM(F54:I54) -> 1.25 | AO54: 1.5 | AP54: 2.25 | AQ54: =SUM(R54:U54) -> 3.38 | AR54: 4.056 | AS54: 4.056 | AT54: 4.056 | AU54: 3.042

Sheet Balance Sheet
A1: NXP Semiconductors
A2: Condensed consolidated balance sheets (unaudited)
A3: ($ in millions) | B3: Q1 2018 | C3: Q2 2018 | D3: Q3 2018 | E3: Q4 2018 | F3: Q1 2019 | G3: Q2 2019 | H3: Q3 2019 | I3: Q4 2019 | J3: Q1 2020 | K3: Q2 2020 | L3: Q3 2020 | M3: Q4 2020 | N3: Q1 2021 | O3: Q2 2021 | P3: Q3 2021 | Q3: Q4 2021 | R3: Q1 2022 | S3: Q2 2022 | T3: Q3 2022 | U3: Q4 2022 | V3: Q1 2023 | W3: Q2 2023 | X3: Q3 2023 | Y3: Q4 2023 | Z3: Q1 2024 | AA3: Q2 2024 | AB3: Q3 2024 | AC3: Q4 2024 | AD3: Q1 2025 | AE3: Q2 2025 | AF3: Q3 2025 | AG3: Q4 2025 | AH3: Q1 2026 | AI3: Q2 2026 | AJ3: Q3 2026
A5: Assets
A6: Current assets:
A7: Cash and cash equivalents | B7: 3983000000 | C7: 2981000000 | D7: 1944000000 | E7: 2789000000 | F7: 2192000000 | G7: 3030000000 | H7: 3537000000 | I7: 1045000000 | J7: 1079000000 | K7: 3266000000 | L7: 3566000000 | M7: 2275000000 | N7: 1842000000 | O7: 2910000000 | P7: 2303000000 | Q7: 2830000000 | R7: 2683000000 | S7: 3545000000 | T7: 3759000000 | U7: 3845000000 | V7: 3930000000 | W7: 3863000000 | X7: 4042000000 | Y7: 3862000000 | Z7: 2908000000 | AA7: 2859000000 | AB7: 2748000000 | AC7: 3292000000 | AD7: 3988000000 | AE7: 3170000000 | AF7: 3454000000 | AG7: 3267000000 | AH7: 3708000000 | AI7: 3222000000 | AJ7: 3943000000
A8: Short-term deposits | B8: 0 | C8: 0 | D8: 0 | E8: 0 | F8: 0 | G8: 0 | H8: 0 | I8: 0 | J8: 0 | K8: 0 | L8: 0 | M8: 0 | N8: 0 | O8: 0 | P8: 0 | Q8: 0 | R8: 0 | S8: 0 | T8: 0 | U8: 0 | V8: 0 | W8: 0 | X8: 0 | Y8: 409000000 | Z8: 400000000 | AA8: 400000000 | AB8: 400000000 | AC8: 0 | AD8: 0 | AE8: 0 | AF8: 500000000 | AG8: 0 | AH8: 0 | AI8: 0 | AJ8: 0
A9: Accounts receivable - net | B9: 791000000 | C9: 790000000 | D9: 845000000 | E9: 792000000 | F9: 800000000 | G9: 780000000 | H9: 786000000 | I9: 667000000 | J9: 616000000 | K9: 481000000 | L9: 755000000 | M9: 765000000 | N9: 833000000 | O9: 991000000 | P9: 979000000 | Q9: 923000000 | R9: 925000000 | S9: 996000000 | T9: 1012000000 | U9: 960000000 | V9: 1063000000 | W9: 1061000000 | X9: 939000000 | Y9: 894000000 | Z9: 881000000 | AA9: 927000000 | AB9: 1070000000 | AC9: 1032000000 | AD9: 1060000000 | AE9: 1071000000 | AF9: 1095000000 | AG9: 1055000000 | AH9: 1186000000 | AI9: 1274000000 | AJ9: 1260000000
A10: Assets held for sale | B10: 0 | C10: 0 | D10: 0 | E10: 0 | F10: 0 | G10: 81000000 | H10: 61000000 | I10: 50000000 | J10: 0 | K10: 0 | L10: 0 | M10: 0 | N10: 0 | O10: 0 | P10: 0 | Q10: 0 | R10: 0 | S10: 0 | T10: 0 | U10: 0 | V10: 0 | W10: 0 | X10: 0 | Y10: 0 | Z10: 0 | AA10: 0 | AB10: 0 | AC10: 0 | AD10: 0 | AE10: 294000000 | AF10: 292000000 | AG10: 372000000 | AH10: 91000000 | AI10: 92000000 | AJ10: 92000000
A11: Inventories | B11: 1251000000 | C11: 1326000000 | D11: 1284000000 | E11: 1279000000 | F11: 1241000000 | G11: 1144000000 | H11: 1134000000 | I11: 1192000000 | J11: 1227000000 | K11: 1228000000 | L11: 1064000000 | M11: 1030000000 | N11: 1056000000 | O11: 1116000000 | P11: 1173000000 | Q11: 1189000000 | R11: 1311000000 | S11: 1462000000 | T11: 1581000000 | U11: 1782000000 | V11: 1977000000 | W11: 2107000000 | X11: 2140000000 | Y11: 2134000000 | Z11: 2102000000 | AA11: 2148000000 | AB11: 2234000000 | AC11: 2356000000 | AD11: 2350000000 | AE11: 2361000000 | AF11: 2452000000 | AG11: 2577000000 | AH11: 2523000000 | AI11: 2557000000 | AJ11: 2596000000
A12: Other current assets | B12: 536000000 | C12: 414000000 | D12: 330000000 | E12: 365000000 | F12: 387000000 | G12: 396000000 | H12: 426000000 | I12: 313000000 | J12: 327000000 | K12: 240000000 | L12: 219000000 | M12: 254000000 | N12: 293000000 | O12: 274000000 | P12: 266000000 | Q12: 286000000 | R12: 356000000 | S12: 317000000 | T12: 351000000 | U12: 348000000 | V12: 387000000 | W12: 416000000 | X12: 495000000 | Y12: 565000000 | Z12: 603000000 | AA12: 546000000 | AB12: 574000000 | AC12: 625000000 | AD12: 627000000 | AE12: 790000000 | AF12: 716000000 | AG12: 669000000 | AH12: 644000000 | AI12: 539000000 | AJ12: 544000000
A13: Total current assets | B13: 6561000000 | C13: 5511000000 | D13: 4403000000 | E13: 5225000000 | F13: 4620000000 | G13: 5431000000 | H13: 5944000000 | I13: 3267000000 | J13: 3249000000 | K13: 5215000000 | L13: 5604000000 | M13: 4324000000 | N13: 4024000000 | O13: 5291000000 | P13: 4721000000 | Q13: 5228000000 | R13: 5275000000 | S13: 6320000000 | T13: 6703000000 | U13: 6935000000 | V13: 7357000000 | W13: 7447000000 | X13: 7616000000 | Y13: 7864000000 | Z13: 6894000000 | AA13: 6880000000 | AB13: 7026000000 | AC13: 7305000000 | AD13: 8025000000 | AE13: 7686000000 | AF13: 8509000000 | AG13: 7940000000 | AH13: 8152000000 | AI13: 7684000000 | AJ13: 8435000000
A15: Non-current assets:
A16: Investments in equity-accounted investees | B16: 0 | C16: 0 | D16: 0 | E16: 0 | F16: 0 | G16: 0 | H16: 0 | I16: 0 | J16: 0 | K16: 0 | L16: 0 | M16: 0 | N16: 0 | O16: 0 | P16: 0 | Q16: 0 | R16: 0 | S16: 0 | T16: 0 | U16: 0 | V16: 0 | W16: 0 | X16: 0 | Y16: 0
A17: Non-current assets of discontinued operations | B17: 0 | C17: 0 | D17: 0 | E17: 0 | F17: 0 | G17: 0 | H17: 0 | I17: 0 | J17: 0 | K17: 0 | L17: 0 | M17: 0 | N17: 0 | O17: 0 | P17: 0 | Q17: 0 | R17: 0 | S17: 0 | T17: 0 | U17: 0 | V17: 0 | W17: 0 | X17: 0 | Y17: 0
A18: Deferred tax assets | B18: 0 | C18: 0 | D18: 0 | E18: 0 | F18: 0 | G18: 0 | H18: 0 | I18: 0 | J18: 0 | K18: 0 | L18: 0 | M18: 0 | N18: 0 | O18: 0 | P18: 0 | Q18: 0 | R18: 0 | S18: 0 | T18: 0 | U18: 0 | V18: 0 | W18: 0 | X18: 0 | Y18: 992000000 | Z18: 1048000000 | AA18: 1067000000 | AB18: 1131000000 | AC18: 1251000000 | AD18: 1284000000 | AE18: 1306000000 | AF18: 1313000000 | AG18: 1213000000 | AH18: 1238000000 | AI18: 1242000000 | AJ18: 1297000000
A19: Other non-current assets | B19: 888000000 | C19: 793000000 | D19: 632000000 | E19: 545000000 | F19: 699000000 | G19: 706000000 | H19: 712000000 | I19: 732000000 | J19: 712000000 | K19: 760000000 | L19: 924000000 | M19: 1013000000 | N19: 1039000000 | O19: 1094000000 | P19: 1070000000 | Q19: 1346000000 | R19: 1701000000 | S19: 1848000000 | T19: 1940000000 | U19: 1942000000 | V19: 2095000000 | W19: 2136000000 | X19: 2236000000 | Y19: 1297000000 | Z19: 1290000000 | AA19: 1223000000 | AB19: 1510000000 | AC19: 1796000000 | AD19: 1942000000 | AE19: 1909000000 | AF19: 2186000000 | AG19: 2584000000 | AH19: 3037000000 | AI19: 3195000000 | AJ19: 3432000000
A20: Property, plant and equipment | B20: 2307000000 | C20: 2352000000 | D20: 2394000000 | E20: 2436000000 | F20: 2407000000 | G20: 2397000000 | H20: 2401000000 | I20: 2448000000 | J20: 2397000000 | K20: 2312000000 | L20: 2255000000 | M20: 2284000000 | N20: 2304000000 | O20: 2375000000 | P20: 2510000000 | Q20: 2635000000 | R20: 2814000000 | S20: 2914000000 | T20: 2971000000 | U20: 3105000000 | V20: 3123000000 | W20: 3152000000 | X20: 3197000000 | Y20: 3323000000 | Z20: 3304000000 | AA20: 3289000000 | AB20: 3309000000 | AC20: 3267000000 | AD20: 3210000000 | AE20: 3130000000 | AF20: 3086000000 | AG20: 2977000000 | AH20: 2901000000 | AI20: 2835000000 | AJ20: 2803000000
A21: Identified intangible assets | B21: 5494000000 | C21: 5127000000 | D21: 4762000000 | E21: 4467000000 | F21: 4094000000 | G21: 3737000000 | H21: 3406000000 | I21: 3620000000 | J21: 3218000000 | K21: 2824000000 | L21: 2380000000 | M21: 2242000000 | N21: 2057000000 | O21: 1891000000 | P21: 1741000000 | Q21: 1694000000 | R21: 1577000000 | S21: 1527000000 | T21: 1417000000 | U21: 1311000000 | V21: 1208000000 | W21: 1110000000 | X21: 1010000000 | Y21: 922000000 | Z21: 839000000 | AA21: 796000000 | AB21: 735000000 | AC21: 836000000 | AD21: 777000000 | AE21: 1121000000 | AF21: 1139000000 | AG21: 1547000000 | AH21: 1505000000 | AI21: 1441000000 | AJ21: 1381000000
A22: Goodwill | B22: 8877000000 | C22: 8861000000 | D22: 8865000000 | E22: 8857000000 | F22: 8852000000 | G22: 8788000000 | H22: 8791000000 | I22: 9949000000 | J22: 9935000000 | K22: 9946000000 | L22: 9959000000 | M22: 9984000000 | N22: 9968000000 | O22: 9971000000 | P22: 9968000000 | Q22: 9961000000 | R22: 9954000000 | S22: 9930000000 | T22: 9909000000 | U22: 9943000000 | V22: 9949000000 | W22: 9950000000 | X22: 9937000000 | Y22: 9955000000 | Z22: 9945000000 | AA22: 9941000000 | AB22: 9958000000 | AC22: 9930000000 | AD22: 9942000000 | AE22: 10098000000 | AF22: 10121000000 | AG22: 10299000000 | AH22: 10280000000 | AI22: 10268000000 | AJ22: 10259000000
A23: Total non-current assets | B23: 17566000000 | C23: 17133000000 | D23: 16653000000 | E23: 16305000000 | F23: 16052000000 | G23: 15628000000 | H23: 15310000000 | I23: 16749000000 | J23: 16262000000 | K23: 15842000000 | L23: 15518000000 | M23: 15523000000 | N23: 15368000000 | O23: 15331000000 | P23: 15289000000 | Q23: 15636000000 | R23: 16046000000 | S23: 16219000000 | T23: 16237000000 | U23: 16301000000 | V23: 16375000000 | W23: 16348000000 | X23: 16380000000 | Y23: 16489000000 | Z23: 16426000000 | AA23: 16316000000 | AB23: 16643000000 | AC23: 17080000000 | AD23: 17155000000 | AE23: 17564000000 | AF23: 17845000000 | AG23: 18620000000 | AH23: 18961000000 | AI23: 18981000000 | AJ23: 19172000000
A25: Total assets | B25: 24127000000 | C25: 22644000000 | D25: 21056000000 | E25: 21530000000 | F25: 20672000000 | G25: 21059000000 | H25: 21254000000 | I25: 20016000000 | J25: 19511000000 | K25: 21057000000 | L25: 21122000000 | M25: 19847000000 | N25: 19392000000 | O25: 20622000000 | P25: 20010000000 | Q25: 20864000000 | R25: 21321000000 | S25: 22539000000 | T25: 22940000000 | U25: 23236000000 | V25: 23732000000 | W25: 23795000000 | X25: 23996000000 | Y25: 24353000000 | Z25: 23320000000 | AA25: 23196000000 | AB25: 23669000000 | AC25: 24385000000 | AD25: 25180000000 | AE25: 25250000000 | AF25: 26354000000 | AG25: 26560000000 | AH25: 27113000000 | AI25: 26665000000 | AJ25: 27607000000
A27: Liabilities and equity
A28: Current liabilities: | F28: 0
A29: Accounts payable 1) | B29: 855000000 | C29: 930000000 | D29: 875000000 | E29: 923000000 | F29: 724000000 | G29: 716000000 | H29: 819000000 | I29: 903000000 | J29: 780000000 | K29: 640000000 | L29: 670000000 | M29: 958000000 | N29: 993000000 | O29: 1118000000 | P29: 1048000000 | Q29: 1111000000 | R29: 1132000000 | S29: 1191000000 | T29: 1114000000 | U29: 1185000000 | V29: 1002000000 | W29: 967000000 | X29: 959000000 | Y29: 1164000000 | Z29: 954000000 | AA29: 929000000 | AB29: 899000000 | AC29: 1017000000 | AD29: 863000000 | AE29: 892000000 | AF29: 886000000 | AG29: 997000000 | AH29: 904000000 | AI29: 984000000 | AJ29: 1089000000
A30: Liabilities held for sale | B30: 0 | C30: 0 | D30: 0 | E30: 0 | F30: 0 | G30: 0 | H30: 0 | I30: 0 | J30: 0 | K30: 0 | L30: 0 | M30: 0 | N30: 0 | O30: 0 | P30: 0 | Q30: 0 | R30: 0 | S30: 0 | T30: 0 | U30: 0 | V30: 0 | W30: 0 | X30: 0 | Y30: 0 | Z30: 0 | AA30: 0 | AB30: 0 | AC30: 0 | AD30: 0 | AE30: 0 | AF30: 0 | AG30: 0 | AH30: 0 | AI30: 0 | AJ30: 0
A31: Current liabilities of discontinued operations | B31: 0 | C31: 0 | D31: 0 | E31: 0 | F31: 0 | G31: 0 | H31: 0 | I31: 0 | J31: 0 | K31: 0 | L31: 0 | M31: 0 | N31: 0 | O31: 0 | P31: 0 | Q31: 0 | R31: 0 | S31: 0 | T31: 0 | U31: 0 | V31: 0 | W31: 0 | X31: 0 | Y31: 0 | Z31: 0 | AA31: 0 | AB31: 0 | AC31: 0 | AD31: 0 | AE31: 0 | AF31: 0 | AG31: 0 | AH31: 0 | AI31: 0 | AJ31: 0
A32: Restructuring liabilities - current | B32: 67000000 | C32: 64000000 | D32: 62000000 | E32: 60000000 | F32: 66000000 | G32: 53000000 | H32: 41000000 | I32: 32000000 | J32: 26000000 | K32: 25000000 | L32: 25000000 | M32: 60000000 | N32: 42000000 | O32: 36000000 | P32: 30000000 | Q32: 25000000 | R32: 16000000 | S32: 12000000 | T32: 8000000 | U32: 19000000 | V32: 27000000 | W32: 23000000 | X32: 16000000 | Y32: 92000000 | Z32: 68000000 | AA32: 62000000 | AB32: 52000000 | AC32: 147000000 | AD32: 75000000 | AE32: 65000000 | AF32: 49000000 | AG32: 189000000 | AH32: 133000000 | AI32: 111000000 | AJ32: 83000000
A33: Other current liabilities 1) | B33: 994000000 | C33: 854000000 | D33: 1657000000 | E33: 1295000000 | F33: 1355000000 | G33: 1037000000 | H33: 1124000000 | I33: 856000000 | J33: 1025000000 | K33: 978000000 | L33: 967000000 | M33: 999000000 | N33: 1230000000 | O33: 1182000000 | P33: 1361000000 | Q33: 1316000000 | R33: 1697000000 | S33: 1738000000 | T33: 2097000000 | U33: 2066000000 | V33: 2186000000 | W33: 2096000000 | X33: 1990000000 | Y33: 1855000000 | Z33: 1906000000 | AA33: 1622000000 | AB33: 1542000000 | AC33: 1434000000 | AD33: 1412000000 | AE33: 1471000000 | AF33: 1384000000 | AG33: 1445000000 | AH33: 1851000000 | AI33: 1672000000 | AJ33: 1799000000
A34: Short-term debt | B34: 1249000000 | C34: 2000000 | D34: 1002000000 | E34: 1107000000 | F34: 1117000000 | G34: 1177000000 | H34: 1142000000 | I34: 0 | J34: 0 | K34: 1349000000 | L34: 1749000000 | M34: 0 | N34: 0 | O34: 0 | P34: 999000000 | Q34: 0 | R34: 0 | S34: 0 | T34: 0 | U34: 0 | V34: 998000000 | W34: 999000000 | X34: 999000000 | Y34: 1000000000 | Z34: 0 | AA34: 499000000 | AB34: 499000000 | AC34: 500000000 | AD34: 1499000000 | AE34: 1999000000 | AF34: 1264000000 | AG34: 1250000000 | AH34: 750000000 | AI34: 999000000 | AJ34: 999000000
A35: Total current liabilities | B35: 3165000000 | C35: 1850000000 | D35: 3596000000 | E35: 3385000000 | F35: 3262000000 | G35: 2983000000 | H35: 3126000000 | I35: 1791000000 | J35: 1831000000 | K35: 2992000000 | L35: 3411000000 | M35: 2017000000 | N35: 2265000000 | O35: 2336000000 | P35: 3438000000 | Q35: 2452000000 | R35: 2845000000 | S35: 2941000000 | T35: 3219000000 | U35: 3270000000 | V35: 4213000000 | W35: 4085000000 | X35: 3964000000 | Y35: 4111000000 | Z35: 2928000000 | AA35: 3112000000 | AB35: 2992000000 | AC35: 3098000000 | AD35: 3849000000 | AE35: 4427000000 | AF35: 3583000000 | AG35: 3881000000 | AH35: 3638000000 | AI35: 3766000000 | AJ35: 3970000000
A37: Non-current liabilities:
A38: Long-term debt | B38: 5329000000 | C38: 5341000000 | D38: 5354000000 | E38: 6247000000 | F38: 6223000000 | G38: 7361000000 | H38: 7363000000 | I38: 7365000000 | J38: 7366000000 | K38: 8004000000 | L38: 7607000000 | M38: 7609000000 | N38: 7611000000 | O38: 9591000000 | P38: 8594000000 | Q38: 10572000000 | R38: 10573000000 | S38: 11160000000 | T38: 11162000000 | U38: 11165000000 | V38: 10169000000 | W38: 10171000000 | X38: 10173000000 | Y38: 10175000000 | Z38: 10178000000 | AA38: 9681000000 | AB38: 9683000000 | AC38: 10354000000 | AD38: 10226000000 | AE38: 9479000000 | AF38: 10971000000 | AG38: 10972000000 | AH38: 10974000000 | AI38: 9977000000 | AJ38: 9979000000
A39: Non-current liabilities of discontinued operations | B39: 0 | C39: 0 | D39: 0 | E39: 0 | F39: 0 | G39: 0 | H39: 0 | I39: 0 | J39: 0 | K39: 0 | L39: 0 | M39: 0 | N39: 0 | O39: 0 | P39: 0 | Q39: 0 | R39: 0 | S39: 0 | T39: 0 | U39: 0 | V39: 0 | W39: 0 | X39: 0 | Y39: 0 | Z39: 0 | AA39: 0 | AB39: 0 | AC39: 0 | AD39: 0 | AE39: 0 | AF39: 0 | AG39: 0 | AH39: 0 | AI39: 0 | AJ39: 0
A40: Restructuring liabilities - non-current | B40: 15000000 | C40: 9000000 | D40: 9000000 | E40: 5000000 | F40: 4000000 | G40: 0 | H40: 0 | I40: 0 | J40: 0 | K40: 0 | L40: 15000000 | M40: 14000000 | N40: 14000000 | O40: 12000000 | P40: 13000000 | Q40: 12000000 | R40: 14000000 | S40: 12000000 | T40: 12000000 | U40: 1000000 | V40: 7000000 | W40: 8000000 | X40: 3000000 | Y40: 9000000 | Z40: 9000000 | AA40: 7000000 | AB40: 4000000 | AC40: 10000000 | AD40: 4000000 | AE40: 60000000 | AF40: 60000000 | AG40: 81000000 | AH40: 76000000 | AI40: 65000000 | AJ40: 65000000
A41: Deferred tax liabilities | B41: 650000000 | C41: 579000000 | D41: 502000000 | E41: 450000000 | F41: 390000000 | G41: 337000000 | H41: 285000000 | I41: 282000000 | J41: 199000000 | K41: 136000000 | L41: 136000000 | M41: 85000000 | N41: 85000000 | O41: 90000000 | P41: 84000000 | Q41: 57000000 | R41: 53000000 | S41: 41000000 | T41: 39000000 | U41: 45000000 | V41: 38000000 | W41: 40000000 | X41: 44000000 | Y41: 0 | Z41: 0 | AA41: 0 | AB41: 0 | AC41: 0 | AD41: 0 | AE41: 0 | AF41: 0
A42: Other non-current liabilities | B42: 1078000000 | C42: 976000000 | D42: 790000000 | E42: 753000000 | F42: 862000000 | G42: 858000000 | H42: 885000000 | I42: 923000000 | J42: 857000000 | K42: 870000000 | L42: 880000000 | M42: 971000000 | N42: 896000000 | O42: 924000000 | P42: 909000000 | Q42: 1001000000 | R42: 1076000000 | S42: 1159000000 | T42: 1123000000 | U42: 1015000000 | V42: 1057000000 | W42: 1014000000 | X42: 1014000000 | Y42: 1098000000 | Z42: 1055000000 | AA42: 1051000000 | AB42: 1246000000 | AC42: 1392000000 | AD42: 1424000000 | AE42: 1348000000 | AF42: 1313000000 | AG42: 1175000000 | AH42: 1151000000 | AI42: 1096000000 | AJ42: 1128000000
A43: Total non-current liabilities | B43: 7072000000 | C43: 6905000000 | D43: 6655000000 | E43: 7455000000 | F43: 7479000000 | G43: 8556000000 | H43: 8533000000 | I43: 8570000000 | J43: 8422000000 | K43: 9010000000 | L43: 8638000000 | M43: 8679000000 | N43: 8606000000 | O43: 10617000000 | P43: 9600000000 | Q43: 11642000000 | R43: 11716000000 | S43: 12372000000 | T43: 12336000000 | U43: 12226000000 | V43: 11271000000 | W43: 11233000000 | X43: 11234000000 | Y43: 11282000000 | Z43: 11242000000 | AA43: 10739000000 | AB43: 10933000000 | AC43: 11756000000 | AD43: 11654000000 | AE43: 10887000000 | AF43: 12344000000 | AG43: 12228000000 | AH43: 12201000000 | AI43: 11138000000 | AJ43: 11172000000
A45: Non-controlling interests | B45: 201000000 | C45: 159000000 | D45: 172000000 | E45: 185000000 | F45: 190000000 | G45: 195000000 | H45: 205000000 | I45: 214000000 | J45: 222000000 | K45: 193000000 | L45: 197000000 | M45: 207000000 | N45: 218000000 | O45: 227000000 | P45: 234000000 | Q45: 242000000 | R45: 251000000 | S45: 264000000 | T45: 279000000 | U45: 291000000 | V45: 299000000 | W45: 305000000 | X45: 310000000 | Y45: 316000000 | Z45: 321000000 | AA45: 327000000 | AB45: 338000000 | AC45: 348000000 | AD45: 355000000 | AE45: 367000000 | AF45: 382000000 | AG45: 395000000 | AH45: 347000000 | AI45: 362000000 | AJ45: 377000000
A46: Stockholder's equity | B46: 13689000000 | C46: 13730000000 | D46: 10633000000 | E46: 10505000000 | F46: 9741000000 | G46: 9325000000 | H46: 9390000000 | I46: 9441000000 | J46: 9036000000 | K46: 8862000000 | L46: 8876000000 | M46: 8944000000 | N46: 8303000000 | O46: 7442000000 | P46: 6738000000 | Q46: 6528000000 | R46: 6509000000 | S46: 6962000000 | T46: 7106000000 | U46: 7449000000 | V46: 7949000000 | W46: 8172000000 | X46: 8488000000 | Y46: 8644000000 | Z46: 8829000000 | AA46: 9018000000 | AB46: 9406000000 | AC46: 9183000000 | AD46: 9322000000 | AE46: 9569000000 | AF46: 10045000000 | AG46: 10056000000 | AH46: 10927000000 | AI46: 11399000000 | AJ46: 12088000000
A47: Total equity | B47: 13890000000 | C47: 13889000000 | D47: 10805000000 | E47: 10690000000 | F47: 9931000000 | G47: 9520000000 | H47: 9595000000 | I47: 9655000000 | J47: 9258000000 | K47: 9055000000 | L47: 9073000000 | M47: 9151000000 | N47: 8521000000 | O47: 7669000000 | P47: 6972000000 | Q47: 6770000000 | R47: 6760000000 | S47: 7226000000 | T47: 7385000000 | U47: 7740000000 | V47: 8248000000 | W47: 8477000000 | X47: 8798000000 | Y47: 8960000000 | Z47: 9150000000 | AA47: 9345000000 | AB47: 9744000000 | AC47: 9531000000 | AD47: 9677000000 | AE47: 9936000000 | AF47: 10427000000 | AG47: 10451000000 | AH47: 11274000000 | AI47: 11761000000 | AJ47: 12465000000
A49: Total liabilities and equity | B49: 24127000000 | C49: 22644000000 | D49: 21056000000 | E49: 21530000000 | F49: 20672000000 | G49: 21059000000 | H49: 21254000000 | I49: 20016000000 | J49: 19511000000 | K49: 21057000000 | L49: 21122000000 | M49: 19847000000 | N49: 19392000000 | O49: 20622000000 | P49: 20010000000 | Q49: 20864000000 | R49: 21321000000 | S49: 22539000000 | T49: 22940000000 | U49: 23236000000 | V49: 23732000000 | W49: 23795000000 | X49: 23996000000 | Y49: 24353000000 | Z49: 23320000000 | AA49: 23196000000 | AB49: 23669000000 | AC49: 24385000000 | AD49: 25180000000 | AE49: 25250000000 | AF49: 26354000000 | AG49: 26560000000 | AH49: 27113000000 | AI49: 26665000000 | AJ49: 27607000000
A52: 1) As of Q1 2021, we have reclassified certain amounts previously presented in “Accounts Payable” to “Other current liabilities” to conform to current period presentation. Prior periods have not been reclassified.

Sheet Cash Flow
A1: NXP Semiconductors
A2: Condensed consolidated statements of cash flows (unaudited) | AU2: YTD
A3: ($ in millions) | B3: Q1 2018 | C3: Q2 2018 | D3: Q3 2018 | E3: Q4 2018 | F3: Q1 2019 | G3: Q2 2019 | H3: Q3 2019 | I3: Q4 2019 | J3: Q1 2020 | K3: Q2 2020 | L3: Q3 2020 | M3: Q4 2020 | N3: Q1 2021 | O3: Q2 2021 | P3: Q3 2021 | Q3: Q4 2021 | R3: Q1 2022 | S3: Q2 2022 | T3: Q3 2022 | U3: Q4 2022 | V3: Q1 2023 | W3: Q2 2023 | X3: Q3 2023 | Y3: Q4 2023 | Z3: Q1 2024 | AA3: Q2 2024 | AB3: Q3 2024 | AC3: Q4 2024 | AD3: Q1 2025 | AE3: Q2 2025 | AF3: Q3 2025 | AG3: Q4 2025 | AH3: Q1 2026 | AI3: Q2 2026 | AK3: Q3 2026 | AM3: 2018 | AN3: 2019 | AO3: 2020 | AP3: 2021 | AQ3: 2022 | AR3: 2023 | AS3: 2024 | AT3: 2025 | AU3: 2026
A5: Cash Flows from operating activities
A6: Net income (loss) | B6: 70000000 | C6: 66000000 | D6: 1833000000 | E6: 289000000 | F6: -16000000 | G6: 46000000 | H6: 119000000 | I6: 123000000 | J6: -13000000 | K6: -209000000 | L6: -18000000 | M6: 320000000 | N6: 364000000 | O6: 406000000 | P6: 526000000 | Q6: 610000000 | R6: 666000000 | S6: 683000000 | T6: 750000000 | U6: 734000000 | V6: 623000000 | W6: 704000000 | X6: 792000000 | Y6: 703000000 | Z6: 644000000 | AA6: 664000000 | AB6: 729000000 | AC6: 505000000 | AD6: 497000000 | AE6: 457000000 | AF6: 646000000 | AG6: 468000000 | AH6: 1133000000 | AI6: 782000000 | AK6: =AU6-SUM(AH6:AJ6) -> 899000000 | AM6: 2258000000 | AN6: =SUM(F6:I6) -> 272000000 | AO6: =SUM(J6:M6) -> 80000000 | AP6: =N6+O6+P6+Q6 -> 1906000000 | AQ6: =SUM(R6:U6) -> 2833000000 | AR6: 2822000000 | AS6: 2542000000 | AT6: 2068000000 | AU6: 2814000000
A8: (Income) loss from discontinued operations, net of tax | B8: - | C8: - | D8: 0 | E8: - | F8: - | G8: 0 | H8: 0 | I8: 0 | J8: 0 | K8: 0 | L8: 0 | M8: 0 | N8: 0 | O8: 0 | P8: 0 | Q8: 0 | R8: 0 | S8: 0 | T8: 0 | U8: 0 | V8: 0 | AM8: 0 | AN8: =SUM(F8:I8) -> 0 | AO8: =SUM(J8:M8) -> 0 | AP8: =N8+O8+P8+Q8 -> 0 | AQ8: =SUM(R8:U8) -> 0 | AR8: 0 | AS8: 0
A9: Adjustments to reconcile net income (loss) to net cash provided by (used for):
A10: Depreciation, amortization and impairment | B10: 491000000 | C10: 496000000 | D10: 497000000 | E10: 503000000 | F10: 502000000 | G10: 506000000 | H10: 517000000 | I10: 522000000 | J10: 540000000 | K10: 543000000 | L10: 589000000 | M10: 316000000 | N10: 341000000 | O10: 305000000 | P10: 306000000 | Q10: 310000000 | R10: 310000000 | S10: 317000000 | T10: 321000000 | U10: 302000000 | V10: 283000000 | W10: 281000000 | X10: 273000000 | Y10: 269000000 | Z10: 235000000 | AA10: 213000000 | AB10: 218000000 | AC10: 259000000 | AD10: 209000000 | AE10: 207000000 | AF10: 201000000 | AG10: 215000000 | AH10: 179000000 | AI10: 184000000 | AK10: =AU10-SUM(AH10:AJ10) -> 192000000 | AM10: 1987000000 | AN10: =SUM(F10:I10) -> 2047000000 | AO10: =SUM(J10:M10) -> 1988000000 | AP10: =N10+O10+P10+Q10 -> 1262000000 | AQ10: =SUM(R10:U10) -> 1250000000 | AR10: 1106000000 | AS10: 925000000 | AT10: 832000000 | AU10: 555000000
A11: Share-based compensation | B11: 69000000 | C11: 69000000 | D11: 83000000 | E11: 93000000 | F11: 86000000 | G11: 87000000 | H11: 84000000 | I11: 89000000 | J11: 107000000 | K11: 105000000 | L11: 83000000 | M11: 89000000 | N11: 91000000 | O11: 93000000 | P11: 81000000 | Q11: 88000000 | R11: 89000000 | S11: 89000000 | T11: 89000000 | U11: 97000000 | V11: 99000000 | W11: 102000000 | X11: 103000000 | Y11: 107000000 | Z11: 115000000 | AA11: 114000000 | AB11: 115000000 | AC11: 117000000 | AD11: 127000000 | AE11: 117000000 | AF11: 118000000 | AG11: 100000000 | AH11: 109000000 | AI11: 105000000 | AK11: =AU11-SUM(AH11:AJ11) -> 114000000 | AM11: 314000000 | AN11: =SUM(F11:I11) -> 346000000 | AO11: =SUM(J11:M11) -> 384000000 | AP11: =N11+O11+P11+Q11 -> 353000000 | AQ11: =SUM(R11:U11) -> 364000000 | AR11: 411000000 | AS11: 461000000 | AT11: 462000000 | AU11: 328000000
A12: Amortization of discount (premium) on debt, net | B12: 10000000 | C12: 11000000 | D12: 10000000 | E12: 11000000 | F12: 11000000 | G12: 11000000 | H12: 12000000 | I12: 8000000 | J12: 0 | K12: -1000000 | L12: 0 | M12: 0 | N12: 0 | O12: 1000000 | P12: 0 | Q12: 0 | R12: 1000000 | S12: 0 | T12: 1000000 | U12: 0 | V12: 1000000 | W12: 0 | X12: 1000000 | Y12: 0 | Z12: 1000000 | AA12: 1000000 | AB12: 0 | AC12: 1000000 | AD12: 1000000 | AE12: 0 | AF12: 1000000 | AG12: 1000000 | AH12: 1000000 | AI12: 0 | AK12: =AU12-SUM(AH12:AJ12) -> 1000000 | AM12: 42000000 | AN12: =SUM(F12:I12) -> 42000000 | AO12: =SUM(J12:M12) -> -1000000 | AP12: =N12+O12+P12+Q12 -> 1000000 | AQ12: =SUM(R12:U12) -> 2000000 | AR12: 2000000 | AS12: 3000000 | AT12: 3000000 | AU12: 2000000
A13: Amortization of debt issuance costs | B13: 3000000 | C13: 2000000 | D13: 2000000 | E13: 3000000 | F13: 3000000 | G13: 3000000 | H13: 2000000 | I13: 3000000 | J13: 1000000 | K13: 3000000 | L13: 3000000 | M13: 2000000 | N13: 2000000 | O13: 1000000 | P13: 2000000 | Q13: 2000000 | R13: 2000000 | S13: 1000000 | T13: 2000000 | U13: 2000000 | V13: 2000000 | W13: 2000000 | X13: 2000000 | Y13: 2000000 | Z13: 2000000 | AA13: 1000000 | AB13: 2000000 | AC13: 2000000 | AD13: 1000000 | AE13: 2000000 | AF13: 2000000 | AG13: 2000000 | AH13: 2000000 | AI13: 2000000 | AK13: =AU13-SUM(AH13:AJ13) -> 1000000 | AM13: 10000000 | AN13: =SUM(F13:I13) -> 11000000 | AO13: =SUM(J13:M13) -> 9000000 | AP13: =N13+O13+P13+Q13 -> 7000000 | AQ13: =SUM(R13:U13) -> 7000000 | AR13: 8000000 | AS13: 7000000 | AT13: 7000000 | AU13: 5000000
A14: Net (gain) loss on sale of assets | B14: 0 | C14: 0 | D14: 0 | E14: 0 | F14: 0 | G14: 1000000 | H14: -21000000 | I14: 0 | J14: -110000000 | K14: 0 | L14: -1000000 | M14: -4000000 | N14: 0 | O14: 0 | P14: 0 | Q14: -1000000 | R14: -1000000 | S14: 0 | T14: -1000000 | U14: 2000000 | V14: 0 | W14: -1000000 | X14: 0 | Y14: 0 | Z14: -2000000 | AA14: 0 | AB14: 0 | AC14: -1000000 | AD14: -22000000 | AE14: -6000000 | AF14: -1000000 | AG14: 0 | AH14: -627000000 | AI14: 0 | AK14: =AU14-SUM(AH14:AJ14) -> 0 | AM14: 0 | AN14: =SUM(F14:I14) -> -20000000 | AO14: =SUM(J14:M14) -> -115000000 | AP14: =N14+O14+P14+Q14 -> -1000000 | AQ14: =SUM(R14:U14) -> 0 | AR14: -1000000 | AS14: -3000000 | AT14: -29000000 | AU14: -627000000
A15: (Gain) loss on extinguishment of debt | B15: 0 | C15: 26000000 | D15: 0 | E15: 0 | F15: 0 | G15: 10000000 | H15: 1000000 | I15: 0 | J15: 0 | K15: 0 | L15: 0 | M15: 60000000 | N15: 0 | O15: 0 | P15: 0 | Q15: 22000000 | R15: 0 | S15: 18000000 | T15: 0 | U15: 0 | V15: 0 | W15: 0 | X15: 0 | Y15: 0 | Z15: 0 | AA15: 0 | AB15: 0 | AC15: 0 | AD15: 0 | AE15: 0 | AF15: 0 | AG15: 0 | AH15: 0 | AI15: 0 | AK15: =AU15-SUM(AH15:AJ15) -> 0 | AM15: 26000000 | AN15: =SUM(F15:I15) -> 11000000 | AO15: =SUM(J15:M15) -> 60000000 | AP15: =N15+O15+P15+Q15 -> 22000000 | AQ15: =SUM(R15:U15) -> 18000000 | AR15: 0 | AS15: 0 | AT15: 0 | AU15: 0
A16: Results relating to equity-accounted investees | B16: -2000000 | C16: 1000000 | D16: -52000000 | E16: -1000000 | F16: -4000000 | G16: 1000000 | H16: 1000000 | I16: 1000000 | J16: 1000000 | K16: 1000000 | L16: 1000000 | M16: 1000000 | N16: 1000000 | O16: 2000000 | P16: -3000000 | Q16: 2000000 | R16: -12000000 | S16: 3000000 | T16: 4000000 | U16: 6000000 | V16: 2000000 | W16: 1000000 | X16: 2000000 | Y16: 2000000 | Z16: 1000000 | AA16: 3000000 | AB16: 6000000 | AC16: 2000000 | AD16: 4000000 | AE16: 28000000 | AF16: 1000000 | AG16: 37000000 | AH16: 4000000 | AI16: 3000000 | AK16: =AU16-SUM(AH16:AJ16) -> 4000000 | AM16: -54000000 | AN16: =SUM(F16:I16) -> -1000000 | AO16: =SUM(J16:M16) -> 4000000 | AP16: =N16+O16+P16+Q16 -> 2000000 | AQ16: =SUM(R16:U16) -> 1000000 | AR16: 7000000 | AS16: 12000000 | AT16: 70000000 | AU16: 11000000
A17: (Gain) loss on equity securities, net | B17: 0 | C17: 0 | D17: 0 | E17: 0 | F17: 0 | G17: 0 | H17: 0 | I17: 0 | J17: 0 | K17: 0 | L17: 0 | M17: -21000000 | N17: -3000000 | O17: 5000000 | P17: -4000000 | Q17: 4000000 | R17: -4000000 | S17: 8000000 | T17: 2000000 | U17: -2000000 | V17: 1000000 | W17: -6000000 | X17: 4000000 | Y17: 0 | Z17: 2000000 | AA17: 3000000 | AB17: 7000000 | AC17: 6000000 | AD17: 6000000 | AE17: -3000000 | AF17: -1000000 | AG17: 0 | AH17: -1000000 | AI17: 1000000 | AK17: =AU17-SUM(AH17:AJ17) -> 2000000 | AM17: 0 | AO17: =SUM(J17:M17) -> -21000000 | AP17: =N17+O17+P17+Q17 -> 2000000 | AQ17: =SUM(R17:U17) -> 4000000 | AR17: -1000000 | AS17: 18000000 | AT17: 2000000 | AU17: 2000000
A18: Deferred tax expense (benefit) | B18: -42000000 | C18: -67000000 | D18: -50000000 | E18: -52000000 | F18: -63000000 | G18: -30000000 | H18: -33000000 | I18: -49000000 | J18: -75000000 | K18: -81000000 | L18: -118000000 | M18: -75000000 | N18: 12000000 | O18: 0 | P18: -6000000 | Q18: -26000000 | R18: -33000000 | S18: -65000000 | T18: -98000000 | U18: -40000000 | V18: -62000000 | W18: -75000000 | X18: -33000000 | Y18: -97000000 | Z18: -64000000 | AA18: -23000000 | AB18: -40000000 | AC18: -145000000 | AD18: -27000000 | AE18: 3000000 | AF18: -8000000 | AG18: 24000000 | AH18: -28000000 | AI18: -13000000 | AK18: =AU18-SUM(AH18:AJ18) -> -43000000 | AM18: -211000000 | AN18: =SUM(F18:I18) -> -175000000 | AO18: =SUM(J18:M18) -> -349000000 | AP18: =N18+O18+P18+Q18 -> -20000000 | AQ18: =SUM(R18:U18) -> -236000000 | AR18: -267000000 | AS18: -272000000 | AT18: -8000000 | AU18: -84000000
A20: Changes in operating assets and Liabilities:
A21: (Increase) decrease in receivables and other current assets | B21: 81000000 | C21: 86000000 | D21: -31000000 | E21: 51000000 | F21: -42000000 | G21: 31000000 | H21: -17000000 | I21: 144000000 | J21: 27000000 | K21: 224000000 | L21: -252000000 | M21: -50000000 | N21: -95000000 | O21: -135000000 | P21: 16000000 | Q21: 38000000 | R21: -61000000 | S21: -50000000 | T21: -54000000 | U21: 59000000 | V21: -138000000 | W21: -20000000 | X21: 40000000 | Y21: -20000000 | Z21: -25000000 | AA21: 10000000 | AB21: -167000000 | AC21: -25000000 | AD21: -29000000 | AE21: -106000000 | AF21: 54000000 | AG21: 38000000 | AH21: -115000000 | AI21: 14000000 | AK21: =AU21-SUM(AH21:AJ21) -> 11000000 | AM21: 187000000 | AN21: =SUM(F21:I21) -> 116000000 | AO21: =SUM(J21:M21) -> -51000000 | AP21: =N21+O21+P21+Q21 -> -176000000 | AQ21: =SUM(R21:U21) -> -106000000 | AR21: -138000000 | AS21: -207000000 | AT21: -43000000 | AU21: -90000000
A22: (Increase) decrease in inventories | B22: -36000000 | C22: -76000000 | D22: 42000000 | E22: 5000000 | F22: 38000000 | G22: 84000000 | H22: 13000000 | I22: -7000000 | J22: -35000000 | K22: 0 | L22: 164000000 | M22: 34000000 | N22: -26000000 | O22: -60000000 | P22: -57000000 | Q22: -16000000 | R22: -122000000 | S22: -151000000 | T22: -119000000 | U22: -201000000 | V22: -196000000 | W22: -129000000 | X22: -34000000 | Y22: 6000000 | Z22: 32000000 | AA22: -46000000 | AB22: -86000000 | AC22: -122000000 | AD22: 6000000 | AE22: -90000000 | AF22: -96000000 | AG22: -128000000 | AH22: 87000000 | AI22: -34000000 | AK22: =AU22-SUM(AH22:AJ22) -> -39000000 | AM22: -65000000 | AN22: =SUM(F22:I22) -> 128000000 | AO22: =SUM(J22:M22) -> 163000000 | AP22: =N22+O22+P22+Q22 -> -159000000 | AQ22: =SUM(R22:U22) -> -593000000 | AR22: -353000000 | AS22: -222000000 | AT22: -308000000 | AU22: 14000000
A23: (Increase) decrease in other non-current assets | B23: 0 | C23: 10000000 | D23: -36000000 | E23: 4000000 | F23: 20000000 | G23: -14000000 | H23: 30000000 | I23: 7000000 | J23: 4000000 | K23: -11000000 | L23: -9000000 | M23: 23000000 | N23: -8000000 | O23: -52000000 | P23: -46000000 | Q23: -244000000 | R23: -247000000 | S23: -41000000 | T23: -37000000 | U23: 19000000 | V23: -33000000 | W23: 33000000 | X23: -49000000 | Y23: 65000000 | Z23: 6000000 | AA23: 40000000 | AB23: -134000000 | AC23: -218000000 | AD23: -106000000 | AE23: 131000000 | AF23: -123000000 | AG23: -114000000 | AH23: -182000000 | AI23: -48000000 | AK23: =AU23-SUM(AH23:AJ23) -> -97000000 | AM23: -22000000 | AN23: =SUM(F23:I23) -> 43000000 | AO23: =SUM(J23:M23) -> 7000000 | AP23: =N23+O23+P23+Q23 -> -350000000 | AQ23: =SUM(R23:U23) -> -306000000 | AR23: 16000000 | AS23: -306000000 | AT23: -212000000 | AU23: -327000000
A24: Increase (decrease) in accounts payable and other liabilities | B24: -26000000 | C24: -225000000 | D24: 310000000 | E24: -188000000 | F24: -250000000 | G24: -218000000 | H24: 43000000 | I24: -35000000 | J24: 64000000 | K24: -160000000 | L24: 82000000 | M24: 333000000 | N24: 51000000 | O24: 73000000 | P24: 118000000 | Q24: 6000000 | R24: 266000000 | S24: 4000000 | T24: 275000000 | U24: 88000000 | V24: 52000000 | W24: -144000000 | X24: -128000000 | Y24: 101000000 | Z24: -102000000 | AA24: -220000000 | AB24: 118000000 | AC24: 16000000 | AD24: -110000000 | AE24: 33000000 | AF24: -219000000 | AG24: 246000000 | AH24: 231000000 | AI24: -136000000 | AK24: =AU24-SUM(AH24:AJ24) -> 196000000 | AM24: -129000000 | AN24: =SUM(F24:I24) -> -460000000 | AO24: =SUM(J24:M24) -> 319000000 | AP24: =N24+O24+P24+Q24 -> 248000000 | AQ24: =SUM(R24:U24) -> 633000000 | AR24: -119000000 | AS24: -188000000 | AT24: -50000000 | AU24: 291000000
AG25: 0 | AH25: 0 | AI25: 0 | AK25: =AU25-SUM(AH25:AJ25) -> 0
A26: Exchange differences | B26: 5000000 | C26: -5000000 | D26: 1000000 | E26: 13000000 | F26: 6000000 | G26: 1000000 | H26: -1000000 | I26: 9000000 | J26: -4000000 | K26: 5000000 | L26: 5000000 | M26: 10000000 | N26: -1000000 | O26: 1000000 | P26: -3000000 | Q26: -2000000 | R26: 0 | S26: -3000000 | T26: 1000000 | U26: 19000000 | V26: 5000000 | W26: 5000000 | X26: 5000000 | Y26: 7000000 | Z26: 3000000 | AA26: 5000000 | AB26: 7000000 | AC26: -1000000 | AD26: 4000000 | AE26: 9000000 | AF26: 8000000 | AG26: 3000000 | AH26: 4000000 | AI26: 3000000 | AK26: =AU26-SUM(AH26:AJ26) -> 11000000 | AM26: 14000000 | AN26: =SUM(F26:I26) -> 15000000 | AO26: =SUM(J26:M26) -> 16000000 | AP26: =N26+O26+P26+Q26 -> -5000000 | AQ26: =SUM(R26:U26) -> 17000000 | AR26: 22000000 | AS26: 14000000 | AT26: 24000000 | AU26: 18000000
A27: Other items | B27: -3000000 | C27: 9000000 | D27: 6000000 | E27: 0 | F27: 5000000 | G27: -2000000 | H27: -4000000 | I27: -1000000 | J27: 5000000 | K27: -5000000 | L27: -2000000 | M27: -9000000 | N27: 3000000 | O27: -4000000 | P27: -6000000 | Q27: -8000000 | R27: 2000000 | S27: 6000000 | T27: 8000000 | U27: -9000000 | V27: -7000000 | W27: 3000000 | X27: 10000000 | Y27: -8000000 | Z27: 3000000 | AA27: -4000000 | AB27: 4000000 | AC27: -5000000 | AD27: 4000000 | AE27: -3000000 | AF27: 2000000 | AG27: -1000000 | AH27: -4000000 | AI27: -3000000 | AK27: =AU27-SUM(AH27:AJ27) -> 4000000 | AM27: 12000000 | AN27: =SUM(F27:I27) -> -2000000 | AO27: =SUM(J27:M27) -> -11000000 | AP27: =N27+O27+P27+Q27 -> -15000000 | AQ27: =SUM(R27:U27) -> 7000000 | AR27: -2000000 | AS27: -2000000 | AT27: 2000000 | AU27: -3000000
A28: Net cash provided by (used for) operating activities | B28: 620000000 | C28: 403000000 | D28: 2615000000 | E28: 731000000 | F28: 296000000 | G28: 517000000 | H28: 746000000 | I28: 814000000 | J28: 512000000 | K28: 414000000 | L28: 527000000 | M28: 1029000000 | N28: 732000000 | O28: 636000000 | P28: 924000000 | Q28: 785000000 | R28: 856000000 | S28: 819000000 | T28: 1144000000 | U28: 1076000000 | V28: 632000000 | W28: 756000000 | X28: 988000000 | Y28: 1137000000 | Z28: 851000000 | AA28: 761000000 | AB28: 779000000 | AC28: 391000000 | AD28: 565000000 | AE28: 779000000 | AF28: 585000000 | AG28: 891000000 | AH28: 793000000 | AI28: 860000000 | AK28: =AU28-SUM(AH28:AJ28) -> 1256000000 | AM28: 4369000000 | AN28: =SUM(F28:I28) -> 2373000000 | AO28: =SUM(J28:M28) -> 2482000000 | AP28: =N28+O28+P28+Q28 -> 3077000000 | AQ28: =SUM(R28:U28) -> 3895000000 | AR28: 3513000000 | AS28: 2782000000 | AT28: 2820000000 | AU28: 2909000000
AG29: 0 | AH29: 0 | AI29: 0 | AK29: =AU29-SUM(AH29:AJ29) -> 0
A30: Cash flows from investing activities:
A31: Purchase of identified intangible assets | B31: -18000000 | C31: -10000000 | D31: -18000000 | E31: -4000000 | F31: -28000000 | G31: -23000000 | H31: -21000000 | I31: -30000000 | J31: -45000000 | K31: -28000000 | L31: -22000000 | M31: -35000000 | N31: -37000000 | O31: -35000000 | P31: -27000000 | Q31: -33000000 | R31: -43000000 | S31: -29000000 | T31: -50000000 | U31: -37000000 | V31: -42000000 | W31: -51000000 | X31: -42000000 | Y31: -44000000 | Z31: -32000000 | AA31: -55000000 | AB31: -26000000 | AC31: -36000000 | AD31: -25000000 | AE31: -37000000 | AF31: -23000000 | AG31: -55000000 | AH31: -42000000 | AI31: -37000000 | AK31: =AU31-SUM(AH31:AJ31) -> -36000000 | AM31: -50000000 | AN31: =SUM(F31:I31) -> -102000000 | AO31: =SUM(J31:M31) -> -130000000 | AP31: =N31+O31+P31+Q31 -> -132000000 | AQ31: =SUM(R31:U31) -> -159000000 | AR31: -179000000 | AS31: -149000000 | AT31: -140000000 | AU31: -115000000
A32: Capital expenditures on property, plant and equipment | B32: -156000000 | C32: -129000000 | D32: -156000000 | E32: -170000000 | F32: -144000000 | G32: -106000000 | H32: -138000000 | I32: -138000000 | J32: -143000000 | K32: -75000000 | L32: -70000000 | M32: -104000000 | N32: -150000000 | O32: -150000000 | P32: -201000000 | Q32: -266000000 | R32: -280000000 | S32: -268000000 | T32: -282000000 | U32: -233000000 | V32: -251000000 | W32: -201000000 | X32: -200000000 | Y32: -175000000 | Z32: -226000000 | AA32: -185000000 | AB32: -186000000 | AC32: -130000000 | AD32: -139000000 | AE32: -83000000 | AF32: -77000000 | AG32: -98000000 | AH32: -79000000 | AI32: -69000000 | AK32: =AU32-SUM(AH32:AJ32) -> -51000000 | AM32: -611000000 | AN32: =SUM(F32:I32) -> -526000000 | AO32: =SUM(J32:M32) -> -392000000 | AP32: =N32+O32+P32+Q32 -> -767000000 | AQ32: =SUM(R32:U32) -> -1063000000 | AR32: -827000000 | AS32: -727000000 | AT32: -397000000 | AU32: -199000000
A33: Purchase of leased equipment | B33: 0 | C33: 0 | D33: 0 | E33: 0 | F33: 0 | G33: 0 | H33: 0 | I33: 0 | J33: 0 | K33: 0 | L33: 0 | M33: 0 | N33: 0 | O33: 0 | P33: -14000000 | Q33: -19000000 | R33: -5000000 | S33: 0 | T33: 0 | U33: 0 | V33: 0 | W33: 0 | X33: 0 | Y33: 0 | Z33: 0 | AA33: 0 | AB33: 0 | AC33: 0 | AD33: 0 | AE33: 0 | AF33: 0 | AG33: 0 | AH33: 0 | AI33: 0 | AK33: =AU33-SUM(AH33:AJ33) -> 0 | AM33: 0 | AP33: =N33+O33+P33+Q33 -> -33000000 | AQ33: =SUM(R33:U33) -> -5000000 | AR33: 0 | AS33: 0 | AT33: 0 | AU33: 0
A34: Insurance recoveries received for equipment damage | B34: 0 | C34: 0 | D34: 0 | E34: 0 | F34: 0 | G34: 0 | H34: 0 | I34: 0 | J34: 0 | K34: 0 | L34: 0 | M34: 0 | N34: 0 | O34: 0 | P34: 7000000 | Q34: 3000000 | R34: 0 | S34: 0 | T34: 0 | U34: 0 | V34: 0 | W34: 0 | X34: 0 | Y34: 0 | Z34: 2000000 | AA34: 0 | AB34: 0 | AC34: 0 | AD34: 0 | AE34: 0 | AF34: 0 | AG34: 0 | AH34: 0 | AI34: 0 | AK34: =AU34-SUM(AH34:AJ34) -> 0 | AM34: 0 | AP34: =N34+O34+P34+Q34 -> 10000000 | AQ34: =SUM(R34:U34) -> 0 | AR34: 0 | AS34: 2000000 | AT34: 0 | AU34: 0
A35: Proceeds from disposals of property, plant and equipment | B35: 0 | C35: 0 | D35: 1000000 | E35: 0 | F35: 0 | G35: 0 | H35: 23000000 | I35: 0 | J35: 0 | K35: 1000000 | L35: 2000000 | M35: 1000000 | N35: 0 | O35: 0 | P35: 1000000 | Q35: 0 | R35: 1000000 | S35: 0 | T35: 1000000 | U35: 0 | V35: 0 | W35: 1000000 | X35: 0 | Y35: 0 | Z35: 2000000 | AA35: 1000000 | AB35: 0 | AC35: 1000000 | AD35: 1000000 | AE35: 0 | AF35: 1000000 | AG35: 0 | AH35: 0 | AI35: 0 | AK35: =AU35-SUM(AH35:AJ35) -> 1000000 | AM35: 1000000 | AN35: =SUM(F35:I35) -> 23000000 | AO35: =SUM(J35:M35) -> 4000000 | AP35: =N35+O35+P35+Q35 -> 1000000 | AQ35: =SUM(R35:U35) -> 2000000 | AR35: 1000000 | AS35: 4000000 | AT35: 2000000 | AU35: 1000000
A36: Proceeds from disposals of assets held for sale | B36: 0 | C36: 0 | D36: 0 | E36: 0 | F36: 0 | G36: 0 | H36: 0 | I36: 0 | J36: 0 | K36: 0 | L36: 0 | M36: 0 | N36: 0 | O36: 0 | P36: 0 | Q36: 0 | R36: 0 | S36: 0 | T36: 0 | U36: 0 | V36: 0 | AM36: 0 | AN36: =SUM(F36:I36) -> 0 | AO36: =SUM(J36:M36) -> 0 | AP36: =N36+O36+P36+Q36 -> 0 | AQ36: =SUM(R36:U36) -> 0 | AR36: 0 | AS36: 0 | AT36: 0 | AU36: =SUM(AD36:AK36) -> 0
A37: Advance payment from sale of property, plant and equipment | B37: 0 | C37: 0 | D37: 0 | E37: 0 | F37: 0 | G37: 0 | H37: 0 | I37: 0 | J37: 0 | K37: 0 | L37: 0 | M37: 0 | N37: 0 | O37: 0 | P37: 0 | Q37: 0 | R37: 0 | S37: 0 | T37: 0 | U37: 0 | V37: 0 | W37: 0 | X37: 0 | Y37: 0 | Z37: 0 | AA37: 0 | AB37: 0 | AC37: 30000000 | AD37: 0 | AE37: 0 | AF37: 0 | AG37: 0 | AH37: 0 | AI37: 0 | AK37: =AU37-SUM(AH37:AJ37) -> 0 | AR37: 0 | AS37: 30000000 | AT37: 0 | AU37: 0
A38: Purchase of interests in businesses, net of cash acquired | B38: 0 | C38: -18000000 | D38: 0 | E38: 0 | F38: 0 | G38: 0 | H38: 0 | I38: -1698000000 | J38: -10000000 | K38: -11000000 | L38: 0 | M38: -13000000 | N38: 0 | O38: -1000000 | P38: -16000000 | Q38: -6000000 | R38: -4000000 | S38: -1000000 | T38: -22000000 | U38: 0 | V38: 0 | W38: 0 | X38: 0 | Y38: 0 | Z38: 0 | AA38: 0 | AB38: 0 | AC38: 0 | AD38: 0 | AE38: -679000000 | AF38: -11000000 | AG38: -485000000 | AH38: 0 | AI38: 0 | AK38: =AU38-SUM(AH38:AJ38) -> 0 | AM38: -18000000 | AN38: =SUM(F38:I38) -> -1698000000 | AO38: =SUM(J38:M38) -> -34000000 | AP38: =N38+O38+P38+Q38 -> -23000000 | AQ38: =SUM(R38:U38) -> -27000000 | AR38: 0 | AS38: 0 | AT38: -1175000000 | AU38: 0
A39: Advance proceeds related to business disposition | AD39: 0 | AE39: 0 | AF39: 0 | AG39: 0 | AH39: 0 | AI39: 0 | AK39: =AU39-SUM(AH39:AJ39) -> 34000000 | AU39: 34000000
A40: Proceeds from sale of interests in businesses, net of cash divested | B40: 0 | C40: 32000000 | D40: 127000000 | E40: 0 | F40: 37000000 | G40: 0 | H40: 0 | I40: 0 | J40: 161000000 | K40: 0 | L40: 0 | M40: 0 | N40: 0 | O40: 0 | P40: 0 | Q40: 0 | R40: 0 | S40: 0 | T40: 0 | U40: 0 | V40: 0 | W40: 0 | X40: 0 | Y40: 0 | Z40: 0 | AA40: 0 | AB40: 0 | AC40: 0 | AD40: 0 | AE40: 0 | AF40: 0 | AG40: 0 | AH40: 878000000 | AI40: 0 | AK40: =AU40-SUM(AH40:AJ40) -> 0 | AM40: 159000000 | AN40: =SUM(F40:I40) -> 37000000 | AO40: =SUM(J40:M40) -> 161000000 | AP40: =N40+O40+P40+Q40 -> 0 | AQ40: =SUM(R40:U40) -> 0 | AR40: 0 | AS40: 0 | AT40: 0 | AU40: 878000000
A41: Proceeds from return of equity investment | B41: 0 | C41: 0 | D41: 4000000 | E41: 0 | F41: 0 | G41: 0 | H41: 0 | I41: 0 | J41: 0 | K41: 0 | L41: 0 | M41: 1000000 | N41: 0 | O41: 1000000 | P41: 2000000 | Q41: 7000000 | R41: 2000000 | S41: 0 | T41: 0 | U41: 8000000 | V41: 0 | W41: 0 | X41: 0 | Y41: 0 | Z41: 0 | AA41: 0 | AB41: 0 | AC41: 0 | AD41: 0 | AE41: 0 | AF41: 0 | AG41: 0 | AH41: 0 | AI41: 0 | AK41: =AU41-SUM(AH41:AJ41) -> 0 | AM41: 4000000 | AN41: =SUM(F41:I41) -> 0 | AO41: =SUM(J41:M41) -> 1000000 | AP41: =N41+O41+P41+Q41 -> 10000000 | AQ41: =SUM(R41:U41) -> 10000000 | AR41: 0 | AS41: 0 | AT41: 0 | AU41: 0
A42: Investment in short-term deposits | B42: 0 | C42: 0 | D42: 0 | E42: 0 | F42: 0 | G42: 0 | H42: 0 | I42: 0 | J42: 0 | K42: 0 | L42: 0 | M42: 0 | N42: 0 | O42: 0 | P42: 0 | Q42: 0 | R42: 0 | S42: 0 | T42: 0 | U42: 0 | V42: 0 | W42: 0 | X42: 0 | Y42: -409000000 | Z42: 0 | AA42: 0 | AB42: 0 | AC42: 0 | AD42: 0 | AE42: 0 | AF42: -500000000 | AG42: 0 | AH42: 0 | AI42: 0 | AK42: =AU42-SUM(AH42:AJ42) -> 0 | AM42: 0 | AR42: -409000000 | AS42: 0 | AT42: -500000000 | AU42: 0
A43: Proceeds of short-term deposits | B43: 0 | C43: 0 | D43: 0 | E43: 0 | F43: 0 | G43: 0 | H43: 0 | I43: 0 | J43: 0 | K43: 0 | L43: 0 | M43: 0 | N43: 0 | O43: 0 | P43: 0 | Q43: 0 | R43: 0 | S43: 0 | T43: 0 | U43: 0 | V43: 0 | W43: 0 | X43: 0 | Y43: 0 | Z43: 9000000 | AA43: 0 | AB43: 0 | AC43: 400000000 | AD43: 0 | AE43: 0 | AF43: 0 | AG43: 500000000 | AH43: 0 | AI43: 0 | AK43: =AU43-SUM(AH43:AJ43) -> 0 | AM43: 0 | AR43: 0 | AS43: 409000000 | AT43: 500000000 | AU43: 0
A44: Purchase of investments | B44: 0 | C44: -7000000 | D44: 0 | E44: -2000000 | F44: -2000000 | G44: -15000000 | H44: -2000000 | I44: 0 | J44: 0 | K44: 0 | L44: -15000000 | M44: -15000000 | N44: -2000000 | O44: -4000000 | P44: 0 | Q44: -2000000 | R44: 0 | S44: -2000000 | T44: -7000000 | U44: -11000000 | V44: -58000000 | W44: -4000000 | X44: -31000000 | Y44: -1000000 | Z44: -34000000 | AA44: 0 | AB44: -159000000 | AC44: -67000000 | AD44: -53000000 | AE44: -93000000 | AF44: -173000000 | AG44: -330000000 | AH44: -249000000 | AI44: -132000000 | AK44: =AU44-SUM(AH44:AJ44) -> -124000000 | AM44: -9000000 | AN44: =SUM(F44:I44) -> -19000000 | AO44: =SUM(J44:M44) -> -30000000 | AP44: =N44+O44+P44+Q44 -> -8000000 | AQ44: =SUM(R44:U44) -> -20000000 | AR44: -94000000 | AS44: -260000000 | AT44: -649000000 | AU44: -505000000
A45: Proceeds from sale of investments | B45: 0 | C45: 0 | D45: 0 | E45: 2000000 | F45: 1000000 | G45: 0 | H45: 0 | I45: 0 | J45: 0 | K45: 0 | L45: 0 | M45: 2000000 | N45: 8000000 | O45: 0 | P45: 0 | Q45: 0 | R45: 0 | S45: 12000000 | T45: 0 | U45: 1000000 | V45: 0 | W45: 0 | X45: 0 | Y45: 0 | Z45: 5000000 | AA45: 0 | AB45: 0 | AC45: 0 | AD45: 0 | AE45: 0 | AF45: 0 | AG45: 2000000 | AH45: 0 | AI45: 1000000 | AK45: =AU45-SUM(AH45:AJ45) -> -1000000 | AM45: 2000000 | AN45: =SUM(F45:I45) -> 1000000 | AO45: =SUM(J45:M45) -> 2000000 | AP45: =N45+O45+P45+Q45 -> 8000000 | AQ45: =SUM(R45:U45) -> 13000000 | AR45: 0 | AS45: 5000000 | AT45: 2000000 | AU45: 0
A46: Other | B46: 0 | C46: 0 | D46: 0 | E46: 0 | F46: 0 | G46: 0 | H46: 0 | I46: 0 | J46: 0 | K46: 0 | L46: 0 | M46: 0 | N46: 0 | O46: 0 | P46: 0 | Q46: 0 | R46: 0 | S46: 0 | T46: 0 | U46: 0 | V46: 0 | W46: 0 | X46: 0 | Y46: 0 | Z46: 0 | AA46: 0 | AB46: 0 | AC46: 0 | AD46: 0 | AE46: 0 | AF46: 0 | AG46: 0 | AH46: 0 | AI46: 0 | AK46: =AU46-SUM(AH46:AJ46) -> 0 | AM46: 0 | AN46: =SUM(F46:I46) -> 0 | AO46: =SUM(J46:M46) -> 0 | AP46: =N46+O46+P46+Q46 -> 0 | AQ46: =SUM(R46:U46) -> 0 | AR46: 0 | AS46: 0 | AT46: 0 | AU46: 0
A47: Net cash (used for) provided by investing activities | B47: -174000000 | C47: -132000000 | D47: -42000000 | E47: -174000000 | F47: -136000000 | G47: -144000000 | H47: -138000000 | I47: -1866000000 | J47: -37000000 | K47: -113000000 | L47: -105000000 | M47: -163000000 | N47: -181000000 | O47: -189000000 | P47: -248000000 | Q47: -316000000 | R47: -329000000 | S47: -288000000 | T47: -360000000 | U47: -272000000 | V47: -351000000 | W47: -255000000 | X47: -273000000 | Y47: -629000000 | Z47: -274000000 | AA47: -239000000 | AB47: -371000000 | AC47: 198000000 | AD47: -216000000 | AE47: -892000000 | AF47: -783000000 | AG47: -466000000 | AH47: 508000000 | AI47: -237000000 | AK47: =AU47-SUM(AH47:AJ47) -> -177000000 | AM47: -522000000 | AN47: =SUM(F47:I47) -> -2284000000 | AO47: =SUM(J47:M47) -> -418000000 | AP47: =N47+O47+P47+Q47 -> -934000000 | AQ47: =SUM(R47:U47) -> -1249000000 | AR47: -1508000000 | AS47: -686000000 | AT47: -2357000000 | AU47: 94000000
A49: Cash flows from financing activities:
A50: Net (repayments) borrowings of short-term debt | B50: 0 | C50: 0 | D50: 0 | E50: 0 | F50: 0 | G50: 0 | H50: 0 | I50: 0 | J50: 0 | K50: 0 | L50: 0 | M50: 0 | N50: 0 | O50: 0 | P50: 0 | Q50: 0 | R50: 0 | S50: 0 | T50: 0 | U50: 0 | V50: 0 | W50: 0 | X50: 0 | Y50: 0 | Z50: 0 | AA50: 0 | AB50: 0 | AC50: 0 | AD50: 0 | AE50: 0 | AF50: 0 | AG50: 0 | AH50: 0 | AI50: 0 | AK50: =AU50-SUM(AH50:AJ50) -> 0 | AM50: 0 | AN50: =SUM(F50:I50) -> 0 | AO50: =SUM(J50:M50) -> 0 | AP50: =N50+O50+P50+Q50 -> 0 | AQ50: =SUM(R50:U50) -> 0 | AR50: 0 | AS50: 0 | AT50: 0 | AU50: 0
A51: Payment of cash convertible note | B51: 0 | C51: 0 | D51: 0 | E51: 0 | F51: 0 | G51: 0 | H51: 0 | I51: -1150000000 | J51: 0 | K51: 0 | L51: 0 | M51: 0 | N51: 0 | O51: 0 | P51: 0 | Q51: 0 | R51: 0 | S51: 0 | T51: 0 | U51: 0 | V51: 0 | W51: 0 | X51: 0 | Y51: 0 | Z51: 0 | AA51: 0 | AB51: 0 | AC51: 0 | AD51: 0 | AE51: 0 | AF51: 0 | AG51: 0 | AH51: 0 | AI51: 0 | AK51: =AU51-SUM(AH51:AJ51) -> 0 | AN51: =SUM(F51:I51) -> -1150000000 | AO51: =SUM(J51:M51) -> 0 | AP51: =N51+O51+P51+Q51 -> 0 | AQ51: =SUM(R51:U51) -> 0 | AR51: 0 | AS51: 0 | AT51: 0 | AU51: 0
A52: Proceeds from settlement of cash convertible note hedge | B52: 0 | C52: 0 | D52: 0 | E52: 0 | F52: 0 | G52: 0 | H52: 0 | I52: 144000000 | J52: 0 | K52: 0 | L52: 0 | M52: 0 | N52: 0 | O52: 0 | P52: 0 | Q52: 0 | R52: 0 | S52: 0 | T52: 0 | U52: 0 | V52: 0 | W52: 0 | X52: 0 | Y52: 0 | Z52: 0 | AA52: 0 | AB52: 0 | AC52: 0 | AD52: 0 | AE52: 0 | AF52: 0 | AG52: 0 | AH52: 0 | AI52: 0 | AK52: =AU52-SUM(AH52:AJ52) -> 0 | AN52: =SUM(F52:I52) -> 144000000 | AO52: =SUM(J52:M52) -> 0 | AP52: =N52+O52+P52+Q52 -> 0 | AQ52: =SUM(R52:U52) -> 0 | AR52: 0 | AS52: 0 | AT52: 0 | AU52: 0
A53: Payment of bond hedge derivatives - convertible option | B53: 0 | C53: 0 | D53: 0 | E53: 0 | F53: 0 | G53: 0 | H53: -1000000 | I53: -144000000 | J53: 0 | K53: 0 | L53: 0 | M53: 0 | N53: 0 | O53: 0 | P53: 0 | Q53: 0 | R53: 0 | S53: 0 | T53: 0 | U53: 0 | V53: 0 | W53: 0 | X53: 0 | Y53: 0 | Z53: 0 | AA53: 0 | AB53: 0 | AC53: 0 | AD53: 0 | AE53: 0 | AF53: 0 | AG53: 0 | AH53: 0 | AI53: 0 | AK53: =AU53-SUM(AH53:AJ53) -> 0 | AN53: =SUM(F53:I53) -> -145000000 | AO53: =SUM(J53:M53) -> 0 | AP53: =N53+O53+P53+Q53 -> 0 | AQ53: =SUM(R53:U53) -> 0 | AR53: 0 | AS53: 0 | AT53: 0 | AU53: 0
A54: Repayment of Bridge Loan | B54: 0 | C54: 0 | D54: 0 | E54: -1000000000 | F54: 0 | G54: 0 | H54: 0 | I54: 0 | J54: 0 | K54: 0 | L54: 0 | M54: 0 | N54: 0 | O54: 0 | P54: 0 | Q54: 0 | R54: 0 | S54: 0 | T54: 0 | U54: 0 | V54: 0 | W54: 0 | X54: 0 | Y54: 0 | Z54: 0 | AA54: 0 | AB54: 0 | AC54: 0 | AD54: 0 | AE54: 0 | AF54: 0 | AG54: 0 | AH54: 0 | AI54: 0 | AK54: =AU54-SUM(AH54:AJ54) -> 0 | AM54: -1000000000 | AN54: =SUM(F54:I54) -> 0 | AO54: =SUM(J54:M54) -> 0 | AP54: =N54+O54+P54+Q54 -> 0 | AQ54: =SUM(R54:U54) -> 0 | AR54: 0 | AS54: 0 | AT54: 0 | AU54: 0
A55: Proceeds from Bridge Loan | B55: 0 | C55: 0 | D55: 1000000000 | E55: 0 | F55: 0 | G55: 0 | H55: 0 | I55: 0 | J55: 0 | K55: 0 | L55: 0 | M55: 0 | N55: 0 | O55: 0 | P55: 0 | Q55: 0 | R55: 0 | S55: 0 | T55: 0 | U55: 0 | V55: 0 | W55: 0 | X55: 0 | Y55: 0 | Z55: 0 | AA55: 0 | AB55: 0 | AC55: 0 | AD55: 0 | AE55: 0 | AF55: 0 | AG55: 0 | AH55: 0 | AI55: 0 | AK55: =AU55-SUM(AH55:AJ55) -> 0 | AM55: 1000000000 | AN55: =SUM(F55:I55) -> 0 | AO55: =SUM(J55:M55) -> 0 | AP55: =N55+O55+P55+Q55 -> 0 | AQ55: =SUM(R55:U55) -> 0 | AR55: 0 | AS55: 0 | AT55: 0 | AU55: 0
A56: Amounts drawn under the revolving credit facility | B56: 0 | C56: 0 | D56: 0 | E56: 0 | F56: 0 | G56: 0 | H56: 0 | I56: 0 | J56: 0 | K56: 0 | L56: 0 | M56: 0 | N56: 0 | O56: 0 | P56: 0 | Q56: 0 | S56: 0 | T56: 0 | U56: 0 | V56: 0 | AM56: 0 | AN56: =SUM(F56:I56) -> 0 | AO56: =SUM(J56:M56) -> 0 | AP56: =N56+O56+P56+Q56 -> 0 | AQ56: =SUM(R56:U56) -> 0 | AR56: 0 | AS56: 0 | AT56: 0 | AU56: =SUM(AD56:AK56) -> 0
A57: Repayments under the revolving credit facility | B57: 0 | C57: 0 | D57: 0 | E57: 0 | F57: 0 | G57: 0 | H57: 0 | I57: 0 | J57: 0 | K57: 0 | L57: 0 | M57: 0 | N57: 0 | O57: 0 | P57: 0 | Q57: 0 | R57: 0 | S57: 0 | T57: 0 | U57: 0 | V57: 0 | AM57: 0 | AN57: =SUM(F57:I57) -> 0 | AO57: =SUM(J57:M57) -> 0 | AP57: =N57+O57+P57+Q57 -> 0 | AQ57: =SUM(R57:U57) -> 0 | AR57: 0 | AS57: 0 | AT57: 0 | AU57: =SUM(AD57:AK57) -> 0
A58: Repurchase of long-term debt | B58: 0 | C58: -1273000000 | D58: 0 | E58: 0 | F58: 0 | G58: -553000000 | H58: -47000000 | I58: 0 | J58: 0 | K58: 0 | L58: 0 | M58: -1809000000 | N58: 0 | O58: 0 | P58: 0 | Q58: -1021000000 | R58: 0 | S58: -917000000 | T58: 0 | U58: 0 | V58: 0 | W58: 0 | X58: 0 | Y58: 0 | Z58: -1000000000 | AA58: 0 | AB58: 0 | AC58: 0 | AD58: 0 | AE58: -500000000 | AF58: 0 | AG58: 0 | AH58: -501000000 | AI58: -750000000 | AK58: =AU58-SUM(AH58:AJ58) -> 0 | AM58: -1273000000 | AN58: =SUM(F58:I58) -> -600000000 | AO58: =SUM(J58:M58) -> -1809000000 | AP58: =N58+O58+P58+Q58 -> -1021000000 | AQ58: =SUM(R58:U58) -> -917000000 | AR58: 0 | AS58: -1000000000 | AT58: -500000000 | AU58: -1251000000
A59: Principal payments on long-term debt | B59: 0 | C59: -1000000 | D59: 0 | E59: 0 | F59: 0 | G59: 0 | H59: 0 | I59: 0 | J59: 0 | K59: 0 | L59: 0 | M59: 0 | N59: 0 | O59: 0 | P59: 0 | Q59: 0 | R59: 0 | S59: 0 | T59: 0 | U59: 0 | V59: 0 | W59: 0 | X59: 0 | Y59: 0 | Z59: 0 | AA59: 0 | AB59: 0 | AC59: 0 | AD59: 0 | AE59: 0 | AF59: 0 | AG59: 0 | AH59: 0 | AI59: 0 | AK59: =AU59-SUM(AH59:AJ59) -> 0 | AM59: -1000000 | AN59: =SUM(F59:I59) -> 0 | AO59: =SUM(J59:M59) -> 0 | AP59: =N59+O59+P59+Q59 -> 0 | AQ59: =SUM(R59:U59) -> 0 | AR59: 0 | AS59: 0 | AT59: 0 | AU59: 0
A60: Proceeds from the issuance of long-term debt | B60: 0 | C60: 0 | D60: 0 | E60: 1997000000 | F60: 0 | G60: 1750000000 | H60: 0 | I60: 0 | J60: 0 | K60: 2000000000 | L60: 0 | M60: 0 | N60: 0 | O60: 2000000000 | P60: 0 | Q60: 2000000000 | R60: 0 | S60: 1496000000 | T60: 0 | U60: 0 | V60: 0 | W60: 0 | X60: 0 | Y60: 0 | Z60: 0 | AA60: 0 | AB60: 0 | AC60: 670000000 | AD60: 370000000 | AE60: 0 | AF60: 1498000000 | AG60: 0 | AH60: 0 | AI60: 0 | AK60: =AU60-SUM(AH60:AJ60) -> 0 | AM60: 1997000000 | AN60: =SUM(F60:I60) -> 1750000000 | AO60: =SUM(J60:M60) -> 2000000000 | AP60: =N60+O60+P60+Q60 -> 4000000000 | AQ60: =SUM(R60:U60) -> 1496000000 | AR60: 0 | AS60: 670000000 | AT60: 1868000000 | AU60: 0
A61: Cash paid for debt issuance costs | B61: 0 | C61: 0 | D61: -11000000 | E61: -12000000 | F61: 0 | G61: -23000000 | H61: -1000000 | I61: 0 | J61: 0 | K61: -15000000 | L61: 0 | M61: 0 | N61: 0 | O61: -22000000 | P61: 0 | Q61: -25000000 | R61: -1000000 | S61: -12000000 | T61: 0 | U61: -1000000 | V61: 0 | W61: 0 | X61: 0 | Y61: 0 | Z61: 0 | AA61: 0 | AB61: 0 | AC61: -1000000 | AD61: 0 | AE61: 0 | AF61: -8000000 | AG61: 0 | AH61: -3000000 | AI61: 0 | AK61: =AU61-SUM(AH61:AJ61) -> 0 | AM61: -23000000 | AN61: =SUM(F61:I61) -> -24000000 | AO61: =SUM(J61:M61) -> -15000000 | AP61: =N61+O61+P61+Q61 -> -47000000 | AQ61: =SUM(R61:U61) -> -14000000 | AR61: 0 | AS61: -1000000 | AT61: -8000000 | AU61: -3000000
A62: Proceeds from issuance of commercial paper notes | B62: 0 | C62: 0 | D62: 0 | E62: 0 | F62: 0 | G62: 0 | H62: 0 | I62: 0 | J62: 0 | K62: 0 | L62: 0 | M62: 0 | N62: 0 | O62: 0 | P62: 0 | Q62: 0 | R62: 0 | S62: 0 | T62: 0 | U62: 0 | V62: 0 | W62: 0 | X62: 0 | Y62: 0 | Z62: 0 | AA62: 0 | AB62: 0 | AC62: 0 | AD62: 646000000 | AE62: 1565000000 | AF62: 215000000 | AG62: 0 | AH62: 0 | AI62: 0 | AK62: =AU62-SUM(AH62:AJ62) -> 0 | AM62: 0 | AR62: 0 | AS62: 0 | AT62: 2426000000 | AU62: 0
A63: Repayment of commercial paper notes | B63: 0 | C63: 0 | D63: 0 | E63: 0 | F63: 0 | G63: 0 | H63: 0 | I63: 0 | J63: 0 | K63: 0 | L63: 0 | M63: 0 | N63: 0 | O63: 0 | P63: 0 | Q63: 0 | R63: 0 | S63: 0 | T63: 0 | U63: 0 | V63: 0 | W63: 0 | X63: 0 | Y63: 0 | Z63: 0 | AA63: 0 | AB63: 0 | AC63: 0 | AD63: -146000000 | AE63: -1315000000 | AF63: -950000000 | AG63: -15000000 | AH63: 0 | AI63: 0 | AK63: =AU63-SUM(AH63:AJ63) -> 0 | AM63: 0 | AR63: 0 | AS63: 0 | AT63: -2426000000 | AU63: 0
A64: Cash paid for terminated acquisition adjustment event | B64: 0 | C64: 0 | D64: 0 | E64: -60000000 | F64: 0 | G64: 0 | H64: 0 | I64: 0 | J64: 0 | K64: 0 | L64: 0 | M64: 0 | N64: 0 | O64: 0 | P64: 0 | Q64: 0 | R64: 0 | S64: 0 | T64: 0 | U64: 0 | V64: 0 | W64: 0 | X64: 0 | Y64: 0 | Z64: 0 | AA64: 0 | AB64: 0 | AC64: 0 | AD64: 0 | AE64: 0 | AF64: 0 | AG64: 0 | AH64: 0 | AI64: 0 | AK64: =AU64-SUM(AH64:AJ64) -> 0 | AM64: -60000000 | AN64: =SUM(F64:I64) -> 0 | AO64: =SUM(J64:M64) -> 0 | AP64: =N64+O64+P64+Q64 -> 0 | AQ64: =SUM(R64:U64) -> 0 | AR64: 0 | AS64: 0 | AT64: 0 | AU64: 0
A65: Dividends paid to non-controlling interests | B65: 0 | C65: 0 | D65: -54000000 | E65: 0 | F65: 0 | G65: 0 | H65: 0 | I65: 0 | J65: 0 | K65: 0 | L65: -34000000 | M65: -1000000 | N65: 0 | O65: 0 | P65: 0 | Q65: 0 | R65: 0 | S65: 0 | T65: 0 | U65: 0 | V65: 0 | W65: 0 | X65: 0 | Y65: 0 | Z65: 0 | AA65: 0 | AB65: 0 | AC65: 0 | AD65: 0 | AE65: 0 | AF65: 0 | AG65: 0 | AH65: -29000000 | AI65: 0 | AK65: =AU65-SUM(AH65:AJ65) -> -30000000 | AM65: -54000000 | AN65: =SUM(F65:I65) -> 0 | AO65: =SUM(J65:M65) -> -35000000 | AP65: =N65+O65+P65+Q65 -> 0 | AQ65: =SUM(R65:U65) -> 0 | AR65: 0 | AS65: 0 | AT65: 0 | AU65: -59000000
A66: Dividends paid to common stockholders | B66: 0 | C66: 0 | D66: 0 | E66: -74000000 | F66: -73000000 | G66: -71000000 | H66: -70000000 | I66: -105000000 | J66: -105000000 | K66: -105000000 | L66: -105000000 | M66: -105000000 | N66: -105000000 | O66: -155000000 | P66: -152000000 | Q66: -150000000 | R66: -149000000 | S66: -222000000 | T66: -223000000 | U66: -221000000 | V66: -219000000 | W66: -264000000 | X66: -262000000 | Y66: -261000000 | Z66: -261000000 | AA66: -260000000 | AB66: -259000000 | AC66: -258000000 | AD66: -258000000 | AE66: -257000000 | AF66: -256000000 | AG66: -254000000 | AH66: -256000000 | AI66: -256000000 | AK66: =AU66-SUM(AH66:AJ66) -> -256000000 | AM66: -74000000 | AN66: =SUM(F66:I66) -> -319000000 | AO66: =SUM(J66:M66) -> -420000000 | AP66: =N66+O66+P66+Q66 -> -562000000 | AQ66: =SUM(R66:U66) -> -815000000 | AR66: -1006000000 | AS66: -1038000000 | AT66: -1025000000 | AU66: -768000000
A67: Purchase of non-controlling interest shares | B67: 0 | C67: 0 | D67: 0 | E67: 0 | F67: 0 | G67: 0 | H67: 0 | I67: 0 | J67: 0 | K67: 0 | L67: 0 | M67: 0 | N67: 0 | O67: 0 | P67: 0 | Q67: 0 | R67: 0 | S67: 0 | T67: 0 | U67: 0 | V67: 0 | AM67: 0 | AN67: =SUM(F67:I67) -> 0 | AO67: =SUM(J67:M67) -> 0 | AP67: =N67+O67+P67+Q67 -> 0 | AQ67: =SUM(R67:U67) -> 0 | AR67: 0 | AS67: 0 | AU67: =SUM(AD67:AK67) -> 0
A68: Net proceeds from the issuance of common stock | B68: 0 | C68: 0 | D68: 0 | E68: 0 | F68: 0 | G68: 0 | H68: 0 | I68: 0 | J68: 0 | K68: 0 | L68: 0 | M68: 0 | N68: 0 | O68: 0 | P68: 0 | Q68: 0 | R68: 0 | S68: 0 | T68: 0 | U68: 0 | V68: 0 | AM68: 0 | AN68: =SUM(F68:I68) -> 0 | AO68: =SUM(J68:M68) -> 0 | AP68: =N68+O68+P68+Q68 -> 0 | AQ68: =SUM(R68:U68) -> 0 | AR68: 0 | AS68: 0 | AU68: =SUM(AD68:AK68) -> 0
A69: Proceeds from issuance of common stock through stock plans | B69: 20000000 | C69: 10000000 | D69: 6000000 | E69: 3000000 | F69: 32000000 | G69: 5000000 | H69: 33000000 | I69: 14000000 | J69: 29000000 | K69: 8000000 | L69: 27000000 | M69: 8000000 | N69: 31000000 | O69: 0 | P69: 29000000 | Q69: 2000000 | R69: 28000000 | S69: 0 | T69: 30000000 | U69: 1000000 | V69: 33000000 | W69: 1000000 | X69: 36000000 | Y69: 1000000 | Z69: 37000000 | AA69: 3000000 | AB69: 39000000 | AC69: 3000000 | AD69: 37000000 | AE69: 2000000 | AF69: 38000000 | AG69: 6000000 | AH69: 36000000 | AI69: 1000000 | AK69: =AU69-SUM(AH69:AJ69) -> 34000000 | AM69: 39000000 | AN69: =SUM(F69:I69) -> 84000000 | AO69: =SUM(J69:M69) -> 72000000 | AP69: =N69+O69+P69+Q69 -> 62000000 | AQ69: =SUM(R69:U69) -> 59000000 | AR69: 71000000 | AS69: 82000000 | AT69: 83000000 | AU69: 71000000
A70: Purchase of treasury shares and restricted stock unit withholdings | B70: -30000000 | C70: -2000000 | D70: -4550000000 | E70: -424000000 | F70: -715000000 | G70: -645000000 | H70: -9000000 | I70: -74000000 | J70: -355000000 | K70: -3000000 | L70: -12000000 | M70: -257000000 | N70: -905000000 | O70: -1203000000 | P70: -1157000000 | Q70: -750000000 | R70: -552000000 | S70: -2000000 | T70: -366000000 | U70: -506000000 | V70: -11000000 | W70: -302000000 | X70: -306000000 | Y70: -434000000 | Z70: -303000000 | AA70: -310000000 | AB70: -305000000 | AC70: -455000000 | AD70: -303000000 | AE70: -204000000 | AF70: -54000000 | AG70: -338000000 | AH70: -102000000 | AI70: -104000000 | AK70: =AU70-SUM(AH70:AJ70) -> -103000000 | AM70: -5006000000 | AN70: =SUM(F70:I70) -> -1443000000 | AO70: =SUM(J70:M70) -> -627000000 | AP70: =N70+O70+P70+Q70 -> -4015000000 | AQ70: =SUM(R70:U70) -> -1426000000 | AR70: -1053000000 | AS70: -1373000000 | AT70: -899000000 | AU70: -309000000
A71: Cash paid on behalf of shareholders for tax on repurchased shares | B71: 0 | C71: 0 | D71: 0 | E71: -142000000 | F71: 0 | G71: 0 | H71: 0 | I71: -128000000 | J71: 0 | K71: 0 | L71: 0 | M71: 0 | N71: 0 | O71: 0 | P71: 0 | Q71: 0 | R71: 0 | S71: 0 | T71: 0 | U71: 0 | V71: 0 | W71: 0 | X71: 0 | Y71: 0 | Z71: 0 | AA71: 0 | AB71: 0 | AC71: 0 | AD71: 0 | AE71: 0 | AF71: 0 | AG71: 0 | AH71: 0 | AI71: 0 | AK71: =AU71-SUM(AH71:AJ71) -> 0 | AM71: -142000000 | AN71: =SUM(F71:I71) -> -128000000 | AO71: =SUM(J71:M71) -> 0 | AP71: =N71+O71+P71+Q71 -> 0 | AQ71: =SUM(R71:U71) -> 0 | AR71: 0 | AS71: 0 | AT71: 0 | AU71: 0
A72: Other, net | B72: 0 | C72: 0 | D72: 0 | E72: 0 | F72: 0 | G72: 0 | H72: 0 | I72: 0 | J72: 0 | K72: 0 | L72: 0 | M72: -1000000 | N72: 0 | O72: -1000000 | P72: 0 | Q72: -1000000 | R72: 0 | S72: -1000000 | T72: 0 | U72: -1000000 | V72: -1000000 | W72: 0 | X72: -1000000 | Y72: 0 | Z72: -1000000 | AA72: 0 | AB72: -1000000 | AC72: 0 | AD72: -1000000 | AE72: 0 | AF72: -1000000 | AG72: -11000000 | AH72: -1000000 | AI72: 0 | AK72: =AU72-SUM(AH72:AJ72) -> 0 | AM72: 0 | AO72: =SUM(J72:M72) -> -1000000 | AP72: =N72+O72+P72+Q72 -> -2000000 | AQ72: =SUM(R72:U72) -> -2000000 | AR72: -2000000 | AS72: -2000000 | AT72: -13000000 | AU72: -1000000
A73: Net cash provided by (used for) financing activities | B73: -10000000 | C73: -1266000000 | D73: -3609000000 | E73: 288000000 | F73: -756000000 | G73: 463000000 | H73: -95000000 | I73: -1443000000 | J73: -431000000 | K73: 1885000000 | L73: -124000000 | M73: -2165000000 | N73: -979000000 | O73: 619000000 | P73: -1280000000 | Q73: 55000000 | R73: -674000000 | S73: 342000000 | T73: -559000000 | U73: -728000000 | V73: -198000000 | W73: -565000000 | X73: -533000000 | Y73: -694000000 | Z73: -1528000000 | AA73: -567000000 | AB73: -526000000 | AC73: -41000000 | AD73: 345000000 | AE73: -709000000 | AF73: 482000000 | AG73: -612000000 | AH73: -856000000 | AI73: -1109000000 | AK73: =AU73-SUM(AH73:AJ73) -> -355000000 | AM73: -4597000000 | AN73: =SUM(F73:I73) -> -1831000000 | AO73: =SUM(J73:M73) -> -835000000 | AP73: =N73+O73+P73+Q73 -> -1585000000 | AQ73: =SUM(R73:U73) -> -1619000000 | AR73: -1990000000 | AS73: -2662000000 | AT73: -494000000 | AU73: -2320000000
A75: Net cash provided by (used for) continuing operations | B75: 436000000 | C75: -995000000 | D75: -1036000000 | E75: 845000000 | F75: -596000000 | G75: 836000000 | H75: 513000000 | I75: -2495000000 | J75: 44000000 | K75: 2186000000 | L75: 298000000 | M75: -1299000000 | N75: -428000000 | O75: 1066000000 | P75: -604000000 | Q75: 524000000 | R75: -147000000 | S75: 873000000 | T75: 225000000 | U75: 76000000 | V75: 83000000 | W75: -64000000 | X75: 182000000 | Y75: -186000000 | Z75: -951000000 | AA75: -45000000 | AB75: -118000000 | AC75: 548000000 | AD75: 694000000 | AE75: -822000000 | AF75: 284000000 | AG75: -187000000 | AH75: 445000000 | AI75: -486000000 | AK75: =AU75-SUM(AH75:AJ75) -> 724000000 | AM75: -750000000 | AN75: =SUM(F75:I75) -> -1742000000 | AO75: =SUM(J75:M75) -> 1229000000 | AP75: =N75+O75+P75+Q75 -> 558000000 | AQ75: =SUM(R75:U75) -> 1027000000 | AR75: 15000000 | AS75: -566000000 | AT75: -31000000 | AU75: 683000000
A76: Cash flows from discontinued operations:
A77: Net cash provided by (used for) operating activities | B77: 0 | C77: 0 | D77: 0 | E77: 0 | F77: 0 | G77: 0 | H77: 0 | I77: 0 | J77: 0 | K77: 0 | L77: 0 | M77: 0 | N77: 0 | O77: 0 | P77: 0 | Q77: 0 | R77: 0 | S77: 0 | T77: 0 | U77: 0 | V77: 0 | AG77: 0 | AH77: 0 | AI77: 0 | AK77: =AU77-SUM(AH77:AJ77) -> 0 | AM77: 0 | AN77: =SUM(F77:I77) -> 0 | AO77: =SUM(J77:M77) -> 0 | AP77: =N77+O77+P77+Q77 -> 0 | AQ77: =SUM(R77:U77) -> 0 | AR77: 0 | AS77: 0
A78: Net cash provided by (used for) investing activities | B78: 0 | C78: 0 | D78: 0 | E78: 0 | F78: 0 | G78: 0 | H78: 0 | I78: 0 | J78: 0 | K78: 0 | L78: 0 | M78: 0 | N78: 0 | O78: 0 | P78: 0 | Q78: 0 | R78: 0 | S78: 0 | T78: 0 | U78: 0 | V78: 0 | AG78: 0 | AH78: 0 | AI78: 0 | AK78: =AU78-SUM(AH78:AJ78) -> 0 | AM78: 0 | AN78: =SUM(F78:I78) -> 0 | AO78: =SUM(J78:M78) -> 0 | AP78: =N78+O78+P78+Q78 -> 0 | AQ78: =SUM(R78:U78) -> 0 | AR78: 0 | AS78: 0
A79: Net cash provided by (used for) financing activities | B79: 0 | C79: 0 | D79: 0 | E79: 0 | F79: 0 | G79: 0 | H79: 0 | I79: 0 | J79: 0 | K79: 0 | L79: 0 | M79: 0 | N79: 0 | O79: 0 | P79: 0 | Q79: 0 | R79: 0 | S79: 0 | T79: 0 | U79: 0 | V79: 0 | AG79: 0 | AH79: 0 | AI79: 0 | AK79: =AU79-SUM(AH79:AJ79) -> 0 | AM79: 0 | AN79: =SUM(F79:I79) -> 0 | AO79: =SUM(J79:M79) -> 0 | AP79: =N79+O79+P79+Q79 -> 0 | AQ79: =SUM(R79:U79) -> 0 | AR79: 0 | AS79: 0
A80: Net cash provided by (used for) discontinued operations | B80: 0 | C80: 0 | D80: 0 | E80: 0 | F80: 0 | G80: 0 | H80: 0 | I80: 0 | J80: 0 | K80: 0 | L80: 0 | M80: 0 | N80: 0 | O80: 0 | P80: 0 | Q80: 0 | R80: 0 | S80: 0 | T80: 0 | U80: 0 | V80: 0 | AG80: 0 | AH80: 0 | AI80: 0 | AK80: =AU80-SUM(AH80:AJ80) -> 0 | AM80: 0 | AN80: =SUM(F80:I80) -> 0 | AO80: =SUM(J80:M80) -> 0 | AP80: =N80+O80+P80+Q80 -> 0 | AQ80: =SUM(R80:U80) -> 0 | AR80: 0 | AS80: 0
A81: Net cash provided by (used for) continuing and discontinued operations | B81: 436000000 | C81: -995000000 | D81: -1036000000 | E81: 845000000 | F81: -596000000 | G81: 836000000 | H81: 513000000 | I81: -2495000000 | J81: 44000000 | K81: 2186000000 | L81: 298000000 | M81: -1299000000 | N81: -428000000 | O81: 1066000000 | P81: -604000000 | Q81: 524000000 | R81: -147000000 | S81: 873000000 | T81: 225000000 | U81: 76000000 | V81: 83000000 | W81: -64000000 | X81: 182000000 | Y81: -186000000 | Z81: -951000000 | AA81: -45000000 | AB81: -118000000 | AC81: 548000000 | AD81: 694000000 | AE81: -822000000 | AF81: 284000000 | AG81: -187000000 | AH81: 445000000 | AI81: -486000000 | AK81: =AU81-SUM(AH81:AJ81) -> 724000000 | AM81: -750000000 | AN81: =SUM(F81:I81) -> -1742000000 | AO81: =SUM(J81:M81) -> 1229000000 | AP81: =N81+O81+P81+Q81 -> 558000000 | AQ81: =SUM(R81:U81) -> 1027000000 | AR81: 83000000 | AS81: =SUM(AS75:AS80) -> -566000000 | AT81: =SUM(AT75:AT80) -> -31000000 | AU81: =SUM(AU75:AU80) -> 683000000
A83: Effect of changes in exchange rate on cash positions | B83: 0 | C83: -7000000 | D83: -1000000 | E83: 0 | F83: -1000000 | G83: 2000000 | H83: -6000000 | I83: 3000000 | J83: -10000000 | K83: 1000000 | L83: 2000000 | M83: 8000000 | N83: -5000000 | O83: 2000000 | P83: -3000000 | Q83: 3000000 | R83: 0 | S83: -11000000 | T83: -11000000 | U83: 10000000 | V83: 2000000 | W83: -3000000 | X83: -3000000 | Y83: 6000000 | Z83: -3000000 | AA83: -4000000 | AB83: 7000000 | AC83: -4000000 | AD83: 2000000 | AE83: 4000000 | AF83: 0 | AG83: 0 | AH83: -4000000 | AI83: 0 | AK83: =AU83-SUM(AH83:AJ83) -> -3000000 | AM83: -8000000 | AN83: =SUM(F83:I83) -> -2000000 | AO83: =SUM(J83:M83) -> 1000000 | AP83: =N83+O83+P83+Q83 -> -3000000 | AQ83: =SUM(R83:U83) -> -12000000 | AR83: 2000000 | AS83: -4000000 | AT83: 6000000 | AU83: -7000000
A85: Increase (decrease) in cash and cash equivalents | B85: 436000000 | C85: -1002000000 | D85: -1037000000 | E85: 845000000 | F85: -597000000 | G85: 838000000 | H85: 507000000 | I85: -2492000000 | J85: 34000000 | K85: 2187000000 | L85: 300000000 | M85: -1291000000 | N85: -433000000 | O85: 1068000000 | P85: -607000000 | Q85: 527000000 | R85: -147000000 | S85: 862000000 | T85: 214000000 | U85: 86000000 | V85: 85000000 | W85: -67000000 | X85: 179000000 | Y85: -180000000 | Z85: -954000000 | AA85: -49000000 | AB85: -111000000 | AC85: 544000000 | AD85: 696000000 | AE85: -818000000 | AF85: 284000000 | AG85: -187000000 | AH85: 441000000 | AI85: -486000000 | AK85: =AU85-SUM(AH85:AJ85) -> 721000000 | AM85: -758000000 | AN85: =SUM(F85:I85) -> -1744000000 | AO85: =SUM(J85:M85) -> 1230000000 | AP85: =N85+O85+P85+Q85 -> 555000000 | AQ85: =SUM(R85:U85) -> 1015000000 | AR85: 17000000 | AS85: -570000000 | AT85: -25000000 | AU85: 676000000
A86: Cash and cash equivalents at beginning of period | B86: 3547000000 | C86: 3983000000 | D86: 2981000000 | E86: 1944000000 | F86: 2789000000 | G86: 2192000000 | H86: 3030000000 | I86: 3537000000 | J86: 1045000000 | K86: 1079000000 | L86: 3266000000 | M86: 3566000000 | N86: 2275000000 | O86: 1842000000 | P86: 2910000000 | Q86: 2303000000 | R86: 2830000000 | S86: 2683000000 | T86: 3545000000 | U86: 3759000000 | V86: 3845000000 | W86: 3930000000 | X86: 3863000000 | Y86: 4042000000 | Z86: 3862000000 | AA86: 2908000000 | AB86: 2859000000 | AC86: 2748000000 | AD86: 3292000000 | AE86: 3988000000 | AF86: 3170000000 | AG86: 3454000000 | AH86: 3267000000 | AI86: 3708000000 | AJ86: =AI87 -> 3222000000 | AK86: =AJ87 -> 3222000000 | AM86: 3547000000 | AN86: 2789000000 | AO86: 1045000000 | AP86: 2275000000 | AQ86: 2830000000 | AR86: 3845000000 | AS86: 3862000000 | AT86: 3292000000 | AU86: 3267000000
A87: Cash and cash equivalents at end of period | B87: 3983000000 | C87: 2981000000 | D87: 1944000000 | E87: 2789000000 | F87: 2192000000 | G87: 3030000000 | H87: 3537000000 | I87: 1045000000 | J87: 1079000000 | K87: 3266000000 | L87: 3566000000 | M87: 2275000000 | N87: 1842000000 | O87: 2910000000 | P87: 2303000000 | Q87: 2830000000 | R87: 2683000000 | S87: 3545000000 | T87: 3759000000 | U87: 3845000000 | V87: 3930000000 | W87: 3863000000 | X87: 4042000000 | Y87: 3862000000 | Z87: 2908000000 | AA87: 2859000000 | AB87: 2748000000 | AC87: 3292000000 | AD87: 3988000000 | AE87: 3170000000 | AF87: 3454000000 | AG87: 3267000000 | AH87: 3708000000 | AI87: 3222000000 | AJ87: =AJ86+AJ85 -> 3222000000 | AK87: =AU87 -> 3943000000 | AM87: 2789000000 | AN87: 1045000000 | AO87: 2275000000 | AP87: 2830000000 | AQ87: 3845000000 | AR87: 3862000000 | AS87: 3292000000 | AT87: 3267000000 | AU87: 3943000000
A88: Less: cash and cash equivalents at end of period-discontinued operations | B88: 0 | C88: 0 | D88: 0 | E88: 0 | F88: 0 | G88: 0 | H88: 0 | I88: 0 | J88: 0 | K88: 0 | L88: 0 | M88: 0 | N88: 0 | O88: 0 | P88: 0 | Q88: 0 | R88: 0 | S88: 0 | T88: 0 | U88: 0 | V88: 0 | W88: 0 | X88: 0 | Y88: 0 | Z88: 0 | AA88: 0 | AB88: 0 | AC88: 0 | AD88: 0 | AE88: 0 | AF88: 0 | AG88: 0 | AH88: 0 | AI88: 0 | AK88: =(AU88/1000000)-AD88-AE88-AF88 -> 0 | AM88: 0 | AN88: 0 | AO88: 0 | AP88: 0 | AQ88: 0 | AR88: 0 | AS88: 0 | AT88: 0 | AU88: 0
A89: Cash and cash equivalents at end of period-continuing operations | B89: 3983000000 | C89: 2981000000 | D89: 1944000000 | E89: 2789000000 | F89: 2192000000 | G89: 3030000000 | H89: 3537000000 | I89: 1045000000 | J89: 1079000000 | K89: 3266000000 | L89: 3566000000 | M89: 2275000000 | N89: 1842000000 | O89: 2910000000 | P89: 2303000000 | Q89: 2830000000 | R89: 2683000000 | S89: 3545000000 | T89: 3759000000 | U89: 3845000000 | V89: 3930000000 | W89: 3863000000 | X89: 4042000000 | Y89: 3862000000 | Z89: 2908000000 | AA89: 2859000000 | AB89: 2748000000 | AC89: 3292000000 | AD89: 3988000000 | AE89: 3170000000 | AF89: 3454000000 | AG89: 3267000000 | AH89: 3708000000 | AI89: 3222000000 | AK89: =AU89 -> 3943000000 | AM89: 2789000000 | AN89: 1045000000 | AO89: 2275000000 | AP89: 2830000000 | AQ89: 3845000000 | AR89: 3862000000 | AS89: 3292000000 | AT89: 3267000000 | AU89: 3943000000
A92: Net cash paid during the period for:
A93: Interest | B93: 21000000 | C93: 75000000 | D93: 7000000 | E93: 74000000 | F93: 25000000 | G93: 78000000 | H93: 44000000 | I93: 95000000 | J93: 53000000 | K93: 104000000 | L93: 54000000 | M93: 125000000 | N93: 56000000 | O93: 104000000 | P93: 56000000 | Q93: 140000000 | R93: 45000000 | S93: 133000000 | T93: 39000000 | U93: 106000000 | V93: 54000000 | W93: 86000000 | X93: 38000000 | Y93: 83000000 | Z93: 38000000 | AA93: 86000000 | AB93: 27000000 | AC93: 92000000 | AD93: 41000000 | AE93: 109000000 | AF93: 44000000 | AG93: 112000000 | AH93: 79000000 | AI93: 96000000 | AK93: =AU93-SUM(AH93:AJ93) -> 64000000 | AM93: 177000000 | AN93: 242000000 | AO93: =SUM(J93:M93) -> 336000000 | AP93: 356000000 | AQ93: 323000000 | AR93: 261000000 | AS93: 243000000 | AT93: 306000000 | AU93: 239000000
A94: Income taxes | B94: 44000000 | C94: 3000000 | D94: 80000000 | E94: 61000000 | F94: 209000000 | G94: 66000000 | H94: 59000000 | I94: 34000000 | J94: 39000000 | K94: 25000000 | L94: 39000000 | M94: 45000000 | N94: 40000000 | O94: 121000000 | P94: 89000000 | Q94: 103000000 | R94: 122000000 | S94: 150000000 | T94: 160000000 | U94: 126000000 | V94: 294000000 | W94: 239000000 | X94: 165000000 | Y94: 221000000 | Z94: 198000000 | AA94: 193000000 | AB94: 196000000 | AC94: 280000000 | AD94: 96000000 | AE94: 167000000 | AF94: 174000000 | AG94: 144000000 | AH94: 93000000 | AI94: 289000000 | AK94: =AU94-SUM(AH94:AJ94) -> 293000000 | AM94: 188000000 | AN94: 368000000 | AO94: =SUM(J94:M94) -> 148000000 | AP94: 353000000 | AQ94: 558000000 | AR94: 919000000 | AS94: 867000000 | AT94: 581000000 | AU94: 675000000
A95: Net gain (loss) on sale of assets:
A96: Cash proceeds from the sale of assets | B96: 0 | C96: 0 | D96: 0 | E96: 0 | F96: 0 | G96: 0 | H96: 21000000 | I96: 0 | J96: 161000000 | K96: 0 | L96: 2000000 | M96: 2000000 | N96: 0 | O96: 0 | P96: 0 | Q96: 1000000 | R96: 1000000 | S96: 0 | T96: 1000000 | U96: 0 | V96: 0 | W96: 1000000 | X96: 0 | Y96: 0 | Z96: 2000000 | AA96: 1000000 | AB96: 0 | AC96: 1000000 | AD96: 31000000 | AE96: 6000000 | AF96: 1000000 | AG96: 0 | AH96: 878000000 | AI96: 0 | AK96: =AU96-SUM(AH96:AJ96) -> 1000000 | AM96: 0 | AN96: 21000000 | AO96: =SUM(J96:M96) -> 165000000 | AP96: 1000000 | AQ96: 2000000 | AR96: 1000000 | AS96: 4000000 | AT96: 38000000 | AU96: 879000000
A97: Book value of these assets | B97: 0 | C97: 0 | D97: 0 | E97: 0 | F97: 0 | G97: 0 | H97: -1000000 | I97: 0 | J97: -51000000 | K97: 0 | L97: -1000000 | M97: 2000000 | N97: 0 | O97: 0 | P97: 0 | Q97: 0 | R97: 0 | S97: 0 | T97: 0 | U97: -2000000 | V97: 0 | W97: 0 | X97: 0 | Y97: 0 | Z97: 0 | AA97: -1000000 | AB97: 0 | AC97: 0 | AD97: -9000000 | AE97: 0 | AF97: 0 | AG97: 0 | AH97: -295000000 | AI97: 0 | AK97: =AU97-SUM(AH97:AJ97) -> -1000000 | AM97: 0 | AN97: -1000000 | AO97: =SUM(J97:M97) -> -50000000 | AP97: 0 | AQ97: -2000000 | AR97: 0 | AS97: -1000000 | AT97: -9000000 | AU97: -296000000
A98: Non-cash investing activities:
A99: Non-cash capital expenditures | B99: 0 | C99: 0 | D99: 0 | E99: 137000000 | F99: 89000000 | G99: 89000000 | H99: 94000000 | I99: 133000000 | J99: 78000000 | K99: 54000000 | L99: 62000000 | M99: 119000000 | N99: 121000000 | O99: 167000000 | P99: 224000000 | Q99: 243000000 | R99: 246000000 | S99: 243000000 | T99: 176000000 | U99: 232000000 | V99: 176000000 | W99: 165000000 | X99: 167000000 | Y99: 266000000 | Z99: 223000000 | AA99: 166000000 | AB99: 125000000 | AC99: 161000000 | AD99: 108000000 | AE99: 103000000 | AF99: 112000000 | AG99: 110000000 | AH99: 87000000 | AI99: -23000000 | AK99: =AU99-SUM(AH99:AJ99) -> 40000000 | AM99: 137000000 | AN99: 133000000 | AO99: 119000000 | AP99: 243000000 | AQ99: 232000000 | AR99: 266000000 | AS99: 161000000 | AT99: 110000000 | AU99: 104000000
A101: Non-cash adjustment related to the adoption of ASC 606:
A102: Receivables and other current assets | B102: -36000000 | AM102: -36000000
A103: Inventories | B103: 22000000 | AM103: 22000000

Sheet Revenue
A1: NXP Semiconductors
A3: Revenue by End Market (unaudited) | AU3: YTD
A4: ($ in millions) | B4: Q1 2018 | C4: Q2 2018 | D4: Q3 2018 | E4: Q4 2018 | F4: Q1 2019 | G4: Q2 2019 | H4: Q3 2019 | I4: Q4 2019 | J4: Q1 2020 | K4: Q2 2020 | L4: Q3 2020 | M4: Q4 2020 | N4: Q1 2021 | O4: Q2 2021 | P4: Q3 2021 | Q4: Q4 2021 | R4: Q1 2022 | S4: Q2 2022 | T4: Q3 2022 | U4: Q4 2022 | V4: Q1 2023 | W4: Q2 2023 | X4: Q3 2023 | Y4: Q4 2023 | Z4: Q1 2024 | AA4: Q2 2024 | AB4: Q3 2024 | AC4: Q4 2024 | AD4: Q1 2025 | AE4: Q2 2025 | AF4: Q3 2025 | AG4: Q4 2025 | AH4: Q1 2026 | AI4: Q2 2026 | AK4: Q3 2026 | AM4: 2018 | AN4: 2019 | AO4: 2020 | AP4: 2021 | AQ4: 2022 | AR4: 2023 | AS4: 2024 | AT4: 2025 | AU4: 2026
A5: Automotive | B5: 1131000000 | C5: 1143000000 | D5: 1121000000 | E5: 1112000000 | F5: 1036000000 | G5: 1031000000 | H5: 1048000000 | I5: 1097000000 | J5: 994000000 | K5: 674000000 | L5: 964000000 | M5: 1193000000 | N5: 1229000000 | O5: 1262000000 | P5: 1455000000 | Q5: 1547000000 | R5: 1557000000 | S5: 1713000000 | T5: 1804000000 | U5: 1805000000 | V5: 1828000000 | W5: 1866000000 | X5: 1891000000 | Y5: 1899000000 | Z5: 1804000000 | AA5: 1728000000 | AB5: 1829000000 | AC5: 1790000000 | AD5: 1674000000 | AE5: 1729000000 | AF5: 1837000000 | AG5: 1876000000 | AH5: 1782000000 | AI5: 1938000000 | AK5: =(AU5)-SUM(AH5:AJ5) -> 2070000000 | AM5: 4507000000 | AN5: 4212000000 | AO5: 3825000000 | AP5: 5493000000 | AQ5: 6879000000 | AR5: 7484000000 | AS5: 7151000000 | AT5: 7116000000 | AU5: 5790000000
A6: Industrial & IoT | B6: 426000000 | C6: 454000000 | D6: 498000000 | E6: 435000000 | F6: 368000000 | G6: 390000000 | H6: 426000000 | I6: 415000000 | J6: 376000000 | K6: 435000000 | L6: 514000000 | M6: 511000000 | N6: 571000000 | O6: 571000000 | P6: 607000000 | Q6: 661000000 | R6: 682000000 | S6: 713000000 | T6: 713000000 | U6: 605000000 | V6: 504000000 | W6: 578000000 | X6: 607000000 | Y6: 662000000 | Z6: 574000000 | AA6: 616000000 | AB6: 563000000 | AC6: 516000000 | AD6: 508000000 | AE6: 546000000 | AF6: 579000000 | AG6: 640000000 | AH6: 628000000 | AI6: 755000000 | AK6: =(AU6)-SUM(AH6:AJ6) -> 802000000 | AM6: 1813000000 | AN6: 1599000000 | AO6: 1836000000 | AP6: 2410000000 | AQ6: 2713000000 | AR6: 2351000000 | AS6: 2269000000 | AT6: 2273000000 | AU6: 2185000000
A7: Mobile | B7: 266000000 | C7: 238000000 | D7: 316000000 | E7: 344000000 | F7: 241000000 | G7: 297000000 | H7: 321000000 | I7: 332000000 | J7: 247000000 | K7: 255000000 | L7: 337000000 | M7: 409000000 | N7: 346000000 | O7: 347000000 | P7: 345000000 | Q7: 374000000 | R7: 401000000 | S7: 388000000 | T7: 410000000 | U7: 408000000 | V7: 260000000 | W7: 284000000 | X7: 377000000 | Y7: 406000000 | Z7: 349000000 | AA7: 345000000 | AB7: 407000000 | AC7: 396000000 | AD7: 338000000 | AE7: 331000000 | AF7: 430000000 | AG7: 485000000 | AH7: 391000000 | AI7: 351000000 | AK7: =(AU7)-SUM(AH7:AJ7) -> 411000000 | AM7: 1164000000 | AN7: 1191000000 | AO7: 1248000000 | AP7: 1412000000 | AQ7: 1607000000 | AR7: 1327000000 | AS7: 1497000000 | AT7: 1584000000 | AU7: 1153000000
A8: Communication Infrastructure & Other | B8: 407000000 | C8: 419000000 | D8: 478000000 | E8: 483000000 | F8: 449000000 | G8: 499000000 | H8: 470000000 | I8: 457000000 | J8: 404000000 | K8: 453000000 | L8: 452000000 | M8: 394000000 | N8: 421000000 | O8: 416000000 | P8: 454000000 | Q8: 457000000 | R8: 496000000 | S8: 498000000 | T8: 518000000 | U8: 494000000 | V8: 529000000 | W8: 571000000 | X8: 559000000 | Y8: 455000000 | Z8: 399000000 | AA8: 438000000 | AB8: 451000000 | AC8: 409000000 | AD8: 315000000 | AE8: 320000000 | AF8: 327000000 | AG8: 334000000 | AH8: 380000000 | AI8: 452000000 | AK8: =(AU8)-SUM(AH8:AJ8) -> 503000000 | AM8: 1787000000 | AN8: 1875000000 | AO8: 1703000000 | AP8: 1748000000 | AQ8: 2006000000 | AR8: 2114000000 | AS8: 1697000000 | AT8: 1296000000 | AU8: 1335000000
A9: Standard Products | B9: 0 | C9: 0 | D9: 0 | E9: 0 | F9: 0 | G9: 0 | H9: 0 | I9: 0 | J9: 0 | K9: 0 | L9: 0 | M9: 0 | N9: 0 | O9: 0 | P9: 0 | Q9: 0 | R9: 0 | S9: 0 | T9: 0 | U9: 0 | V9: 0 | W9: 0 | X9: 0 | Y9: 0 | AH9: 0 | AI9: 0 | AK9: =(AU9)-SUM(AH9:AJ9) -> 0 | AM9: 0 | AN9: 0 | AO9: 0 | AP9: 0 | AQ9: 0 | AR9: 0 | AS9: 0
A10: Manufacturing Service Agreements 1) | B10: 39000000 | C10: 36000000 | D10: 32000000 | E10: 29000000 | F10: 0 | G10: 0 | H10: 0 | I10: 0 | J10: 0 | K10: 0 | L10: 0 | M10: 0 | N10: 0 | O10: 0 | P10: 0 | Q10: 0 | R10: 0 | S10: 0 | T10: 0 | U10: 0 | V10: 0 | W10: 0 | X10: 0 | Y10: 0 | AH10: 0 | AI10: 0 | AK10: =(AU10)-SUM(AH10:AJ10) -> 0 | AM10: 136000000 | AN10: 0 | AO10: 0 | AP10: 0 | AQ10: 0 | AR10: 0 | AS10: 0
A11: Total NXP revenue | B11: 2269000000 | C11: 2290000000 | D11: 2445000000 | E11: 2403000000 | F11: 2094000000 | G11: 2217000000 | H11: 2265000000 | I11: 2301000000 | J11: 2021000000 | K11: 1817000000 | L11: 2267000000 | M11: 2507000000 | N11: 2567000000 | O11: 2596000000 | P11: 2861000000 | Q11: 3039000000 | R11: 3136000000 | S11: 3312000000 | T11: 3445000000 | U11: 3312000000 | V11: 3121000000 | W11: 3299000000 | X11: 3434000000 | Y11: 3422000000 | Z11: 3126000000 | AA11: 3127000000 | AB11: 3250000000 | AC11: 3111000000 | AD11: 2835000000 | AE11: 2926000000 | AF11: 3173000000 | AG11: 3335000000 | AH11: 3181000000 | AI11: 3496000000 | AK11: =(AU11)-SUM(AH11:AJ11) -> 3786000000 | AM11: 9407000000 | AN11: 8877000000 | AO11: 8612000000 | AP11: 11063000000 | AQ11: 13205000000 | AR11: 13276000000 | AS11: 12614000000 | AT11: 12269000000 | AU11: 10463000000
A13: 1) As of Jan 1st 2019, revenue and cost associated with Manufacturing Service Agreements will be consolidated under Other Income & Expense and will no longer be reported as Revenue
A15: Revenue by Sales Channel (unaudited) | AU15: YTD
A16: ($ in millions) | B16: Q1 2018 | C16: Q2 2018 | D16: Q3 2018 | E16: Q4 2018 | F16: Q1 2019 | G16: Q2 2019 | H16: Q3 2019 | I16: Q4 2019 | J16: Q1 2020 | K16: Q2 2020 | L16: Q3 2020 | M16: Q4 2020 | N16: Q1 2021 | O16: Q2 2021 | P16: Q3 2021 | Q16: Q4 2021 | R16: Q1 2022 | S16: Q2 2022 | T16: =T4 -> Q3 2022 | U16: Q4 2022 | V16: Q1 2023 | W16: Q2 2023 | X16: Q3 2023 | Y16: Q4 2023 | Z16: Q1 2024 | AA16: Q2 2024 | AB16: Q3 2024 | AC16: Q4 2024 | AD16: Q1 2025 | AE16: Q2 2025 | AF16: Q3 2025 | AG16: Q4 2025 | AH16: Q1 2026 | AI16: Q2 2026 | AK16: Q3 2026 | AP16: 2021 | AQ16: 2022 | AR16: 2023 | AS16: 2024 | AT16: 2025 | AU16: 2026
A17: Distributors | B17: 1147000000 | C17: 1198000000 | D17: 1277000000 | E17: 1275000000 | F17: 962000000 | G17: 1083000000 | H17: 1145000000 | I17: 1219000000 | J17: 984000000 | K17: 1059000000 | L17: 1243000000 | M17: 1434000000 | N17: 1468000000 | O17: 1518000000 | P17: 1631000000 | Q17: 1708000000 | R17: 1680000000 | S17: 1829000000 | T17: 1876000000 | U17: 1876000000 | V17: 1491000000 | W17: 1679000000 | X17: 1947000000 | Y17: 2078000000 | Z17: 1739000000 | AA17: 1804000000 | AB17: 1897000000 | AC17: 1763000000 | AD17: 1524000000 | AE17: 1636000000 | AF17: 1866000000 | AG17: 2025000000 | AH17: 1862000000 | AI17: 2072000000 | AK17: =(AU17)-SUM(AH17:AJ17) -> 2244000000 | AP17: 6325000000 | AQ17: 7261000000 | AR17: 7195000000 | AS17: 7203000000 | AT17: 7051000000 | AU17: 6178000000
A18: Direct | B18: 1091000000 | C18: 1064000000 | D18: 1137000000 | E18: 1097000000 | F18: 1118000000 | G18: 1114000000 | H18: 1086000000 | I18: 1046000000 | J18: 1006000000 | K18: 720000000 | L18: 989000000 | M18: 1038000000 | N18: 1064000000 | O18: 1040000000 | P18: 1191000000 | Q18: 1292000000 | R18: 1412000000 | S18: 1441000000 | T18: 1525000000 | U18: 1397000000 | V18: 1594000000 | W18: 1596000000 | X18: 1463000000 | Y18: 1310000000 | Z18: 1355000000 | AA18: 1294000000 | AB18: 1321000000 | AC18: 1321000000 | AD18: 1284000000 | AE18: 1257000000 | AF18: 1269000000 | AG18: 1274000000 | AH18: 1282000000 | AI18: 1375000000 | AK18: =(AU18)-SUM(AH18:AJ18) -> 1498000000 | AP18: 4587000000 | AQ18: 5775000000 | AR18: 5963000000 | AS18: 5291000000 | AT18: 5084000000 | AU18: 4155000000
A19: Other | B19: 31000000 | C19: 28000000 | D19: 31000000 | E19: 31000000 | F19: 14000000 | G19: 20000000 | H19: 34000000 | I19: 36000000 | J19: 31000000 | K19: 38000000 | L19: 35000000 | M19: 35000000 | N19: 35000000 | O19: 38000000 | P19: 39000000 | Q19: 39000000 | R19: 44000000 | S19: 42000000 | T19: 44000000 | U19: 39000000 | V19: 36000000 | W19: 24000000 | X19: 24000000 | Y19: 34000000 | Z19: 32000000 | AA19: 29000000 | AB19: 32000000 | AC19: 27000000 | AD19: 27000000 | AE19: 33000000 | AF19: 38000000 | AG19: 36000000 | AH19: 37000000 | AI19: 49000000 | AK19: =(AU19)-SUM(AH19:AJ19) -> 44000000 | AP19: 151000000 | AQ19: 169000000 | AR19: 118000000 | AS19: 120000000 | AT19: 134000000 | AU19: 130000000
A20: Total NXP revenue | B20: =SUM(B17:B19) -> 2269000000 | C20: =SUM(C17:C19) -> 2290000000 | D20: =SUM(D17:D19) -> 2445000000 | E20: =SUM(E17:E19) -> 2403000000 | F20: =SUM(F17:F19) -> 2094000000 | G20: =SUM(G17:G19) -> 2217000000 | H20: =SUM(H17:H19) -> 2265000000 | I20: =SUM(I17:I19) -> 2301000000 | ... M20: =SUM(M17:M19) -> 2507000000 | N20: 2567000000 | O20: 2596000000 | P20: 2861000000 | Q20: 3039000000 | R20: 3136000000 | S20: 3312000000 | T20: 3445000000 | U20: 3312000000 | V20: 3121000000 | W20: 3299000000 | X20: 3434000000 | Y20: 3422000000 | Z20: 3126000000 | AA20: 3127000000 | AB20: 3250000000 | AC20: 3111000000 | AD20: 2835000000 | AE20: 2926000000 | AF20: 3173000000 | AG20: 3335000000 | AH20: 3181000000 | AI20: 3496000000 | AK20: =(AU20)-SUM(AH20:AJ20) -> 3786000000 | AP20: 11063000000 | AQ20: 13205000000 | AR20: 13276000000 | AS20: 12614000000 | AT20: 12269000000 | AU20: 10463000000
A23: Revenue by Geographic Region (unaudited) 2) | AU23: YTD
A24: ($ in millions) | B24: Q1 2018 | C24: Q2 2018 | D24: Q3 2018 | E24: Q4 2018 | F24: Q1 2019 | G24: Q2 2019 | H24: Q3 2019 | I24: Q4 2019 | J24: Q1 2020 | K24: Q2 2020 | L24: Q3 2020 | M24: Q4 2020 | N24: Q1 2021 | O24: Q2 2021 | P24: Q3 2021 | Q24: Q4 2021 | R24: Q1 2022 | S24: Q2 2022 | T24: Q3 2022 | U24: Q4 2022 | V24: Q1 2023 | W24: Q2 2023 | X24: Q3 2023 | Y24: Q4 2023 | Z24: Q1 2024 | AA24: Q2 2024 | AB24: Q3 2024 | AC24: Q4 2024 | AD24: Q1 2025 | AE24: Q2 2025 | AF24: Q3 2025 | AG24: Q4 2025 | AH24: Q1 2026 | AI24: Q2 2026 | AK24: Q3 2026 | AM24: 2018 | AN24: 2019 | AO24: 2020 | AP24: 2021 | AQ24: 2022 | AR24: 2023 | AS24: 2024 | AT24: 2025 | AU24: 2026
A25: APAC, excluding China | B25: 637000000 | C25: 659000000 | D25: 637000000 | E25: 667000000 | F25: 585000000 | G25: 595000000 | H25: 589000000 | I25: 634000000 | J25: 558000000 | K25: 532000000 | L25: 616000000 | M25: 706000000 | N25: 774000000 | O25: 786000000 | P25: 861000000 | Q25: 901000000 | R25: 893000000 | S25: 979000000 | T25: 931000000 | U25: 994000000 | V25: 874000000 | W25: 969000000 | X25: 1028000000 | Y25: 1036000000 | Z25: 964000000 | AA25: 972000000 | AB25: 938000000 | AC25: 920000000 | AD25: 828000000 | AE25: 866000000 | AF25: 939000000 | AG25: 948000000 | AH25: 885000000 | AI25: 984000000 | AK25: =(AU25)-SUM(AH25:AJ25) -> 1066000000 | AM25: 2600000000 | AN25: 2403000000 | AO25: 2412000000 | AP25: 3322000000 | AQ25: 3797000000 | AR25: 3907000000 | AS25: 3794000000 | AT25: 3581000000 | AU25: 2935000000
A26: Americas | B26: 570000000 | C26: 558000000 | D26: 642000000 | E26: 629000000 | F26: 515000000 | G26: 520000000 | H26: 594000000 | I26: 598000000 | J26: 517000000 | K26: 477000000 | L26: 654000000 | M26: 750000000 | N26: 682000000 | O26: 683000000 | P26: 765000000 | Q26: 841000000 | R26: 851000000 | S26: 817000000 | T26: 1007000000 | U26: 903000000 | V26: 803000000 | W26: 816000000 | X26: 925000000 | Y26: 920000000 | Z26: 797000000 | AA26: 806000000 | AB26: 979000000 | AC26: 889000000 | AD26: 749000000 | AE26: 738000000 | AF26: 922000000 | AG26: 967000000 | AH26: 958000000 | AI26: 989000000 | AK26: =(AU26)-SUM(AH26:AJ26) -> 1182000000 | AM26: 2399000000 | AN26: 2227000000 | AO26: 2398000000 | AP26: 2971000000 | AQ26: 3578000000 | AR26: 3464000000 | AS26: 3471000000 | AT26: 3376000000 | AU26: 3129000000
A27: EMEA (Europe, the Middle East and Africa) | B27: 780000000 | C27: 758000000 | D27: 778000000 | E27: 745000000 | F27: 688000000 | G27: 677000000 | H27: 697000000 | I27: 669000000 | J27: 652000000 | K27: 471000000 | L27: 654000000 | M27: 722000000 | N27: 722000000 | O27: 695000000 | P27: 793000000 | Q27: 855000000 | R27: 928000000 | S27: 963000000 | T27: 977000000 | U27: 945000000 | V27: 1050000000 | W27: 1097000000 | X27: 1061000000 | Y27: 933000000 | Z27: 947000000 | AA27: 867000000 | AB27: 843000000 | AC27: 771000000 | AD27: 792000000 | AE27: 820000000 | AF27: 812000000 | AG27: 852000000 | AH27: 859000000 | AI27: 893000000 | AK27: =(AU27)-SUM(AH27:AJ27) -> 894000000 | AM27: 3061000000 | AN27: 2731000000 | AO27: 2499000000 | AP27: 3065000000 | AQ27: 3813000000 | AR27: 4141000000 | AS27: 3428000000 | AT27: 3276000000 | AU27: 2646000000
A28: China | B28: 282000000 | C28: 315000000 | D28: 388000000 | E28: 362000000 | F28: 306000000 | G28: 425000000 | H28: 385000000 | I28: 400000000 | J28: 294000000 | K28: 337000000 | L28: 343000000 | M28: 329000000 | N28: 389000000 | O28: 432000000 | P28: 442000000 | Q28: 442000000 | R28: 464000000 | S28: 553000000 | T28: 530000000 | U28: 470000000 | V28: 394000000 | W28: 417000000 | X28: 420000000 | Y28: 533000000 | Z28: 418000000 | AA28: 482000000 | AB28: 490000000 | AC28: 531000000 | AD28: 466000000 | AE28: 502000000 | AF28: 500000000 | AG28: 568000000 | AH28: 479000000 | AI28: 630000000 | AK28: =(AU28)-SUM(AH28:AJ28) -> 644000000 | AM28: 1347000000 | AN28: 1516000000 | AO28: 1303000000 | AP28: 1705000000 | AQ28: 2017000000 | AR28: 1764000000 | AS28: 1921000000 | AT28: 2036000000 | AU28: 1753000000
A29: Total NXP revenue | B29: 2269000000 | C29: 2290000000 | D29: 2445000000 | E29: 2403000000 | F29: 2094000000 | G29: 2217000000 | H29: 2265000000 | I29: 2301000000 | J29: 2021000000 | K29: 1817000000 | L29: 2267000000 | M29: 2507000000 | N29: 2567000000 | O29: 2596000000 | P29: 2861000000 | Q29: 3039000000 | R29: 3136000000 | S29: 3312000000 | T29: 3445000000 | U29: 3312000000 | V29: 3121000000 | W29: 3299000000 | X29: 3434000000 | Y29: 3422000000 | Z29: 3126000000 | AA29: 3127000000 | AB29: 3250000000 | AC29: 3111000000 | AD29: 2835000000 | AE29: 2926000000 | AF29: 3173000000 | AG29: 3335000000 | AH29: 3181000000 | AI29: 3496000000 | AK29: =(AU29)-SUM(AH29:AJ29) -> 3786000000 | AM29: 9407000000 | AN29: 8877000000 | AO29: 8612000000 | AP29: 11063000000 | AQ29: 13205000000 | AR29: 13276000000 | AS29: 12614000000 | AT29: 12269000000 | AU29: 10463000000
A31: 2) As of December 31, 2025, and applied retrospectively for all the periods presented, the Company revised its methodology for attributing revenue to geographic areas to reflect the location where sales originate, which represents where critical commercial decisions are made.
A32: This may differ from the customer's shipped-to location. The change in reporting basis was made to more appropriately reflect how we manage our business.
A33: We have reclassified prior period amounts to conform to the current period classification. For 2025, the largest impacts from the change were to the Americas region and the China region, which reflected changes of approximately 104.9% and (57.0)%, respectively.
A38: Revenue structure 2014
A39: Revenue - High Performance Mixed Signal Focus Areas (unaudited)
A40: ($ in millions)
A41: Automotive
A43: Identification
A45: Industrial & Infrastructure
A47: Portable & Computing
A49: Total HPMS

Sheet Recon GAAP to non-GAAP
A1: NXP Semiconductors
A2: Financial Reconciliation - GAAP to non-GAAP (unaudited) | AW2: YTD
A3: ($ in millions) | B3: Q1 2018 | C3: Q2 2018 | D3: Q3 2018 | E3: Q4 2018 | F3: Q1 2019 | G3: Q2 2019 | H3: Q3 2019 | I3: Q4 2019 | J3: Q1 2020 | K3: Q2 2020 | L3: Q3 2020 | M3: Q4 2020 | N3: Q1 2021 | O3: Q2 2021 | P3: Q3 2021 | Q3: Q4 2021 | R3: Q1 2022 | S3: Q2 2022 | T3: Q3 2022 | U3: Q4 2022 | V3: Q1 2023 | W3: Q2 2023 | X3: Q3 2023 | Z3: Q4 2023 | AA3: Q1 2024 | AB3: Q2 2024 | AC3: Q3 2024 | AD3: Q4 2024 | AE3: Q1 2025 | AF3: Q2 2025 | AG3: Q3 2025 | AH3: Q4 2025 | AI3: Q1 2026 | AJ3: Q2 2026 | AL3: Q3 2026 | AN3: 2018 | AO3: 2019 | AP3: 2020 | AQ3: 2021 | AR3: 2022 | AT3: 2023 | AU3: 2024 | AV3: 2025 | AW3: 2026
A5: Revenue | B5: 2269000000 | C5: 2290000000 | D5: 2445000000 | E5: 2403000000 | F5: 2094000000 | G5: 2217000000 | H5: 2265000000 | I5: 2301000000 | J5: 2021000000 | K5: 1817000000 | L5: 2267000000 | M5: 2507000000 | N5: 2567000000 | O5: 2596000000 | P5: 2861000000 | Q5: 3039000000 | R5: 3136000000 | S5: 3312000000 | T5: 3445000000 | U5: 3312000000 | V5: 3121000000 | W5: 3299000000 | X5: 3434000000 | Z5: 3422000000 | AA5: 3126000000 | AB5: 3127000000 | AC5: 3250000000 | AD5: 3111000000 | AE5: 2835000000 | AF5: 2926000000 | AG5: 3173000000 | AH5: 3335000000 | AI5: 3181000000 | AJ5: 3496000000 | AL5: =AW5-SUM(AI5:AK5) -> 3786000000 | AN5: 9407000000 | AO5: 8877000000 | AP5: 8612000000 | AQ5: 11063000000 | AR5: 13205000000 | AT5: 13276000000 | AU5: 12614000000 | AV5: 12269000000 | AW5: 10463000000
A7: GAAP gross profit | B7: 1172000000 | C7: 1180000000 | D7: 1256000000 | E7: 1243000000 | F7: 1072000000 | G7: 1151000000 | H7: 1186000000 | I7: 1209000000 | J7: 997000000 | K7: 860000000 | L7: 1090000000 | M7: 1288000000 | N7: 1355000000 | O7: 1422000000 | P7: 1583000000 | Q7: 1707000000 | R7: 1777000000 | S7: 1882000000 | T7: 1967000000 | U7: 1891000000 | V7: 1770000000 | W7: 1881000000 | X7: 1965000000 | Z7: 1937000000 | AA7: 1783000000 | AB7: 1792000000 | AC7: 1866000000 | AD7: 1678000000 | AE7: 1560000000 | AF7: 1562000000 | AG7: 1787000000 | AH7: 1807000000 | AI7: 1788000000 | AJ7: 2002000000 | AL7: =AW7-SUM(AI7:AK7) -> 2189000000 | AN7: 4851000000 | AO7: 4618000000 | AP7: 4235000000 | AQ7: 6067000000 | AR7: 7517000000 | AT7: 7553000000 | AU7: 7119000000 | AV7: 6716000000 | AW7: 5979000000
A8: PPA effects | B8: -19000000 | C8: -20000000 | D8: -20000000 | E8: -19000000 | F8: -17000000 | G8: -20000000 | H8: -19000000 | I8: -28000000 | J8: -36000000 | K8: -20000000 | L8: -22000000 | M8: -21000000 | N8: -18000000 | O8: -18000000 | P8: -20000000 | Q8: -18000000 | R8: -14000000 | S8: -14000000 | T8: -15000000 | U8: -15000000 | V8: -13000000 | W8: -14000000 | X8: -13000000 | Z8: -13000000 | AA8: -12000000 | AB8: -12000000 | AC8: -12000000 | AD8: -11000000 | AE8: -8000000 | AF8: -7000000 | AG8: -6000000 | AH8: -7000000 | AI8: -6000000 | AJ8: -5000000 | AL8: =AW8-SUM(AI8:AK8) -> -6000000 | AN8: -78000000 | AO8: -84000000 | AP8: -99000000 | AQ8: -74000000 | AR8: -58000000 | AT8: -53000000 | AU8: -47000000 | AV8: -28000000 | AW8: -17000000
A9: Restructuring | B9: 0 | C9: 0 | D9: 0 | E9: 0 | F9: -4000000 | G9: 0 | H9: 1000000 | I9: 0 | J9: -3000000 | K9: 0 | L9: -12000000 | M9: 0 | N9: 0 | O9: 0 | P9: 0 | Q9: 0 | R9: 0 | S9: 3000000 | T9: 0 | U9: 0 | V9: 2000000 | W9: 0 | X9: 0 | Z9: -13000000 | AA9: -3000000 | AB9: -4000000 | AC9: 0 | AD9: -21000000 | AE9: -4000000 | AF9: -61000000 | AG9: 0 | AH9: -14000000 | AI9: 1000000 | AJ9: 0 | AL9: =AW9-SUM(AI9:AK9) -> 9000000 | AN9: 0 | AO9: -3000000 | AP9: -15000000 | AQ9: 0 | AR9: 3000000 | AT9: -11000000 | AU9: -28000000 | AV9: -79000000 | AW9: 10000000
A10: Share-based compensation | B10: -9000000 | C10: -8000000 | D10: -11000000 | E10: -12000000 | F10: -10000000 | G10: -10000000 | H10: -11000000 | I10: -11000000 | J10: -11000000 | K10: -11000000 | L10: -11000000 | M10: -12000000 | N10: -12000000 | O10: -12000000 | P10: -10000000 | Q10: -11000000 | R10: -11000000 | S10: -12000000 | T10: -12000000 | U10: -12000000 | V10: -13000000 | W10: -13000000 | X10: -14000000 | Z10: -14000000 | AA10: -15000000 | AB10: -15000000 | AC10: -14000000 | AD10: -15000000 | AE10: -16000000 | AF10: -14000000 | AG10: -15000000 | AH10: -14000000 | AI10: -13000000 | AJ10: -12000000 | AL10: =AW10-SUM(AI10:AK10) -> -14000000 | AN10: -40000000 | AO10: -42000000 | AP10: -45000000 | AQ10: -45000000 | AR10: -47000000 | AT10: -54000000 | AU10: -59000000 | AV10: -59000000 | AW10: -39000000
A11: Merger-related costs | B11: 0 | C11: -2000000 | D11: -8000000 | E11: -1000000 | F11: -1000000 | G11: 0 | H11: -1000000 | I11: 0 | J11: 0 | K11: -1000000 | L11: 0 | M11: 0 | N11: 0 | O11: 0 | P11: 0 | Q11: 0 | R11: 0 | S11: 0 | T11: 0 | U11: 0 | V11: 0 | W11: 0 | X11: 0 | Z11: 0 | AA11: 0 | AB11: 0 | AC11: 0 | AD11: 0 | AE11: 0 | AF11: 0 | AG11: 0 | AH11: 0 | AI11: 0 | AJ11: 0 | AL11: =AW11-SUM(AI11:AK11) -> 0 | AN11: -11000000 | AO11: -2000000 | AP11: -1000000 | AQ11: 0 | AR11: 0 | AT11: 0 | AU11: 0 | AV11: 0 | AW11: 0
A12: Other incidentals | B12: 0 | C12: 0 | D12: 0 | E12: 0 | F12: 0 | G12: 0 | H12: 0 | I12: 0 | J12: 0 | K12: 0 | L12: 0 | M12: -5000000 | N12: -7000000 | O12: -4000000 | P12: -4000000 | Q12: -4000000 | R12: -5000000 | S12: -10000000 | T12: -5000000 | U12: -4000000 | V12: -22000000 | W12: -18000000 | X12: -18000000 | Z12: -33000000 | AA12: -5000000 | AB12: -10000000 | AC12: 0 | AD12: -64000000 | AE12: -3000000 | AF12: -8000000 | AG12: -2000000 | AH12: -71000000 | AI12: -9000000 | AJ12: -9000000 | AL12: =AW12-SUM(AI12:AK12) -> -17000000 | AN12: 0 | AO12: 0 | AP12: -5000000 | AQ12: -19000000 | AR12: -24000000 | AT12: -91000000 | AU12: -79000000 | AV12: -84000000 | AW12: -35000000
A13: Other adjustments | B13: 0 | C13: 0 | D13: 0 | E13: 0 | F13: 0 | G13: 0 | H13: 0 | I13: 0 | J13: 0 | K13: 0 | L13: 0 | M13: 0 | N13: 0 | O13: 0 | P13: 0 | Q13: 0 | R13: 0 | S13: 0 | T13: 0 | U13: 0 | V13: 0 | W13: 0 | X13: 0 | Z13: 0 | AA13: 0 | AB13: 0 | AC13: 0 | AD13: 0 | AE13: 0 | AF13: 0 | AG13: 0 | AH13: 0 | AI13: 0 | AJ13: 0 | AL13: =AW13-SUM(AI13:AK13) -> 0 | AN13: 0 | AO13: 0 | AP13: 0 | AQ13: 0 | AR13: 0 | AT13: 0 | AU13: 0 | AV13: 0 | AW13: =SUM(AE13:AH13) -> 0
A14: Non-GAAP gross profit | B14: 1200000000 | C14: 1210000000 | D14: 1295000000 | E14: 1275000000 | F14: 1104000000 | G14: 1181000000 | H14: 1216000000 | I14: 1248000000 | J14: 1047000000 | K14: 892000000 | L14: 1135000000 | M14: 1326000000 | N14: 1392000000 | O14: 1456000000 | P14: 1617000000 | Q14: 1740000000 | R14: 1807000000 | S14: 1915000000 | T14: 1999000000 | U14: 1922000000 | V14: 1816000000 | W14: 1926000000 | X14: 2010000000 | Z14: 2010000000 | AA14: 1818000000 | AB14: 1833000000 | AC14: 1892000000 | AD14: 1789000000 | AE14: 1591000000 | AF14: 1652000000 | AG14: 1810000000 | AH14: 1913000000 | AI14: 1815000000 | AJ14: 2028000000 | AL14: =AW14-SUM(AI14:AK14) -> 2217000000 | AN14: 4980000000 | AO14: 4749000000 | AP14: 4400000000 | AQ14: 6205000000 | AR14: 7643000000 | AT14: 7762000000 | AU14: 7332000000 | AV14: 6966000000 | AW14: 6060000000
A16: GAAP Gross Margin | B16: 0.517 | C16: 0.515 | D16: 0.514 | E16: 0.517 | F16: 0.512 | G16: 0.519 | H16: 0.524 | I16: 0.525 | J16: 0.493 | K16: 0.473 | L16: 0.481 | M16: 0.514 | N16: 0.528 | O16: 0.548 | P16: 0.553 | Q16: 0.562 | R16: 0.567 | S16: 0.568 | T16: 0.571 | U16: 0.571 | V16: 0.567 | W16: 0.57 | X16: 0.572 | Z16: 0.566 | AA16: 0.57 | AB16: 0.573 | AC16: 0.574 | AD16: 0.539 | AE16: 0.55 | AF16: 0.534 | AG16: 0.563 | AH16: 0.542 | AI16: 0.56208739 | AJ16: 0.57265446 | AL16: =AL7/AL5 -> 0.57818278 | AN16: 0.516 | AO16: 0.52 | AP16: 0.492 | AQ16: 0.548 | AR16: 0.569 | AT16: 0.569 | AU16: 0.564 | AV16: 0.547 | AW16: 0.57144222
A18: Non-GAAP Gross Margin | B18: 0.529 | C18: 0.528 | D18: 0.53 | E18: 0.531 | F18: 0.527 | G18: 0.533 | H18: 0.537 | I18: 0.542 | J18: 0.518 | K18: 0.491 | L18: 0.501 | M18: 0.529 | N18: 0.542 | O18: 0.561 | P18: 0.565 | Q18: 0.573 | R18: 0.576 | S18: 0.578 | T18: 0.58 | U18: 0.58 | V18: 0.582 | W18: 0.584 | X18: 0.585 | Z18: 0.587 | AA18: 0.582 | AB18: 0.586 | AC18: 0.582 | AD18: 0.575 | AE18: 0.561 | AF18: 0.565 | AG18: 0.57 | AH18: 0.574 | AI18: 0.57057529 | AJ18: 0.58009153 | AL18: =AL14/AL5 -> 0.58557845 | AN18: 0.529 | AO18: 0.535 | AP18: 0.511 | AQ18: 0.561 | AR18: 0.579 | AT18: 0.585 | AU18: 0.581 | AV18: 0.568 | AW18: 0.57918379
A20: GAAP research and development | B20: -426000000 | C20: -438000000 | D20: -433000000 | E20: -403000000 | F20: -415000000 | G20: -408000000 | H20: -396000000 | I20: -424000000 | J20: -425000000 | K20: -402000000 | L20: -438000000 | M20: -460000000 | N20: -461000000 | O20: -476000000 | P20: -492000000 | Q20: -507000000 | R20: -518000000 | S20: -542000000 | T20: -548000000 | U20: -540000000 | V20: -577000000 | W20: -589000000 | X20: -601000000 | Z20: -651000000 | AA20: -564000000 | AB20: -594000000 | AC20: -577000000 | AD20: -612000000 | AE20: -547000000 | AF20: -573000000 | AG20: -575000000 | AH20: -665000000 | AI20: -588000000 | AJ20: -604000000 | AL20: =AW20-SUM(AI20:AK20) -> -615000000 | AN20: -1700000000 | AO20: -1643000000 | AP20: -1725000000 | AQ20: -1936000000 | AR20: -2148000000 | AT20: -2418000000 | AU20: -2347000000 | AV20: -2360000000 | AW20: -1807000000
A21: Restructuring | B21: 0 | C21: 0 | D21: 0 | E21: 0 | F21: -11000000 | G21: -5000000 | H21: 0 | I21: 0 | J21: -4000000 | K21: -6000000 | L21: -7000000 | M21: -22000000 | N21: 0 | O21: -1000000 | P21: 0 | Q21: 0 | R21: 1000000 | S21: 1000000 | T21: 0 | U21: 0 | V21: -14000000 | W21: 0 | X21: 4000000 | Z21: -49000000 | AA21: -3000000 | AB21: -4000000 | AC21: 0 | AD21: -50000000 | AE21: -7000000 | AF21: -3000000 | AG21: -1000000 | AH21: -89000000 | AI21: -2000000 | AJ21: 4000000 | AL21: =AW21-SUM(AI21:AK21) -> -3000000 | AN21: 0 | AO21: -16000000 | AP21: -39000000 | AQ21: -1000000 | AR21: 2000000 | AT21: -59000000 | AU21: -57000000 | AV21: -100000000 | AW21: -1000000
A22: Share-based compensation | B22: -31000000 | C22: -32000000 | D22: -34000000 | E22: -36000000 | F22: -35000000 | G22: -34000000 | H22: -34000000 | I22: -38000000 | J22: -40000000 | K22: -39000000 | L22: -39000000 | M22: -41000000 | N22: -40000000 | O22: -41000000 | P22: -40000000 | Q22: -44000000 | R22: -44000000 | S22: -45000000 | T22: -45000000 | U22: -49000000 | V22: -52000000 | W22: -51000000 | X22: -53000000 | Z22: -55000000 | AA22: -58000000 | AB22: -58000000 | AC22: -58000000 | AD22: -60000000 | AE22: -64000000 | AF22: -58000000 | AG22: -57000000 | AH22: -58000000 | AI22: -57000000 | AJ22: -54000000 | AL22: =AW22-SUM(AI22:AK22) -> -53000000 | AN22: -133000000 | AO22: -141000000 | AP22: -159000000 | AQ22: -165000000 | AR22: -183000000 | AT22: -211000000 | AU22: -234000000 | AV22: -237000000 | AW22: -164000000
A23: Merger-related costs | B23: -1000000 | C23: -2000000 | D23: -18000000 | E23: -3000000 | F23: -3000000 | G23: -2000000 | H23: -1000000 | I23: -1000000 | J23: -1000000 | K23: 0 | L23: 0 | M23: 0 | N23: 0 | O23: 0 | P23: 0 | Q23: 0 | R23: 0 | S23: 0 | T23: 0 | U23: 0 | V23: 0 | W23: 0 | X23: 0 | Z23: 0 | AA23: 0 | AB23: 0 | AC23: 0 | AD23: 0 | AE23: 0 | AF23: 0 | AG23: 0 | AH23: 0 | AI23: 0 | AJ23: 0 | AL23: =AW23-SUM(AI23:AK23) -> 0 | AN23: -24000000 | AO23: -7000000 | AP23: -1000000 | AQ23: 0 | AR23: 0 | AT23: 0 | AU23: 0 | AV23: 0 | AW23: 0
A24: Other incidentals | B24: 0 | C24: 0 | D24: 0 | E24: 0 | F24: 0 | G24: 0 | H24: 0 | I24: 0 | J24: 0 | K24: 0 | L24: -5000000 | M24: -1000000 | N24: -1000000 | O24: 1000000 | P24: -2000000 | Q24: 0 | R24: -1000000 | S24: -3000000 | T24: -1000000 | U24: -1000000 | V24: -1000000 | W24: -1000000 | X24: -2000000 | Z24: -1000000 | AA24: -1000000 | AB24: 0 | AC24: 0 | AD24: -5000000 | AE24: -1000000 | AF24: -7000000 | AG24: -2000000 | AH24: -4000000 | AI24: -11000000 | AJ24: -4000000 | AL24: =AW24-SUM(AI24:AK24) -> -2000000 | AN24: 0 | AO24: 0 | AP24: -6000000 | AQ24: -2000000 | AR24: -6000000 | AT24: -5000000 | AU24: -6000000 | AV24: -14000000 | AW24: -17000000
A25: Non-GAAP research and development | B25: -394000000 | C25: -404000000 | D25: -381000000 | E25: -364000000 | F25: -366000000 | G25: -367000000 | H25: -361000000 | I25: -385000000 | J25: -380000000 | K25: -357000000 | L25: -387000000 | M25: -396000000 | N25: -420000000 | O25: -435000000 | P25: -450000000 | Q25: -463000000 | R25: -474000000 | S25: -495000000 | T25: -502000000 | U25: -490000000 | V25: -510000000 | W25: -537000000 | X25: -550000000 | Z25: -546000000 | AA25: -502000000 | AB25: -532000000 | AC25: -519000000 | AD25: -497000000 | AE25: -475000000 | AF25: -505000000 | AG25: -515000000 | AH25: -514000000 | AI25: -518000000 | AJ25: -550000000 | AL25: =AW25-SUM(AI25:AK25) -> -557000000 | AN25: -1543000000 | AO25: -1479000000 | AP25: -1520000000 | AQ25: -1768000000 | AR25: -1961000000 | AT25: -2143000000 | AU25: -2050000000 | AV25: -2009000000 | AW25: -1625000000
A27: GAAP selling, general and administrative | B27: -248000000 | C27: -242000000 | D27: -252000000 | E27: -251000000 | F27: -248000000 | G27: -230000000 | H27: -221000000 | I27: -225000000 | J27: -233000000 | K27: -222000000 | L27: -203000000 | M27: -221000000 | N27: -222000000 | O27: -234000000 | P27: -243000000 | Q27: -257000000 | R27: -251000000 | S27: -265000000 | T27: -289000000 | U27: -261000000 | V27: -280000000 | W27: -274000000 | X27: -294000000 | Z27: -311000000 | AA27: -306000000 | AB27: -270000000 | AC27: -265000000 | AD27: -323000000 | AE27: -281000000 | AF27: -278000000 | AG27: -286000000 | AH27: -359000000 | AI27: -284000000 | AJ27: -291000000 | AL27: =AW27-SUM(AI27:AK27) -> -313000000 | AN27: -993000000 | AO27: -924000000 | AP27: -879000000 | AQ27: -956000000 | AR27: -1066000000 | AT27: -1159000000 | AU27: -1164000000 | AV27: -1204000000 | AW27: -888000000
A28: PPA effects | B28: -3000000 | C28: -1000000 | D28: -2000000 | E28: -2000000 | F28: -1000000 | G28: -2000000 | H28: -5000000 | I28: -1000000 | J28: -2000000 | K28: -2000000 | L28: -1000000 | M28: -2000000 | N28: 0 | O28: -2000000 | P28: -2000000 | Q28: -1000000 | R28: -1000000 | S28: -1000000 | T28: -2000000 | U28: -1000000 | V28: -1000000 | W28: 0 | X28: -1000000 | Z28: -1000000 | AA28: 0 | AB28: -1000000 | AC28: -1000000 | AD28: 0 | AE28: 0 | AF28: 0 | AG28: -1000000 | AH28: 0 | AI28: 0 | AJ28: 0 | AL28: =AW28-SUM(AI28:AK28) -> 0 | AN28: -8000000 | AO28: -9000000 | AP28: -7000000 | AQ28: -5000000 | AR28: -5000000 | AT28: -3000000 | AU28: -2000000 | AV28: -1000000 | AW28: 0
A29: Restructuring | B29: -1000000 | C29: 0 | D29: -5000000 | E29: -1000000 | F29: -10000000 | G29: 0 | H29: 0 | I29: 1000000 | J29: -4000000 | K29: -2000000 | L29: -2000000 | M29: -16000000 | N29: 0 | O29: 0 | P29: 0 | Q29: 0 | R29: 0 | S29: 0 | T29: 0 | U29: 2000000 | V29: -6000000 | W29: 0 | X29: 0 | Z29: -22000000 | AA29: -1000000 | AB29: 2000000 | AC29: 0 | AD29: -41000000 | AE29: -3000000 | AF29: -3000000 | AG29: -2000000 | AH29: -74000000 | AI29: -1000000 | AJ29: 4000000 | AL29: =AW29-SUM(AI29:AK29) -> -1000000 | AN29: -7000000 | AO29: -9000000 | AP29: -24000000 | AQ29: 0 | AR29: 2000000 | AT29: -28000000 | AU29: -40000000 | AV29: -82000000 | AW29: 2000000
A30: Share-based compensation | B30: -29000000 | C30: -29000000 | D30: -38000000 | E30: -45000000 | F30: -41000000 | G30: -43000000 | H30: -39000000 | I30: -40000000 | J30: -56000000 | K30: -55000000 | L30: -33000000 | M30: -36000000 | N30: -39000000 | O30: -40000000 | P30: -31000000 | Q30: -33000000 | R30: -34000000 | S30: -32000000 | T30: -32000000 | U30: -36000000 | V30: -34000000 | W30: -38000000 | X30: -36000000 | Z30: -38000000 | AA30: -42000000 | AB30: -41000000 | AC30: -43000000 | AD30: -42000000 | AE30: -47000000 | AF30: -45000000 | AG30: -46000000 | AH30: -28000000 | AI30: -39000000 | AJ30: -39000000 | AL30: =AW30-SUM(AI30:AK30) -> -47000000 | AN30: -141000000 | AO30: -163000000 | AP30: -180000000 | AQ30: -143000000 | AR30: -134000000 | AT30: -146000000 | AU30: -168000000 | AV30: -166000000 | AW30: -125000000
A31: Merger-related costs | B31: -25000000 | C31: -21000000 | D31: -21000000 | E31: -11000000 | F31: -9000000 | G31: -8000000 | H31: -4000000 | I31: -3000000 | J31: -3000000 | K31: -2000000 | L31: -1000000 | M31: 0 | N31: 0 | O31: 0 | P31: 0 | Q31: 0 | R31: 0 | S31: 0 | T31: 0 | U31: 0 | V31: 0 | W31: 0 | X31: 0 | Z31: 0 | AA31: 0 | AB31: 0 | AC31: 0 | AD31: 0 | AE31: 0 | AF31: 0 | AG31: 0 | AH31: 0 | AI31: 0 | AJ31: 0 | AL31: =AW31-SUM(AI31:AK31) -> 0 | AN31: -78000000 | AO31: -24000000 | AP31: -6000000 | AQ31: 0 | AR31: 0 | AT31: 0 | AU31: 0 | AV31: 0 | AW31: 0
A32: Other incidentals | B32: 0 | C32: -4000000 | D32: -4000000 | E32: -13000000 | F32: -6000000 | G32: -3000000 | H32: -3000000 | I32: -4000000 | J32: -3000000 | K32: -2000000 | L32: -3000000 | M32: 0 | N32: -3000000 | O32: -1000000 | P32: -3000000 | Q32: -5000000 | R32: -2000000 | S32: -3000000 | T32: -27000000 | U32: -3000000 | V32: -21000000 | W32: -2000000 | X32: -4000000 | Z32: -5000000 | AA32: -29000000 | AB32: -2000000 | AC32: -2000000 | AD32: -12000000 | AE32: -20000000 | AF32: -15000000 | AG32: -14000000 | AH32: -15000000 | AI32: -4000000 | AJ32: -12000000 | AL32: =AW32-SUM(AI32:AK32) -> -12000000 | AN32: -21000000 | AO32: -16000000 | AP32: -8000000 | AQ32: -12000000 | AR32: -35000000 | AT32: -32000000 | AU32: -45000000 | AV32: -64000000 | AW32: -28000000
... A51: Other incidentals | B51: -1000000 | C51: -4000000 | D51: 36000000 | E51: -13000000 | F51: -6000000 | G51: -4000000 | H51: 17000000 | I51: -4000000 | J51: 107000000 | K51: -3000000 | L51: -8000000 | M51: -3000000 | N51: -11000000 | O51: -4000000 | P51: -8000000 | Q51: -10000000 | R51: -8000000 | S51: -16000000 | T51: -33000000 | U51: -8000000 | V51: -44000000 | W51: -21000000 | X51: -27000000 | Z51: -44000000 | AA51: -39000000 | AB51: -14000000 | AC51: -6000000 | AD51: -122000000 | AE51: 0 | AF51: -32000000 | AG51: -19000000 | AH51: -92000000 | AI51: 602000000 | AJ51: -24000000 | AL51: =AW51-SUM(AI51:AK51) -> -33000000 | AN51: 18000000 | AO51: 3000000 | AP51: 93000000 | AQ51: -33000000 | AR51: -65000000 | AT51: -136000000 | AU51: -181000000 | AV51: -143000000 | AW51: 545000000
A52: Other adjustments | B52: 0 | C52: 0 | D52: 0 | E52: 0 | F52: 0 | G52: 0 | H52: 0 | I52: 0 | J52: 0 | K52: 0 | L52: 0 | M52: 0 | N52: 0 | O52: 0 | P52: 0 | Q52: 0 | R52: 0 | S52: 0 | T52: 0 | U52: 0 | V52: 0 | W52: 0 | X52: 0 | Z52: 0 | AA52: 0 | AB52: 0 | AC52: 0 | AD52: 0 | AE52: 0 | AF52: 0 | AG52: 0 | AH52: 0 | AI52: 0 | AJ52: 0 | AL52: =AW52-SUM(AI52:AK52) -> 0 | AN52: 0 | AO52: 0 | AP52: 0 | AQ52: 0 | AR52: 0 | AT52: 0 | AU52: 0 | AV52: 0 | AW52: =SUM(AE52:AH52) -> 0
A53: Non-GAAP operating income (loss) | B53: 617000000 | C53: 618000000 | D53: 733000000 | E53: 731000000 | F53: 559000000 | G53: 640000000 | H53: 687000000 | I53: 687000000 | J53: 502000000 | K53: 376000000 | L53: 586000000 | M53: 764000000 | N53: 792000000 | O53: 830000000 | P53: 959000000 | Q53: 1060000000 | R53: 1119000000 | S53: 1193000000 | T53: 1271000000 | U53: 1208000000 | V53: 1085000000 | W53: 1155000000 | X53: 1203000000 | Z53: 1219000000 | AA53: 1080000000 | AB53: 1071000000 | AC53: 1153000000 | AD53: 1065000000 | AE53: 904000000 | AF53: 935000000 | AG53: 1071000000 | AH53: 1154000000 | AI53: 1052000000 | AJ53: 1228000000 | AL53: =AW53-SUM(AI53:AK53) -> 1406000000 | AN53: 2699000000 | AO53: 2573000000 | AP53: 2228000000 | AQ53: 3641000000 | AR53: 4791000000 | AT53: 4662000000 | AU53: 4369000000 | AV53: 4064000000 | AW53: 3686000000
AW54: =SUM(AE54:AH54) -> 0
A55: GAAP Operating Margin | B55: 0.061 | C55: 0.06 | D55: 0.904 | E55: 0.093 | F55: 0.026 | G55: 0.071 | H55: 0.103 | I55: 0.086 | J55: 0.034 | K55: -0.08 | L55: 0.014 | M55: 0.185 | N55: 0.192 | O55: 0.221 | P55: 0.249 | Q55: 0.266 | R55: 0.278 | S55: 0.285 | T55: 0.291 | U55: 0.296 | V55: 0.264 | W55: 0.284 | X55: 0.289 | Z55: 0.265 | AA55: 0.274 | AB55: 0.287 | AC55: 0.305 | AD55: 0.217 | AE55: 0.255 | AF55: 0.235 | AG55: 0.281 | AH55: 0.223 | AI55: 0.47312166 | AJ55: 0.30635011 | AL55: =AL46/AL5 -> 0.32435288 | AN55: 0.288 | AO55: 0.072 | AP55: 0.049 | AQ55: 0.233 | AR55: 0.288 | AT55: 0.276 | AU55: 0.271 | AV55: 0.248 | AW55: 0.36356685
A57: Non-GAAP Operating Margin | B57: 0.272 | C57: 0.27 | D57: 0.3 | E57: 0.304 | F57: 0.267 | G57: 0.289 | H57: 0.303 | I57: 0.299 | J57: 0.248 | K57: 0.207 | L57: 0.258 | M57: 0.305 | N57: 0.309 | O57: 0.32 | P57: 0.335 | Q57: 0.349 | R57: 0.357 | S57: 0.36 | T57: 0.369 | U57: 0.365 | V57: 0.348 | W57: 0.35 | X57: 0.35 | Z57: 0.356 | AA57: 0.345 | AB57: 0.343 | AC57: 0.355 | AD57: 0.342 | AE57: 0.319 | AF57: 0.32 | AG57: 0.338 | AH57: 0.346 | AI57: 0.33071361 | AJ57: 0.35125858 | AL57: =AL53/AL5 -> 0.3713682 | AN57: 0.287 | AO57: 0.29 | AP57: 0.259 | AQ57: 0.329 | AR57: 0.363 | AT57: 0.351 | AU57: 0.346 | AV57: 0.331 | AW57: 0.35228902
A59: GAAP financial income (expense) | B59: -68000000 | C59: -71000000 | D59: -119000000 | E59: -77000000 | F59: -83000000 | G59: -89000000 | H59: -85000000 | I59: -93000000 | J59: -78000000 | K59: -96000000 | L59: -106000000 | M59: -137000000 | N59: -87000000 | O59: -100000000 | P59: -93000000 | Q59: -123000000 | R59: -105000000 | S59: -128000000 | T59: -98000000 | U59: -103000000 | V59: -82000000 | W59: -74000000 | X59: -75000000 | Z59: -78000000 | AA59: -70000000 | AB59: -75000000 | AC59: -82000000 | AD59: -91000000 | AE59: -92000000 | AF59: -86000000 | AG59: -98000000 | AH59: -108000000 | AI59: -96000000 | AJ59: -97000000 | AL59: =AW59-SUM(AI59:AK59) -> -97000000 | AN59: -335000000 | AO59: -350000000 | AP59: -417000000 | AQ59: -403000000 | AR59: -434000000 | AT59: -309000000 | AU59: -318000000 | AV59: -384000000 | AW59: -290000000
A60: Non-cash interest expense on convertible Notes | B60: -11000000 | C60: -11000000 | D60: -11000000 | E60: -11000000 | F60: -11000000 | G60: -11000000 | H60: -12000000 | I60: -8000000 | J60: 0 | K60: 0 | L60: 0 | M60: 0 | N60: 0 | O60: 0 | P60: 0 | Q60: 0 | R60: 0 | S60: 0 | T60: 0 | U60: 0 | V60: 0 | W60: 0 | X60: 0 | AI60: 0 | AJ60: 0 | AL60: =AW60-SUM(AI60:AK60) -> 0 | AN60: -44000000 | AO60: -42000000 | AP60: 0 | AQ60: 0 | AR60: 0
A61: Foreign exchange gain (loss) on debt | B61: -3000000 | C61: 0 | D61: -3000000 | E61: -5000000 | F61: -7000000 | G61: -4000000 | H61: -2000000 | I61: -4000000 | J61: -1000000 | K61: -2000000 | L61: -3000000 | M61: -6000000 | N61: 0 | O61: -1000000 | P61: 1000000 | Q61: -1000000 | R61: -1000000 | S61: -2000000 | T61: -2000000 | U61: -8000000 | V61: -3000000 | W61: -3000000 | X61: -3000000 | Z61: -6000000 | AA61: -1000000 | AB61: -2000000 | AC61: -3000000 | AD61: 3000000 | AE61: -3000000 | AF61: -7000000 | AG61: -6000000 | AH61: -6000000 | AI61: -4000000 | AJ61: -5000000 | AL61: =AW61-SUM(AI61:AK61) -> -9000000 | AN61: -11000000 | AO61: -17000000 | AP61: -12000000 | AQ61: -1000000 | AR61: -13000000 | AT61: -15000000 | AU61: -3000000 | AV61: -22000000 | AW61: -18000000
A62: Gain (loss) on extinguishment of long-term debt | B62: 0 | C62: -26000000 | D62: 0 | E62: 0 | F62: 0 | G62: -10000000 | H62: -1000000 | I62: 0 | J62: 0 | K62: 0 | L62: 0 | M62: -60000000 | N62: 0 | O62: 0 | P62: 0 | Q62: -22000000 | R62: 0 | S62: -18000000 | T62: 0 | U62: 0 | V62: 0 | W62: 0 | X62: 0 | AI62: 0 | AJ62: 0 | AL62: =AW62-SUM(AI62:AK62) -> 0 | AN62: -26000000 | AO62: -11000000 | AP62: -60000000 | AQ62: -22000000 | AR62: -18000000 | AT62: 0 | AU62: 0 | AV62: 0
A63: Other financial expense | B63: -3000000 | C63: -3000000 | D63: -71000000 | E63: -1000000 | F63: -4000000 | G63: -3000000 | H63: -4000000 | I63: -4000000 | J63: -2000000 | K63: -2000000 | L63: -3000000 | M63: 19000000 | N63: 0 | O63: -8000000 | P63: 0 | Q63: -7000000 | R63: -1000000 | S63: -11000000 | T63: -5000000 | U63: 0 | V63: -3000000 | W63: 2000000 | X63: -7000000 | Z63: -3000000 | AA63: -5000000 | AB63: -6000000 | AC63: -9000000 | AD63: -20000000 | AE63: -9000000 | AF63: 6000000 | AG63: -1000000 | AH63: -3000000 | AI63: -2000000 | AJ63: -5000000 | AL63: =AW63-SUM(AI63:AK63) -> -3000000 | AN63: -78000000 | AO63: -15000000 | AP63: 12000000 | AQ63: -15000000 | AR63: -17000000 | AT63: -11000000 | AU63: -40000000 | AV63: -7000000 | AW63: -10000000
A64: Non-GAAP Financial income (expense) | B64: -51000000 | C64: -31000000 | D64: -34000000 | E64: -60000000 | F64: -61000000 | G64: -61000000 | H64: -66000000 | I64: -77000000 | J64: -75000000 | K64: -92000000 | L64: -100000000 | M64: -90000000 | N64: -87000000 | O64: -91000000 | P64: -94000000 | Q64: -93000000 | R64: -103000000 | S64: -97000000 | T64: -91000000 | U64: -95000000 | V64: -76000000 | W64: -73000000 | X64: -65000000 | Z64: -69000000 | AA64: -64000000 | AB64: -67000000 | AC64: -70000000 | AD64: -74000000 | AE64: -80000000 | AF64: -85000000 | AG64: -91000000 | AH64: -99000000 | AI64: -90000000 | AJ64: -87000000 | AL64: =AW64-SUM(AI64:AK64) -> -85000000 | AN64: -176000000 | AO64: -265000000 | AP64: -357000000 | AQ64: -365000000 | AR64: -386000000 | AT64: -283000000 | AU64: -275000000 | AV64: -355000000 | AW64: -262000000
A66: GAAP Income tax benefit (provision) | B66: 0 | C66: 0 | D66: 0 | E66: 0 | F66: 0 | G66: 0 | H66: 0 | I66: 0 | J66: 0 | K66: 0 | L66: 0 | M66: 0 | N66: 0 | O66: 0 | P66: 0 | Q66: 0 | R66: 0 | S66: 0 | T66: 0 | U66: 0 | V66: -118000000 | W66: -158000000 | X66: -123000000 | Z66: -124000000 | AA66: -141000000 | AB66: -154000000 | AC66: -173000000 | AD66: -77000000 | AE66: -130000000 | AF66: -116000000 | AG66: -148000000 | AH66: -131000000 | AI66: -272000000 | AJ66: -189000000 | AL66: =AW66-SUM(AI66:AK66) -> -228000000 | AN66: 0 | AO66: 0 | AP66: 0 | AQ66: 0 | AR66: 0 | AT66: -523000000 | AU66: -545000000 | AV66: -525000000 | AW66: -689000000
A67: Income tax effect | B67: 0 | C67: 0 | D67: 0 | E67: 0 | F67: 0 | G67: 0 | H67: 0 | I67: 0 | J67: 0 | K67: 0 | L67: 0 | M67: 0 | N67: 0 | O67: 0 | P67: 0 | Q67: 0 | R67: 0 | S67: 0 | T67: 0 | U67: 0 | V67: 49000000 | W67: 22000000 | X67: 45000000 | Z67: 54000000 | AA67: 30000000 | AB67: 15000000 | AC67: 9000000 | AD67: 87000000 | AE67: 13000000 | AF67: 32000000 | AG67: 25000000 | AH67: 59000000 | AI67: -99000000 | AJ67: 16000000 | AL67: =AW67-SUM(AI67:AK67) -> 9000000 | AN67: 0 | AO67: 0 | AP67: 0 | AQ67: 0 | AR67: 0 | AT67: 170000000 | AU67: 141000000 | AV67: 129000000 | AW67: -74000000
A68: Non-GAAP Income tax benefit (provision) | B68: 0 | C68: 0 | D68: 0 | E68: 0 | F68: 0 | G68: 0 | H68: 0 | I68: 0 | J68: 0 | K68: 0 | L68: 0 | M68: 0 | N68: 0 | O68: 0 | P68: 0 | Q68: 0 | R68: 0 | S68: 0 | T68: 0 | U68: 0 | V68: -167000000 | W68: -180000000 | X68: -168000000 | Z68: -178000000 | AA68: -171000000 | AB68: -169000000 | AC68: -182000000 | AD68: -164000000 | AE68: -143000000 | AF68: -148000000 | AG68: -173000000 | AH68: -190000000 | AI68: -173000000 | AJ68: -205000000 | AL68: =AW68-SUM(AI68:AK68) -> -237000000 | AN68: 0 | AO68: 0 | AP68: 0 | AQ68: 0 | AR68: 0 | AT68: -693000000 | AU68: -686000000 | AV68: -654000000 | AW68: -615000000
A70: GAAP Results relating to equity-accounted investees | B70: 0 | C70: 0 | D70: 0 | E70: 0 | F70: 0 | G70: 0 | H70: 0 | I70: 0 | J70: 0 | K70: 0 | L70: 0 | M70: 0 | N70: 0 | O70: 0 | P70: 0 | Q70: 0 | R70: 0 | S70: 0 | T70: 0 | U70: 0 | V70: -2000000 | W70: -1000000 | X70: -2000000 | Z70: -2000000 | AA70: -1000000 | AB70: -3000000 | AC70: -6000000 | AD70: -2000000 | AE70: -4000000 | AF70: -28000000 | AG70: -1000000 | AH70: -37000000 | AI70: -4000000 | AJ70: -3000000 | AL70: =AW70-SUM(AI70:AK70) -> -4000000 | AN70: 0 | AO70: 0 | AP70: 0 | AQ70: 0 | AR70: 0 | AT70: -7000000 | AU70: -12000000 | AV70: -70000000 | AW70: -11000000
A71: Other adjustments | B71: 0 | C71: 0 | D71: 0 | E71: 0 | F71: 0 | G71: 0 | H71: 0 | I71: 0 | J71: 0 | K71: 0 | L71: 0 | M71: 0 | N71: 0 | O71: 0 | P71: 0 | Q71: 0 | R71: 0 | S71: 0 | T71: 0 | U71: 0 | V71: -2000000 | W71: -1000000 | X71: -2000000 | Z71: -2000000 | AA71: -1000000 | AB71: -3000000 | AC71: -6000000 | AD71: -2000000 | AE71: -3000000 | AF71: -28000000 | AG71: 1000000 | AH71: -36000000 | AI71: 0 | AJ71: 0 | AL71: =AW71-SUM(AI71:AK71) -> 0 | AN71: 0 | AO71: 0 | AP71: 0 | AQ71: 0 | AR71: 0 | AT71: -7000000 | AU71: -12000000 | AV71: -66000000 | AW71: 0
A72: Non-GAAP Results relating to equity-accounted investees | B72: 0 | C72: 0 | D72: 0 | E72: 0 | F72: 0 | G72: 0 | H72: 0 | I72: 0 | J72: 0 | K72: 0 | L72: 0 | M72: 0 | N72: 0 | O72: 0 | P72: 0 | Q72: 0 | R72: 0 | S72: 0 | T72: 0 | U72: 0 | V72: 0 | W72: 0 | X72: 0 | Z72: 0 | AA72: 0 | AB72: 0 | AC72: 0 | AD72: 0 | AE72: -1000000 | AF72: 0 | AG72: -2000000 | AH72: -1000000 | AI72: -4000000 | AJ72: -3000000 | AL72: =AW72-SUM(AI72:AK72) -> -4000000 | AN72: 0 | AO72: 0 | AP72: 0 | AQ72: 0 | AR72: 0 | AT72: 0 | AU72: 0 | AV72: -4000000 | AW72: -11000000
A74: Gaap Net Income (Loss) | B74: 0 | C74: 0 | D74: 0 | E74: 0 | F74: 0 | G74: 0 | H74: 0 | I74: 0 | J74: 0 | K74: 0 | L74: 0 | M74: 0 | N74: 0 | O74: 0 | P74: 0 | Q74: 0 | R74: 0 | S74: 0 | T74: 0 | U74: 0 | V74: =V46+V59+V66+V70 -> 623000000 | W74: =W46+W59+W66+W70 -> 704000000 | X74: =X46+X59+X66+X70 -> 792000000 | Y74: =Y46+Y59+Y66+Y70 -> 0 | Z74: =Z46+Z59+Z66+Z70 -> 703000000 | AA74: =AA46+AA59+AA66+AA70 -> 644000000 | AB74: =AB46+AB59+AB66+AB70 -> 664000000 | AC74: =AC46+AC59+AC66+AC70 -> 729000000 | ... AI74: =AI46+AI59+AI66+AI70 -> 1133000000 | AJ74: 782000000 | AK74: =AK46+AK59+AK66+AK70 -> 0 | AL74: =AL46+AL59+AL66+AL70 -> 899000000 | AN74: 0 | AO74: 0 | AP74: 0 | AQ74: 0 | AR74: 0 | AT74: =AT46+AT59+AT66+AT70 -> 2822000000 | AU74: =AU46+AU59+AU66+AU70 -> 2542000000 | AV74: =AV46+AV59+AV66+AV70 -> 2068000000 | AW74: =AW46+AW59+AW66+AW70 -> 2814000000
A75: GAAP Non-Controlling Interest | B75: 0 | C75: 0 | D75: 0 | E75: 0 | F75: 0 | G75: 0 | H75: 0 | I75: 0 | J75: 0 | K75: 0 | L75: 0 | M75: 0 | N75: 0 | O75: 0 | P75: 0 | Q75: 0 | R75: 0 | S75: 0 | T75: 0 | U75: 0 | V75: 8000000 | W75: 6000000 | X75: 5000000 | Z75: 6000000 | AA75: 5000000 | AB75: 6000000 | AC75: 11000000 | AD75: 10000000 | AE75: 7000000 | AF75: 12000000 | AG75: 15000000 | AH75: 13000000 | AI75: 11000000 | AJ75: 15000000 | AL75: =AW75-SUM(AI75:AK75) -> 15000000 | AN75: 0 | AO75: 0 | AP75: 0 | AQ75: 0 | AR75: 0 | AT75: 25000000 | AU75: 32000000 | AV75: 47000000 | AW75: 41000000
A76: Gaap Net income (loss) attrubutable to stockholders | B76: 0 | C76: 0 | D76: 0 | E76: 0 | F76: 0 | G76: 0 | H76: 0 | I76: 0 | J76: 0 | K76: 0 | L76: 0 | M76: 0 | N76: 0 | O76: 0 | P76: 0 | Q76: 0 | R76: 0 | S76: 0 | T76: 0 | U76: 0 | V76: =V74-V75 -> 615000000 | W76: =W74-W75 -> 698000000 | X76: =X74-X75 -> 787000000 | Y76: =Y74-Y75 -> 0 | Z76: =Z74-Z75 -> 697000000 | AA76: =AA74-AA75 -> 639000000 | AB76: =AB74-AB75 -> 658000000 | AC76: =AC74-AC75 -> 718000000 | ... AI76: =AI74-AI75 -> 1122000000 | AJ76: 767000000 | AL76: =AL74-AL75 -> 884000000 | AN76: 0 | AO76: 0 | AP76: 0 | AQ76: 0 | AR76: 0 | AT76: =AT74-AT75 -> 2797000000 | AU76: =AU74-AU75 -> 2510000000 | AV76: =AV74-AV75 -> 2021000000 | AW76: =AW74-AW75 -> 2773000000
A79: GAAP Income (loss) from continuing operations | V79: 623000000 | W79: 704000000 | X79: 792000000
A80: PPA effects | V80: -99000000 | W80: -95000000 | X80: -85000000
A81: Restructuring | V81: -18000000 | W81: 0 | X81: 4000000
A82: Share-based compensation | V82: -99000000 | W82: -102000000 | X82: -103000000
A83: Merger-related costs | V83: 0 | W83: 0 | X83: 0
A84: Other incidentals | V84: -44000000 | W84: -21000000 | X84: -27000000
A85: Other adjustments | V85: 41000000 | W85: 20000000 | X85: 33000000
A86: Non-GAAP Income (loss) from continuing operations | V86: 842000000 | W86: 902000000 | X86: 970000000
A88: GAAP Income (loss) from discontinued operations - net of tax
A89: Other adjustments
A90: Non-GAAP Income (loss) from discontinued operations
A92: GAAP net income (loss) attributable to stockholders | B92: 0 | C92: 0 | D92: 0 | E92: 0 | F92: 0 | G92: 0 | H92: 0 | I92: 0 | J92: 0 | K92: 0 | L92: 0 | M92: 0 | N92: 0 | O92: 0 | P92: 0 | Q92: 0 | R92: 0 | S92: 0 | T92: 0 | U92: 0 | V92: 615000000 | W92: 698000000 | X92: 787000000 | Z92: 697000000 | AA92: 639000000 | AB92: 658000000 | AC92: 718000000 | AD92: 495000000 | AE92: 490000000 | AF92: 445000000 | AG92: 631000000 | AH92: 455000000 | AI92: 1122000000 | AJ92: 767000000 | AL92: =AW92-SUM(AI92:AK92) -> 884000000 | AN92: 0 | AO92: 0 | AP92: 0 | AQ92: 0 | AR92: 0 | AT92: 2797000000 | AU92: 2510000000 | AV92: 2021000000 | AW92: 2773000000
A93: PPA effects | B93: 0 | C93: 0 | D93: 0 | E93: 0 | F93: 0 | G93: 0 | H93: 0 | I93: 0 | J93: 0 | K93: 0 | L93: 0 | M93: 0 | N93: 0 | O93: 0 | P93: 0 | Q93: 0 | R93: 0 | S93: 0 | T93: 0 | U93: 0 | V93: -99000000 | W93: -95000000 | X93: -85000000 | Z93: -77000000 | AA93: -63000000 | AB93: -41000000 | AC93: -42000000 | AD93: -39000000 | AE93: -40000000 | AF93: -32000000 | AG93: -38000000 | AH93: -41000000 | AI93: -38000000 | AJ93: -36000000 | AL93: =AW93-SUM(AI93:AK93) -> -36000000 | AN93: 0 | AO93: 0 | AP93: 0 | AQ93: 0 | AR93: 0 | AT93: -356000000 | AU93: -185000000 | AV93: -151000000 | AW93: -110000000
A94: Restructuring | B94: 0 | C94: 0 | D94: 0 | E94: 0 | F94: 0 | G94: 0 | H94: 0 | I94: 0 | J94: 0 | K94: 0 | L94: 0 | M94: 0 | N94: 0 | O94: 0 | P94: 0 | Q94: 0 | R94: 0 | S94: 0 | T94: 0 | U94: 0 | V94: -18000000 | W94: 0 | X94: 4000000 | Z94: -84000000 | AA94: -7000000 | AB94: -6000000 | AC94: 0 | AD94: -112000000 | AE94: -14000000 | AF94: -67000000 | AG94: -3000000 | AH94: -177000000 | AI94: -2000000 | AJ94: 8000000 | AL94: =AW94-SUM(AI94:AK94) -> 5000000 | AN94: 0 | AO94: 0 | AP94: 0 | AQ94: 0 | AR94: 0 | AT94: -98000000 | AU94: -125000000 | AV94: -261000000 | AW94: 11000000
A95: Share-based compensation | B95: 0 | C95: 0 | D95: 0 | E95: 0 | F95: 0 | G95: 0 | H95: 0 | I95: 0 | J95: 0 | K95: 0 | L95: 0 | M95: 0 | N95: 0 | O95: 0 | P95: 0 | Q95: 0 | R95: 0 | S95: 0 | T95: 0 | U95: 0 | V95: -99000000 | W95: -102000000 | X95: -103000000 | Z95: -107000000 | AA95: -115000000 | AB95: -114000000 | AC95: -115000000 | AD95: -117000000 | AE95: -127000000 | AF95: -117000000 | AG95: -118000000 | AH95: -100000000 | AI95: -109000000 | AJ95: -105000000 | AL95: =AW95-SUM(AI95:AK95) -> -114000000 | AN95: 0 | AO95: 0 | AP95: 0 | AQ95: 0 | AR95: 0 | AT95: -411000000 | AU95: -461000000 | AV95: -462000000 | AW95: -328000000
A96: Merger-related costs | B96: 0 | C96: 0 | D96: 0 | E96: 0 | F96: 0 | G96: 0 | H96: 0 | I96: 0 | J96: 0 | K96: 0 | L96: 0 | M96: 0 | N96: 0 | O96: 0 | P96: 0 | Q96: 0 | R96: 0 | S96: 0 | T96: 0 | U96: 0 | V96: 0 | W96: 0 | X96: 0 | Z96: 0 | AA96: 0 | AB96: 0 | AC96: 0 | AD96: 0 | AE96: 0 | AF96: 0 | AG96: 0 | AH96: 0 | AI96: 0 | AJ96: 0 | AL96: =AW96-SUM(AI96:AK96) -> 0 | AN96: 0 | AO96: 0 | AP96: 0 | AQ96: 0 | AR96: 0 | AT96: 0 | AU96: 0 | AV96: 0 | AW96: 0
A97: Other incidentals | B97: 0 | C97: 0 | D97: 0 | E97: 0 | F97: 0 | G97: 0 | H97: 0 | I97: 0 | J97: 0 | K97: 0 | L97: 0 | M97: 0 | N97: 0 | O97: 0 | P97: 0 | Q97: 0 | R97: 0 | S97: 0 | T97: 0 | U97: 0 | V97: -44000000 | W97: -21000000 | X97: -27000000 | Z97: -44000000 | AA97: -39000000 | AB97: -14000000 | AC97: -6000000 | AD97: -122000000 | AE97: 0 | AF97: -32000000 | AG97: -19000000 | AH97: -92000000 | AI97: 602000000 | AJ97: -24000000 | AL97: =AW97-SUM(AI97:AK97) -> -33000000 | AN97: 0 | AO97: 0 | AP97: 0 | AQ97: 0 | AR97: 0 | AT97: -136000000 | AU97: -181000000 | AV97: -143000000 | AW97: 545000000
A98: Other adjustments | B98: 0 | C98: 0 | D98: 0 | E98: 0 | F98: 0 | G98: 0 | H98: 0 | I98: 0 | J98: 0 | K98: 0 | L98: 0 | M98: 0 | N98: 0 | O98: 0 | P98: 0 | Q98: 0 | R98: 0 | S98: 0 | T98: 0 | U98: 0 | V98: 0 | W98: 0 | X98: 0 | Z98: 0 | AA98: 0 | AB98: 0 | AC98: 0 | AD98: 0 | AE98: 0 | AF98: 0 | AG98: 0 | AH98: 0 | AI98: 0 | AJ98: 0 | AL98: =AW98-SUM(AI98:AK98) -> 0 | AN98: 0 | AO98: 0 | AP98: 0 | AQ98: 0 | AR98: 0 | AT98: 0 | AU98: 0 | AV98: 0 | AW98: 0
A99: Foreign exchange loss | B99: 0 | C99: 0 | D99: 0 | E99: 0 | F99: 0 | G99: 0 | H99: 0 | I99: 0 | J99: 0 | K99: 0 | L99: 0 | M99: 0 | N99: 0 | O99: 0 | P99: 0 | Q99: 0 | R99: 0 | S99: 0 | T99: 0 | U99: 0 | V99: -3000000 | W99: -3000000 | X99: -3000000 | Z99: -6000000 | AA99: -1000000 | AB99: -2000000 | AC99: -3000000 | AD99: 3000000 | AE99: -3000000 | AF99: -7000000 | AG99: -6000000 | AH99: -6000000 | AI99: -4000000 | AJ99: -5000000 | AL99: =AW99-SUM(AI99:AK99) -> -9000000 | AN99: 0 | AO99: 0 | AP99: 0 | AQ99: 0 | AR99: 0 | AT99: -15000000 | AU99: -3000000 | AV99: -22000000 | AW99: -18000000
A100: Gain (loss) on extinguishment of long-term debt | B100: 0 | C100: 0 | D100: 0 | E100: 0 | F100: 0 | G100: 0 | H100: 0 | I100: 0 | J100: 0 | K100: 0 | L100: 0 | M100: 0 | N100: 0 | O100: 0 | P100: 0 | Q100: 0 | R100: 0 | S100: 0 | T100: 0 | U100: 0 | V100: 0 | W100: 0 | X100: 0 | Z100: 0 | AA100: 0 | AB100: 0 | AC100: 0 | AD100: 0 | AE100: 0 | AF100: 0 | AG100: 0 | AH100: 0 | AI100: 0 | AJ100: 0 | AL100: =AW100-SUM(AI100:AK100) -> 0 | AN100: 0 | AO100: 0 | AP100: 0 | AQ100: 0 | AR100: 0 | AT100: 0 | AU100: 0 | AV100: 0 | AW100: =SUM(AE100:AH100) -> 0
A101: Other financial expense | B101: 0 | C101: 0 | D101: 0 | E101: 0 | F101: 0 | G101: 0 | H101: 0 | I101: 0 | J101: 0 | K101: 0 | L101: 0 | M101: 0 | N101: 0 | O101: 0 | P101: 0 | Q101: 0 | R101: 0 | S101: 0 | T101: 0 | U101: 0 | V101: -3000000 | W101: 2000000 | X101: -7000000 | Z101: -3000000 | AA101: -5000000 | AB101: -6000000 | AC101: -9000000 | AD101: -20000000 | AE101: -9000000 | AF101: 6000000 | AG101: -1000000 | AH101: -3000000 | AI101: -2000000 | AJ101: -5000000 | AL101: =AW101-SUM(AI101:AK101) -> -3000000 | AN101: 0 | AO101: 0 | AP101: 0 | AQ101: 0 | AR101: 0 | AT101: -11000000 | AU101: -40000000 | AV101: -7000000 | AW101: -10000000
A102: Income tax effect | B102: 0 | C102: 0 | D102: 0 | E102: 0 | F102: 0 | G102: 0 | H102: 0 | I102: 0 | J102: 0 | K102: 0 | L102: 0 | M102: 0 | N102: 0 | O102: 0 | P102: 0 | Q102: 0 | R102: 0 | S102: 0 | T102: 0 | U102: 0 | V102: 49000000 | W102: 22000000 | X102: 45000000 | Z102: 54000000 | AA102: 30000000 | AB102: 15000000 | AC102: 9000000 | AD102: 87000000 | AE102: 13000000 | AF102: 32000000 | AG102: 25000000 | AH102: 59000000 | AI102: -99000000 | AJ102: 16000000 | AL102: =AW102-SUM(AI102:AK102) -> 9000000 | AN102: 0 | AO102: 0 | AP102: 0 | AQ102: 0 | AR102: 0 | AT102: 170000000 | AU102: 141000000 | AV102: 129000000 | AW102: -74000000
A103: Results relating to equity-accounted investees | B103: 0 | C103: 0 | D103: 0 | E103: 0 | F103: 0 | G103: 0 | H103: 0 | I103: 0 | J103: 0 | K103: 0 | L103: 0 | M103: 0 | N103: 0 | O103: 0 | P103: 0 | Q103: 0 | R103: 0 | S103: 0 | T103: 0 | U103: 0 | V103: -2000000 | W103: -1000000 | X103: -2000000 | Z103: -2000000 | AA103: -1000000 | AB103: -3000000 | AC103: -6000000 | AD103: -2000000 | AE103: -3000000 | AF103: -28000000 | AG103: 1000000 | AH103: -36000000 | AI103: 0 | AJ103: 0 | AL103: =AW103-SUM(AI103:AK103) -> 0 | AN103: 0 | AO103: 0 | AP103: 0 | AQ103: 0 | AR103: 0 | AT103: -7000000 | AU103: -12000000 | AV103: -66000000 | AW103: 0
A104: Non-GAAP net income (loss) attributable to stockholders | B104: 0 | C104: 0 | D104: 0 | E104: 0 | F104: 0 | G104: 0 | H104: 0 | I104: 0 | J104: 0 | K104: 0 | L104: 0 | M104: 0 | N104: 0 | O104: 0 | P104: 0 | Q104: 0 | R104: 0 | S104: 0 | T104: 0 | U104: 0 | V104: 834000000 | W104: 896000000 | X104: 965000000 | Z104: 966000000 | AA104: 840000000 | AB104: 829000000 | AC104: 890000000 | AD104: 817000000 | AE104: 673000000 | AF104: 690000000 | AG104: 790000000 | AH104: 851000000 | AI104: 7.7362381e+08 | AJ104: 918000000 | AL104: =AW104-SUM(AI104:AK104) -> 1065000000 | AN104: 0 | AO104: 0 | AP104: 0 | AQ104: 0 | AR104: 0 | AT104: 3661000000 | AU104: 3376000000 | AV104: 3004000000 | AW104: 2.7566238e+09
A106: GAAP weighted average shares - diluted | B106: 0 | C106: 0 | D106: 0 | E106: 0 | F106: 0 | G106: 0 | H106: 0 | I106: 0 | J106: 283436 | K106: 281667 | L106: 284437 | M106: 285258 | N106: 283263 | O106: 278735 | P106: 271359 | Q106: 268545 | R106: 265109 | S106: 264692 | T106: 264705 | U106: 261448 | V106: 261210 | W106: 261303 | X106: 261095 | Z106: 260298 | AA106: 258954 | AB106: 258732 | AC106: 257717 | AD106: 256628 | AE106: 255018 | AF106: 253844 | AG106: 254310 | AH106: 254078 | AI106: 253525 | AJ106: 254021000 | AL106: 253831000 | AN106: 0 | AO106: 0 | AP106: 0 | AQ106: 0 | AR106: 0 | AT106: 261370 | AU106: 257848 | AV106: 254331 | AW106: 253845000
A107: Non-GAAP adjustment | B107: 0 | C107: 0 | D107: 0 | E107: 0 | F107: 0 | G107: 0 | H107: 0 | I107: 0 | J107: 0 | K107: 0 | L107: 0 | M107: 0 | N107: 0 | O107: 0 | P107: 0 | Q107: 0 | R107: 0 | S107: 0 | T107: 0 | U107: 0 | V107: 0 | W107: 0 | X107: 0 | Z107: 0 | AA107: 0 | AB107: 0 | AC107: 0 | AD107: 0 | AE107: 0 | AF107: 0 | AG107: 0 | AH107: 0 | AI107: 0 | AJ107: 0 | AL107: 0 | AN107: 0 | AO107: 0 | AP107: 0 | AQ107: 0 | AR107: 0 | AT107: 0 | AU107: 0 | AV107: 0 | AW107: 0
A108: Non-GAAP weighted average shares - diluted | B108: 0 | C108: 0 | D108: 0 | E108: 0 | F108: 0 | G108: 0 | H108: 0 | I108: 0 | J108: 283436 | K108: 281667 | L108: 284437 | M108: 285258 | N108: 283263 | O108: 278735 | P108: 271359 | Q108: 268545 | R108: 265109 | S108: 264692 | T108: 264705 | U108: 261448 | V108: 261210 | W108: 261303 | X108: 261095 | Z108: 260298 | AA108: 258954 | AB108: 258732 | AC108: 257717 | AD108: 256628 | AE108: 255018 | AF108: 253844 | AG108: 254310 | AH108: 254078 | AI108: 253525 | AJ108: 254021000 | AL108: =SUM(AL106:AL107) -> 253831000 | AN108: 0 | AO108: 0 | AP108: 0 | AQ108: 0 | AR108: 0 | AT108: 261370 | AU108: 257848 | AV108: 254331 | AW108: =SUM(AW106:AW107) -> 253845000
A110: GAAP diluted net income (loss) per share | B110: 0 | C110: 0 | D110: 0 | E110: 0 | F110: 0 | G110: 0 | H110: 0 | I110: 0 | J110: 0 | K110: 0 | L110: 0 | M110: 0 | N110: 0 | O110: 0 | P110: 0 | Q110: 0 | R110: 0 | S110: 0 | T110: 0 | U110: 0 | V110: 2.35 | W110: 2.67 | X110: 3.01 | Z110: 2.68 | AA110: 2.47 | AB110: 2.54 | AC110: 2.79 | AD110: 1.93 | AE110: 1.92 | AF110: 1.75 | AG110: 2.48 | AH110: 1.79 | AI110: 4.4255991 | AJ110: 3.0194354 | AL110: 3.4826321 | AN110: 0 | AO110: 0 | AP110: 0 | AQ110: 0 | AR110: 0 | AT110: 10.7 | AU110: 9.73 | AV110: 7.95 | AW110: 10.923989
A111: PPA effects | B111: 0 | C111: 0 | D111: 0 | E111: 0 | F111: 0 | G111: 0 | H111: 0 | I111: 0 | J111: 0 | K111: 0 | L111: 0 | M111: 0 | N111: 0 | O111: 0 | P111: 0 | Q111: 0 | R111: 0 | S111: 0 | T111: 0 | U111: 0 | V111: -0.38 | W111: -0.37 | X111: -0.33 | Z111: -0.3 | AA111: -0.24 | AB111: -0.16 | AC111: -0.16 | AD111: -0.15 | AE111: -0.16 | AF111: -0.12 | AG111: -0.15 | AH111: -0.16 | AI111: -0.15 | AJ111: -0.14 | AL111: -0.14182665 | AN111: 0 | AO111: 0 | AP111: 0 | AQ111: 0 | AR111: 0 | AT111: -1.36 | AU111: -0.72 | AV111: -0.59 | AW111: -0.4333353
A112: Restructuring | B112: 0 | C112: 0 | D112: 0 | E112: 0 | F112: 0 | G112: 0 | H112: 0 | I112: 0 | J112: 0 | K112: 0 | L112: 0 | M112: 0 | N112: 0 | O112: 0 | P112: 0 | Q112: 0 | R112: 0 | S112: 0 | T112: 0 | U112: 0 | V112: -0.07 | W112: 0 | X112: 0.01 | Z112: -0.32 | AA112: -0.03 | AB112: -0.02 | AC112: 0 | AD112: -0.44 | AE112: -0.05 | AF112: -0.27 | AG112: -0.01 | AH112: -0.7 | AI112: -0.01 | AJ112: 0.03 | AL112: 0.019698146 | AN112: 0 | AO112: 0 | AP112: 0 | AQ112: 0 | AR112: 0 | AT112: -0.38 | AU112: -0.48 | AV112: -1.03 | AW112: 0.04333353
A113: Share-based compensation | B113: 0 | C113: 0 | D113: 0 | E113: 0 | F113: 0 | G113: 0 | H113: 0 | I113: 0 | J113: 0 | K113: 0 | L113: 0 | M113: 0 | N113: 0 | O113: 0 | P113: 0 | Q113: 0 | R113: 0 | S113: 0 | T113: 0 | U113: 0 | V113: -0.38 | W113: -0.39 | X113: -0.4 | Z113: -0.41 | AA113: -0.44 | AB113: -0.44 | AC113: -0.45 | AD113: -0.46 | AE113: -0.5 | AF113: -0.46 | AG113: -0.47 | AH113: -0.4 | AI113: -0.43 | AJ113: -0.41 | AL113: -0.44911772 | AN113: 0 | AO113: 0 | AP113: 0 | AQ113: 0 | AR113: 0 | AT113: -1.57 | AU113: -1.79 | AV113: -1.82 | AW113: -1.2921271
A114: Merger-related costs | B114: 0 | C114: 0 | D114: 0 | E114: 0 | F114: 0 | G114: 0 | H114: 0 | I114: 0 | J114: 0 | K114: 0 | L114: 0 | M114: 0 | N114: 0 | O114: 0 | P114: 0 | Q114: 0 | R114: 0 | S114: 0 | T114: 0 | U114: 0 | V114: 0 | W114: 0 | X114: 0 | Z114: 0 | AA114: 0 | AB114: 0 | AC114: 0 | AD114: 0 | AE114: 0 | AF114: 0 | AG114: 0 | AH114: 0 | AN114: 0 | AO114: 0 | AP114: 0 | AQ114: 0 | AR114: 0 | AT114: 0 | AU114: 0 | AV114: 0
A115: Other incidentals | B115: 0 | C115: 0 | D115: 0 | E115: 0 | F115: 0 | G115: 0 | H115: 0 | I115: 0 | J115: 0 | K115: 0 | L115: 0 | M115: 0 | N115: 0 | O115: 0 | P115: 0 | Q115: 0 | R115: 0 | S115: 0 | T115: 0 | U115: 0 | V115: -0.17 | W115: -0.08 | X115: -0.1 | Z115: -0.17 | AA115: -0.15 | AB115: -0.06 | AC115: -0.02 | AD115: -0.47 | AE115: 0 | AF115: -0.13 | AG115: -0.08 | AH115: -0.36 | AI115: 2.38 | AJ115: -0.09 | AL115: -0.14000776 | AN115: 0 | AO115: 0 | AP115: 0 | AQ115: 0 | AR115: 0 | AT115: -0.52 | AU115: -0.7 | AV115: -0.56 | AW115: 2.1369795
A116: Other adjustments
A117: Foreign exchange loss | B117: 0 | C117: 0 | D117: 0 | E117: 0 | F117: 0 | G117: 0 | H117: 0 | I117: 0 | J117: 0 | K117: 0 | L117: 0 | M117: 0 | N117: 0 | O117: 0 | P117: 0 | Q117: 0 | R117: 0 | S117: 0 | T117: 0 | U117: 0 | V117: -0.01 | W117: -0.01 | X117: -0.01 | Z117: -0.02 | AA117: 0 | AB117: -0.01 | AC117: -0.01 | AD117: 0.01 | AE117: -0.01 | AF117: -0.03 | AG117: -0.02 | AH117: -0.02 | AI117: 0 | AJ117: 0 | AL117: -0.035456662 | AN117: 0 | AO117: 0 | AP117: 0 | AQ117: 0 | AR117: 0 | AT117: -0.06 | AU117: -0.01 | AV117: -0.08 | AW117: -0.070909413
A118: Gain (loss) on extinguishment of long-term debt | B118: 0 | C118: 0 | D118: 0 | E118: 0 | F118: 0 | G118: 0 | H118: 0 | I118: 0 | J118: 0 | K118: 0 | L118: 0 | M118: 0 | N118: 0 | O118: 0 | P118: 0 | Q118: 0 | R118: 0 | S118: 0 | T118: 0 | U118: 0 | V118: 0 | W118: 0 | X118: 0 | Z118: 0 | AA118: 0 | AB118: 0 | AC118: 0 | AD118: 0 | AE118: 0 | AF118: 0 | AG118: 0 | AH118: 0 | AN118: 0 | AO118: 0 | AP118: 0 | AQ118: 0 | AR118: 0 | AT118: 0 | AU118: 0 | AV118: 0 | AW118: -0.08
A119: Other financial expense | B119: 0 | C119: 0 | D119: 0 | E119: 0 | F119: 0 | G119: 0 | H119: 0 | I119: 0 | J119: 0 | K119: 0 | L119: 0 | M119: 0 | N119: 0 | O119: 0 | P119: 0 | Q119: 0 | R119: 0 | S119: 0 | T119: 0 | U119: 0 | V119: -0.01 | W119: 0.01 | X119: -0.02 | Z119: -0.01 | AA119: -0.02 | AB119: -0.02 | AC119: -0.04 | AD119: -0.08 | AE119: -0.04 | AF119: 0.03 | AG119: 0 | AH119: -0.01 | AI119: -0.02 | AJ119: -0.04 | AL119: -0.011818887 | AN119: 0 | AO119: 0 | AP119: 0 | AQ119: 0 | AR119: 0 | AT119: -0.04 | AU119: -0.16 | AV119: -0.03 | AW119: -0.039394118
A120: Income tax effect | B120: 0 | C120: 0 | D120: 0 | E120: 0 | F120: 0 | G120: 0 | H120: 0 | I120: 0 | J120: 0 | K120: 0 | L120: 0 | M120: 0 | N120: 0 | O120: 0 | P120: 0 | Q120: 0 | R120: 0 | S120: 0 | T120: 0 | U120: 0 | V120: 0.19 | W120: 0.08 | X120: 0.17 | Z120: 0.21 | AA120: 0.11 | AB120: 0.06 | AC120: 0.04 | AD120: 0.34 | AE120: 0.05 | AF120: 0.12 | AG120: 0.1 | AH120: 0.23 | AI120: -0.39 | AJ120: 0.06 | AL120: 0.035456662 | AN120: 0 | AO120: 0 | AP120: 0 | AQ120: 0 | AR120: 0 | AT120: 0.65 | AU120: 0.55 | AV120: 0.51 | AW120: -0.29151648
A121: Results relating to equity-accounted investees | B121: 0 | C121: 0 | D121: 0 | E121: 0 | F121: 0 | G121: 0 | H121: 0 | I121: 0 | J121: 0 | K121: 0 | L121: 0 | M121: 0 | N121: 0 | O121: 0 | P121: 0 | Q121: 0 | R121: 0 | S121: 0 | T121: 0 | U121: 0 | V121: -0.01 | W121: 0 | X121: -0.01 | Z121: -0.01 | AA121: 0 | AB121: -0.01 | AC121: -0.02 | AD121: 0 | AE121: -0.01 | AF121: -0.11 | AG121: 0 | AH121: -0.14 | AI121: 0 | AJ121: 0 | AL121: 0 | AN121: 0 | AO121: 0 | AP121: 0 | AQ121: 0 | AR121: 0 | AT121: -0.03 | AU121: -0.05 | AV121: -0.26 | AW121: 0
A122: Non-GAAP diluted net income (loss) per share | B122: 0 | C122: 0 | D122: 0 | E122: 0 | F122: 0 | G122: 0 | H122: 0 | I122: 0 | J122: 0 | K122: 0 | L122: 0 | M122: 0 | N122: 0 | O122: 0 | P122: 0 | Q122: 0 | R122: 0 | S122: 0 | T122: 0 | U122: 0 | V122: 3.19 | W122: 3.43 | X122: 3.7 | Z122: 3.71 | AA122: 3.24 | AB122: 3.2 | AC122: 3.45 | AD122: 3.18 | AE122: 2.64 | AF122: 2.72 | AG122: 3.11 | AH122: 3.35 | AI122: 3.0514695 | AJ122: 3.6138744 | AL122: 4.195705 | AN122: 0 | AO122: 0 | AP122: 0 | AQ122: 0 | AR122: 0 | AT122: 14.01 | AU122: 13.09 | AV122: 11.81 | AW122: 10.859476

Sheet Adj EBITDA Calculation
A1: NXP Semiconductors
A2: EBITDA and Adjusted EBITDA (unaudited) | AU2: YTD
A3: ($ in millions) | B3: Q1 2018 | C3: Q2 2018 | D3: Q3 2018 | E3: Q4 2018 | F3: Q1 2019 | G3: Q2 2019 | H3: Q3 2019 | I3: Q4 2019 | J3: Q1 2020 | K3: Q2 2020 | L3: Q3 2020 | M3: Q4 2020 | N3: Q1 2021 | O3: Q2 2021 | P3: Q3 2021 | Q3: Q4 2021 | R3: Q1 2022 | S3: Q2 2022 | T3: Q3 2022 | U3: Q4 2022 | V3: Q1 2023 | W3: Q2 2023 | X3: Q3 2023 | Y3: Q4 2023 | Z3: Q1 2024 | AA3: Q2 2024 | AB3: Q3 2024 | AC3: Q4 2024 | AD3: Q1 2025 | AE3: Q2 2025 | AF3: Q3 2025 | AG3: Q4 2025 | AH3: Q1 2026 | AI3: Q2 2026 | AK3: Q3 2026 | AM3: 2018 | AN3: 2019 | AO3: 2020 | AP3: 2021 | AQ3: 2022 | AR3: 2023 | AS3: 2024 | AT3: 2025 | AU3: 2026
A5: Net Income | B5: 70000000 | C5: 66000000 | D5: 1833000000 | E5: 289000000 | F5: -16000000 | G5: 46000000 | H5: 119000000 | I5: 123000000 | J5: -13000000 | K5: -209000000 | L5: -18000000 | M5: 320000000 | N5: 364000000 | O5: 406000000 | P5: 526000000 | Q5: 610000000 | R5: 666000000 | S5: 683000000 | T5: 750000000 | U5: 734000000 | V5: 623000000 | W5: 704000000 | X5: 792000000 | Y5: 703000000 | Z5: 644000000 | AA5: 664000000 | AB5: 729000000 | AC5: 505000000 | AD5: 497000000 | AE5: 457000000 | AF5: 646000000 | AG5: 468000000 | AH5: 1133000000 | AI5: 782000000 | AK5: =(AU5)-SUM(AH5:AJ5) -> 899000000 | AM5: 2258000000 | AN5: =SUM(F5:I5) -> 272000000 | AO5: =SUM(J5:M5) -> 80000000 | AP5: =SUM(N5:Q5) -> 1906000000 | AQ5: =SUM(R5:U5) -> 2833000000 | AR5: 2822000000 | AS5: 2542000000 | AT5: 2068000000 | AU5: 2814000000
A6: Income (loss) from discontinued operations | B6: 0 | C6: 0 | D6: 0 | E6: 0 | F6: 0 | G6: 0 | H6: 0 | I6: 0 | J6: 0 | K6: 0 | L6: 0 | M6: 0 | N6: 0 | O6: 0 | P6: 0 | Q6: 0 | R6: 0 | S6: 0 | T6: 0 | U6: 0 | V6: 0 | W6: 0 | X6: 0 | Y6: 0 | Z6: 0 | AA6: 0 | AB6: 0 | AC6: 0 | AD6: 0 | AE6: 0 | AF6: 0 | AG6: 0 | AH6: 0 | AI6: 0 | AK6: =(AU6)-SUM(AH6:AJ6) -> 0 | AM6: 0 | AN6: =SUM(F6:I6) -> 0 | AO6: =SUM(J6:M6) -> 0 | AP6: =SUM(N6:Q6) -> 0 | AQ6: =SUM(R6:U6) -> 0 | AR6: 0 | AS6: 0 | AT6: 0 | AU6: 0
A7: Income (loss) from continuing operations | B7: 70000000 | C7: 66000000 | D7: 1833000000 | E7: 289000000 | F7: -16000000 | G7: 46000000 | H7: 119000000 | I7: 123000000 | J7: -13000000 | K7: -209000000 | L7: -18000000 | M7: 320000000 | N7: 364000000 | O7: 406000000 | P7: 526000000 | Q7: 610000000 | R7: 666000000 | S7: 683000000 | T7: 750000000 | U7: 734000000 | V7: 623000000 | W7: 704000000 | X7: 792000000 | Y7: 703000000 | Z7: 644000000 | AA7: 664000000 | AB7: 729000000 | AC7: 505000000 | AD7: 497000000 | AE7: 457000000 | AF7: 646000000 | AG7: 468000000 | AH7: 1133000000 | AI7: 782000000 | AK7: =(AU7)-SUM(AH7:AJ7) -> 899000000 | AM7: 2258000000 | AN7: =SUM(F7:I7) -> 272000000 | AO7: =SUM(J7:M7) -> 80000000 | AP7: =SUM(N7:Q7) -> 1906000000 | AQ7: =SUM(R7:U7) -> 2833000000 | AR7: 2822000000 | AS7: 2542000000 | AT7: 2068000000 | AU7: 2814000000
A9: Reconciling items to EBITDA (Non-GAAP):
A10: Financial (income) expense | B10: 68000000 | C10: 71000000 | D10: 119000000 | E10: 77000000 | F10: 83000000 | G10: 89000000 | H10: 85000000 | I10: 93000000 | J10: 78000000 | K10: 96000000 | L10: 106000000 | M10: 137000000 | N10: 87000000 | O10: 100000000 | P10: 93000000 | Q10: 123000000 | R10: 105000000 | S10: 128000000 | T10: 98000000 | U10: 103000000 | V10: 82000000 | W10: 74000000 | X10: 75000000 | Y10: 78000000 | Z10: 70000000 | AA10: 75000000 | AB10: 82000000 | AC10: 91000000 | AD10: 92000000 | AE10: 86000000 | AF10: 98000000 | AG10: 108000000 | AH10: 96000000 | AI10: 97000000 | AK10: =(AU10)-SUM(AH10:AJ10) -> 97000000 | AM10: 335000000 | AN10: =SUM(F10:I10) -> 350000000 | AO10: =SUM(J10:M10) -> 417000000 | AP10: =SUM(N10:Q10) -> 403000000 | AQ10: =SUM(R10:U10) -> 434000000 | AR10: 309000000 | AS10: 318000000 | AT10: 384000000 | AU10: =-AV10 -> 290000000 | AV10: -290000000
A11: (Benefit) provision for income taxes | B11: 2000000 | C11: 4000000 | D11: 311000000 | E11: -141000000 | F11: -9000000 | G11: 21000000 | H11: 28000000 | I11: -20000000 | J11: 2000000 | K11: -33000000 | L11: -57000000 | M11: 5000000 | N11: 40000000 | O11: 65000000 | P11: 95000000 | Q11: 72000000 | R11: 114000000 | S11: 129000000 | T11: 149000000 | U11: 137000000 | V11: 118000000 | W11: 158000000 | X11: 123000000 | Y11: 124000000 | Z11: 141000000 | AA11: 154000000 | AB11: 173000000 | AC11: 77000000 | AD11: 130000000 | AE11: 116000000 | AF11: 148000000 | AG11: 131000000 | AH11: 272000000 | AI11: 189000000 | AK11: =(AU11)-SUM(AH11:AJ11) -> 228000000 | AM11: 176000000 | AN11: =SUM(F11:I11) -> 20000000 | AO11: =SUM(J11:M11) -> -83000000 | AP11: =SUM(N11:Q11) -> 272000000 | AQ11: =SUM(R11:U11) -> 529000000 | AR11: 523000000 | AS11: 545000000 | AT11: 525000000 | AU11: =-AV11 -> 689000000 | AV11: -689000000
A12: Depreciation and impairment | B12: 116000000 | C12: 119000000 | D12: 119000000 | E12: 124000000 | F12: 124000000 | G12: 128000000 | H12: 135000000 | I12: 131000000 | J12: 133000000 | K12: 136000000 | L12: 139000000 | M12: 139000000 | N12: 132000000 | O12: 135000000 | P12: 139000000 | Q12: 145000000 | R12: 142000000 | S12: 149000000 | T12: 156000000 | U12: 158000000 | V12: 160000000 | W12: 162000000 | X12: 163000000 | Y12: 167000000 | Z12: 145000000 | AA12: 146000000 | AB12: 149000000 | AC12: 190000000 | AD12: 143000000 | AE12: 143000000 | AF12: 132000000 | AG12: 142000000 | AH12: 109000000 | AI12: 114000000 | AK12: =(AU12)-SUM(AH12:AJ12) -> 123000000 | AM12: 478000000 | AN12: =SUM(F12:I12) -> 518000000 | AO12: =SUM(J12:M12) -> 547000000 | AP12: =SUM(N12:Q12) -> 551000000 | AQ12: =SUM(R12:U12) -> 605000000 | AR12: 652000000 | AS12: 630000000 | AT12: 560000000 | AU12: 346000000
A13: Amortization | B13: 375000000 | C13: 377000000 | D13: 378000000 | E13: 379000000 | F13: 378000000 | G13: 378000000 | H13: 382000000 | I13: 391000000 | J13: 407000000 | K13: 407000000 | L13: 450000000 | M13: 177000000 | N13: 209000000 | O13: 170000000 | P13: 167000000 | Q13: 165000000 | R13: 168000000 | S13: 168000000 | T13: 165000000 | U13: 144000000 | V13: 123000000 | W13: 119000000 | X13: 110000000 | Y13: 102000000 | Z13: 90000000 | AA13: 67000000 | AB13: 69000000 | AC13: 69000000 | AD13: 66000000 | AE13: 64000000 | AF13: 69000000 | AG13: 73000000 | AH13: 70000000 | AI13: 70000000 | AK13: =(AU13)-SUM(AH13:AJ13) -> 69000000 | AM13: 1509000000 | AN13: =SUM(F13:I13) -> 1529000000 | AO13: =SUM(J13:M13) -> 1441000000 | AP13: =SUM(N13:Q13) -> 711000000 | AQ13: =SUM(R13:U13) -> 645000000 | AR13: 454000000 | AS13: 295000000 | AT13: 272000000 | AU13: 209000000
A15: EBITDA (Non-GAAP) | B15: 631000000 | C15: 637000000 | D15: 2760000000 | E15: 728000000 | F15: 560000000 | G15: 662000000 | H15: 749000000 | I15: 718000000 | J15: 607000000 | K15: 397000000 | L15: 620000000 | M15: 778000000 | N15: 832000000 | O15: 876000000 | P15: 1020000000 | Q15: 1115000000 | R15: 1195000000 | S15: 1257000000 | T15: 1318000000 | U15: 1276000000 | V15: 1106000000 | W15: 1217000000 | X15: 1263000000 | Y15: 1174000000 | Z15: 1090000000 | AA15: 1106000000 | AB15: 1202000000 | AC15: 932000000 | AD15: 928000000 | AE15: 866000000 | AF15: 1093000000 | AG15: 922000000 | AH15: 1680000000 | AI15: 1252000000 | AK15: =(AU15)-SUM(AH15:AJ15) -> 1416000000 | AM15: 4756000000 | AN15: =SUM(F15:I15) -> 2689000000 | AO15: =SUM(J15:M15) -> 2402000000 | AP15: =SUM(N15:Q15) -> 3843000000 | AQ15: =SUM(R15:U15) -> 5046000000 | AR15: 4760000000 | AS15: 4330000000 | AT15: 3809000000 | AU15: =SUM(AU7:AU14) -> 4348000000
A17: Results of equity-accounted investees, excl. foundry investees | B17: -2000000 | C17: -4000000 | D17: -52000000 | E17: -1000000 | F17: -4000000 | G17: 1000000 | H17: 1000000 | I17: 1000000 | J17: 1000000 | K17: 1000000 | L17: 1000000 | M17: 1000000 | N17: 1000000 | O17: 2000000 | P17: -3000000 | Q17: 2000000 | R17: -12000000 | S17: 3000000 | T17: 4000000 | U17: 6000000 | V17: 2000000 | W17: 1000000 | X17: 2000000 | Y17: 2000000 | Z17: 1000000 | AA17: 3000000 | AB17: 6000000 | AC17: 2000000 | AD17: 3000000 | AE17: 28000000 | AF17: -1000000 | AG17: 36000000 | AH17: 0 | AI17: 0 | AK17: =(AU17)-SUM(AH17:AJ17) -> 0 | AM17: -59000000 | AN17: =SUM(F17:I17) -> -1000000 | AO17: =SUM(J17:M17) -> 4000000 | AP17: =SUM(N17:Q17) -> 2000000 | AQ17: =SUM(R17:U17) -> 1000000 | AR17: 7000000 | AS17: 12000000 | AT17: 66000000 | AU17: ='Recon GAAP to non-GAAP'!AW71 -> 0
A18: Purchase accounting effect on inventory | B18: 0 | C18: 0 | D18: 0 | E18: 0 | F18: 0 | G18: 0 | H18: 0 | I18: 8000000 | J18: 17000000 | K18: 0 | L18: 0 | M18: 0 | N18: 0 | O18: 0 | P18: 0 | Q18: 0 | R18: 0 | S18: 0 | T18: 0 | U18: 0 | V18: 0 | W18: 0 | X18: 0 | Y18: 0 | Z18: 0 | AA18: 0 | AB18: 0 | AC18: 0 | AD18: 0 | AE18: 0 | AF18: 0 | AG18: 0 | AH18: 0 | AI18: 0 | AK18: =(AU18)-SUM(AH18:AJ18) -> 0 | AM18: 0 | AN18: =SUM(F18:I18) -> 8000000 | AO18: =SUM(J18:M18) -> 17000000 | AP18: =SUM(N18:Q18) -> 0 | AQ18: =SUM(R18:U18) -> 0 | AR18: 0 | AS18: 0 | AT18: 0 | AU18: 0
A19: Purchase accounting effect on asset sale | AD19: 5000000 | AE19: 0 | AF19: 0 | AG19: 0 | AH19: 0 | AI19: 0 | AK19: =(AU19)-SUM(AH19:AJ19) -> 0 | AT19: 5000000 | AU19: 0
A20: Restructuring 1) | B20: 1000000 | C20: -1000000 | D20: 5000000 | E20: 1000000 | F20: 25000000 | G20: 5000000 | H20: -1000000 | I20: -1000000 | J20: 11000000 | K20: 8000000 | L20: 21000000 | M20: 38000000 | N20: 0 | O20: 1000000 | P20: 0 | Q20: 0 | R20: -1000000 | S20: -4000000 | T20: 0 | U20: -2000000 | V20: 18000000 | W20: 0 | X20: -4000000 | Y20: 84000000 | Z20: 7000000 | AA20: 6000000 | AB20: 0 | AC20: 112000000 | AD20: 14000000 | AE20: 67000000 | AF20: 3000000 | AG20: 177000000 | AH20: 2000000 | AI20: -8000000 | AK20: =(AU20)-SUM(AH20:AJ20) -> -5000000 | AM20: 6000000 | AN20: =SUM(F20:I20) -> 28000000 | AO20: =SUM(J20:M20) -> 78000000 | AP20: =SUM(N20:Q20) -> 1000000 | AQ20: =SUM(R20:U20) -> -7000000 | AR20: 98000000 | AS20: 125000000 | AT20: 261000000 | AU20: =-'Recon GAAP to non-GAAP'!AW94 -> -11000000
A21: Share-based compensation | B21: 69000000 | C21: 69000000 | D21: 83000000 | E21: 93000000 | F21: 86000000 | G21: 87000000 | H21: 84000000 | I21: 89000000 | J21: 107000000 | K21: 105000000 | L21: 83000000 | M21: 89000000 | N21: 91000000 | O21: 93000000 | P21: 81000000 | Q21: 88000000 | R21: 89000000 | S21: 89000000 | T21: 89000000 | U21: 97000000 | V21: 99000000 | W21: 102000000 | X21: 103000000 | Y21: 107000000 | Z21: 115000000 | AA21: 114000000 | AB21: 115000000 | AC21: 117000000 | AD21: 127000000 | AE21: 117000000 | AF21: 118000000 | AG21: 100000000 | AH21: 109000000 | AI21: 105000000 | AK21: =(AU21)-SUM(AH21:AJ21) -> 114000000 | AM21: 314000000 | AN21: =SUM(F21:I21) -> 346000000 | AO21: =SUM(J21:M21) -> 384000000 | AP21: =SUM(N21:Q21) -> 353000000 | AQ21: =SUM(R21:U21) -> 364000000 | AR21: 411000000 | AS21: 461000000 | AT21: 462000000 | AU21: =-'Recon GAAP to non-GAAP'!AW95 -> 328000000
A22: Merger-related costs | B22: 26000000 | C22: 25000000 | D22: -1914000000 | E22: 15000000 | F22: 13000000 | G22: 10000000 | H22: 6000000 | I22: 4000000 | J22: 4000000 | K22: 3000000 | L22: 1000000 | M22: 0 | N22: 0 | O22: 0 | P22: 0 | Q22: 0 | R22: 0 | S22: 0 | T22: 0 | U22: 0 | V22: 0 | W22: 0 | X22: 0 | Y22: 0 | Z22: 0 | AA22: 0 | AB22: 0 | AC22: 0 | AD22: 0 | AE22: 0 | AF22: 0 | AG22: 0 | AH22: 0 | AI22: 0 | AK22: =(AU22)-SUM(AH22:AJ22) -> 0 | AM22: -1848000000 | AN22: =SUM(F22:I22) -> 33000000 | AO22: =SUM(J22:M22) -> 8000000 | AP22: =SUM(N22:Q22) -> 0 | AQ22: =SUM(R22:U22) -> 0 | AR22: 0 | AS22: 0 | AT22: 0 | AU22: =-'Recon GAAP to non-GAAP'!AW96 -> 0
A23: Other incidental items 1) | B23: 1000000 | C23: 4000000 | D23: -36000000 | E23: 13000000 | F23: 6000000 | G23: 4000000 | H23: -17000000 | I23: 4000000 | J23: -107000000 | K23: 3000000 | L23: 2000000 | M23: 1000000 | N23: 11000000 | O23: 4000000 | P23: 8000000 | Q23: 10000000 | R23: 8000000 | S23: 16000000 | T23: 33000000 | U23: 8000000 | V23: 42000000 | W23: 21000000 | X23: 27000000 | Y23: 44000000 | Z23: 39000000 | AA23: 14000000 | AB23: 6000000 | AC23: 77000000 | AD23: -4000000 | AE23: 25000000 | AF23: 19000000 | AG23: 84000000 | AH23: -605000000 | AI23: 20000000 | AK23: =(AU23)-SUM(AH23:AJ23) -> 22000000 | AM23: -18000000 | AN23: =SUM(F23:I23) -> -3000000 | AO23: =SUM(J23:M23) -> -101000000 | AP23: =SUM(N23:Q23) -> 33000000 | AQ23: =SUM(R23:U23) -> 65000000 | AR23: 134000000 | AS23: 136000000 | AT23: 124000000 | AU23: =-'Recon GAAP to non-GAAP'!AW97-AU30 -> -563000000
A24: Other adjustments | B24: 0 | C24: 0 | D24: 0 | E24: 0 | F24: 0 | G24: 0 | H24: 0 | I24: 0 | J24: 0 | K24: 0 | L24: 0 | M24: 0 | N24: 0 | O24: 0 | P24: 0 | Q24: 0 | R24: 0 | S24: 0 | T24: 0 | U24: 0 | V24: 0 | W24: 0 | X24: 0 | Y24: 0 | Z24: 0 | AA24: 0 | AB24: 0 | AC24: 0 | AD24: 0 | AM24: 0 | AN24: =SUM(F24:I24) -> 0 | AO24: =SUM(J24:M24) -> 0 | AP24: =SUM(N24:Q24) -> 0 | AQ24: =SUM(R24:U24) -> 0 | AR24: 0 | AS24: 0 | AT24: 0 | AU24: =-'Recon GAAP to non-GAAP'!AW98 -> 0
A26: Adjusted EBITDA (Non-GAAP) | B26: 726000000 | C26: 730000000 | D26: 846000000 | E26: 849000000 | F26: 686000000 | G26: 769000000 | H26: 822000000 | I26: 823000000 | J26: 640000000 | K26: 517000000 | L26: 728000000 | M26: 907000000 | N26: 935000000 | O26: 976000000 | P26: 1106000000 | Q26: 1215000000 | R26: 1279000000 | S26: 1361000000 | T26: 1444000000 | U26: 1385000000 | V26: 1267000000 | W26: 1341000000 | X26: 1391000000 | Y26: 1411000000 | Z26: 1252000000 | AA26: 1243000000 | AB26: 1329000000 | AC26: 1240000000 | AD26: 1073000000 | AE26: 1103000000 | AF26: 1232000000 | AG26: 1319000000 | AH26: 1186000000 | AI26: 1369000000 | AK26: =(AU26)-SUM(AH26:AJ26) -> 1547000000 | AM26: 3151000000 | AN26: =SUM(F26:I26) -> 3100000000 | AO26: =SUM(J26:M26) -> 2792000000 | AP26: =SUM(N26:Q26) -> 4232000000 | AQ26: =SUM(R26:U26) -> 5469000000 | AR26: 5410000000 | AS26: 5064000000 | AT26: 4727000000 | AU26: =SUM(AU17:AU24)+AU15 -> 4102000000
A27: Trailing 12 month adjusted EBITDA (Non-GAAP) | B27: 3176000000 | C27: 3176000000 | D27: 3176000000 | E27: 3151000000 | F27: 3111000000 | G27: 3150000000 | H27: 3126000000 | I27: 3100000000 | J27: 3054000000 | K27: 2802000000 | L27: 2708000000 | M27: 2792000000 | N27: 3087000000 | O27: 3546000000 | P27: 3924000000 | Q27: 4232000000 | R27: 4576000000 | S27: 4961000000 | T27: 5299000000 | U27: 5469000000 | V27: 5457000000 | W27: 5437000000 | X27: 5384000000 | Y27: 5410000000 | Z27: 5395000000 | AA27: 5297000000 | AB27: 5235000000 | AC27: 5064000000 | AD27: 4885000000 | AE27: 4745000000 | AF27: 4648000000 | AG27: 4727000000 | AH27: 4840000000 | AI27: 5106000000 | AK27: =SUM(AG26:AK26) -> 5421000000 | AM27: 3151000000 | AN27: =+AN26 -> 3100000000 | AO27: =AO26 -> 2792000000 | AP27: =AP26 -> 4232000000 | AQ27: =AQ26 -> 5469000000 | AR27: 5410000000 | AS27: 5064000000 | AT27: 4727000000 | AU27: =AU26 -> 4102000000
A28: 1) Excluding depreciation and impairment property, plant and equipment and amortization software related to:
A29: restructuring | B29: 0 | C29: 0 | D29: 0 | E29: 0 | F29: 0 | G29: 0 | H29: 0 | I29: 0 | J29: 0 | K29: 0 | L29: 0 | M29: 0 | N29: 0 | O29: 0 | P29: 0 | Q29: 0 | R29: 0 | S29: 0 | T29: 0 | U29: 0 | V29: 0 | W29: 0 | X29: 0 | Y29: 0 | Z29: 0 | AA29: 0 | AB29: 0 | AC29: 0 | AD29: 0 | AE29: 0 | AF29: 0 | AG29: 0 | AH29: 0 | AI29: 0 | AK29: 0 | AM29: 0 | AN29: =SUM(F29:I29) -> 0 | AO29: =SUM(J29:M29) -> 0 | AP29: =SUM(N29:Q29) -> 0 | AQ29: =SUM(R29:U29) -> 0 | AR29: 0 | AS29: 0 | AT29: 0 | AU29: 0
A30: other incidental items | B30: 0 | C30: 0 | D30: 0 | E30: 0 | F30: 0 | G30: 0 | H30: 0 | I30: 0 | J30: 0 | K30: 0 | L30: 6000000 | M30: 2000000 | N30: 0 | O30: 0 | P30: 0 | Q30: 0 | R30: 0 | S30: 0 | T30: 0 | U30: 0 | V30: 2000000 | W30: 0 | X30: 0 | Y30: 0 | Z30: 0 | AA30: 0 | AB30: 0 | AC30: 45000000 | AD30: 4000000 | AE30: 7000000 | AF30: 0 | AG30: 8000000 | AH30: 3000000 | AI30: 4000000 | AK30: =(AU30)-SUM(AH30:AJ30) -> 11000000 | AM30: 0 | AN30: =SUM(F30:I30) -> 0 | AO30: =SUM(J30:M30) -> 8000000 | AP30: =SUM(N30:Q30) -> 0 | AQ30: =SUM(R30:U30) -> 0 | AR30: 2000000 | AS30: 45000000 | AT30: 19000000 | AU30: 18000000
A34: Free Cash Flow (unaudited)
A35: ($ in millions) | B35: Q1 2018 | C35: Q2 2018 | D35: Q3 2018 | E35: Q4 2018 | F35: Q1 2019 | G35: Q2 2019 | H35: Q3 2019 | I35: Q4 2019 | J35: Q1 2020 | K35: Q2 2020 | L35: Q3 2020 | M35: Q4 2020 | N35: Q1 2021 | O35: Q2 2021 | P35: Q3 2021 | Q35: Q4 2021 | R35: Q1 2022 | S35: Q2 2022 | T35: Q3 2022 | U35: Q4 2022 | V35: Q1 2023 | W35: Q2 2023 | X35: Q3 2023 | Y35: Q4 2023 | Z35: Q1 2024 | AA35: Q2 2024 | AB35: Q3 2024 | AC35: Q4 2024 | AD35: Q1 2025 | AE35: Q2 2025 | AF35: Q3 2025 | AG35: Q4 2025 | AH35: Q1 2026 | AI35: Q2 2026 | AK35: Q3 2026 | AM35: 2018 | AN35: 2019 | AO35: 2020 | AP35: 2021 | AQ35: 2022 | AR35: 2023 | AS35: 2024 | AT35: 2025 | AU35: 2026
A37: Net cash provided by (used for) operating activities | B37: 620000000 | C37: 403000000 | D37: 2615000000 | E37: 731000000 | F37: 296000000 | G37: 517000000 | H37: 746000000 | I37: 814000000 | J37: 512000000 | K37: 414000000 | L37: 527000000 | M37: 1029000000 | N37: 732000000 | O37: 636000000 | P37: 924000000 | Q37: 785000000 | R37: 856000000 | S37: 819000000 | T37: 1144000000 | U37: 1076000000 | V37: 632000000 | W37: 756000000 | X37: 988000000 | Y37: 1137000000 | Z37: 851000000 | AA37: 761000000 | AB37: 779000000 | AC37: 391000000 | AD37: 565000000 | AE37: 779000000 | AF37: 585000000 | AG37: 891000000 | AH37: 793000000 | AI37: 860000000 | AK37: =(AU37)-SUM(AH37:AJ37) -> 1256000000 | AM37: 4369000000 | AN37: =SUM(F37:I37) -> 2373000000 | AO37: =SUM(J37:M37) -> 2482000000 | AP37: =SUM(N37:Q37) -> 3077000000 | AQ37: =SUM(R37:U37) -> 3895000000 | AR37: 3513000000 | AS37: 2782000000 | AT37: 2820000000 | AU37: ='Cash Flow'!AU28 -> 2909000000
A39: Net capital expenditures on property, plant and equipment | B39: -156000000 | C39: -129000000 | D39: -155000000 | E39: -170000000 | F39: -144000000 | G39: -106000000 | H39: -115000000 | I39: -138000000 | J39: -143000000 | K39: -74000000 | L39: -68000000 | M39: -103000000 | N39: -150000000 | O39: -150000000 | P39: -200000000 | Q39: -266000000 | R39: -279000000 | S39: -268000000 | T39: -281000000 | U39: -233000000 | V39: -251000000 | W39: -200000000 | X39: -200000000 | Y39: -175000000 | Z39: -224000000 | AA39: -184000000 | AB39: -186000000 | AC39: -99000000 | AD39: -138000000 | AE39: -83000000 | AF39: -76000000 | AG39: -98000000 | AH39: -79000000 | AI39: -69000000 | AK39: =(AU39)-SUM(AH39:AJ39) -> -50000000 | AM39: -610000000 | AN39: =SUM(F39:I39) -> -503000000 | AO39: =SUM(J39:M39) -> -388000000 | AP39: =SUM(N39:Q39) -> -766000000 | AQ39: =SUM(R39:U39) -> -1061000000 | AR39: -826000000 | AS39: -693000000 | AT39: -395000000 | AU39: ='Cash Flow'!AU32+'Cash Flow'!AU35 -> -198000000
A41: Non-GAAP free cash flow | B41: 464000000 | C41: 274000000 | D41: 2460000000 | E41: 561000000 | F41: 152000000 | G41: 411000000 | H41: 631000000 | I41: 676000000 | J41: 369000000 | K41: 340000000 | L41: 459000000 | M41: 926000000 | N41: 582000000 | O41: 486000000 | P41: 724000000 | Q41: 519000000 | R41: 577000000 | S41: 551000000 | T41: 863000000 | U41: 843000000 | V41: 381000000 | W41: 556000000 | X41: 788000000 | Y41: 962000000 | Z41: 627000000 | AA41: 577000000 | AB41: 593000000 | AC41: 292000000 | AD41: 427000000 | AE41: 696000000 | AF41: 509000000 | AG41: 793000000 | AH41: 714000000 | AI41: 791000000 | AK41: =(AU41)-SUM(AH41:AJ41) -> 1206000000 | AM41: 3759000000 | AN41: =SUM(F41:I41) -> 1870000000 | AO41: =SUM(J41:M41) -> 2094000000 | AP41: =SUM(N41:Q41) -> 2311000000 | AQ41: =SUM(R41:U41) -> 2834000000 | AR41: 2687000000 | AS41: 2089000000 | AT41: 2425000000 | AU41: =SUM(AU37:AU40) -> 2711000000
A42: Non-GAAP free cash flow as a percent of Revenue | B42: 0.204 | C42: 0.12 | D42: 1.006 | E42: 0.233 | F42: 0.073 | G42: 0.185 | H42: 0.279 | I42: 0.294 | J42: 0.183 | K42: 0.187 | L42: 0.202 | M42: 0.369 | N42: 0.227 | O42: 0.187 | P42: 0.253 | Q42: 0.171 | R42: 0.184 | S42: 0.166 | T42: 0.251 | U42: 0.255 | V42: 0.122 | W42: 0.169 | X42: 0.229 | Y42: 0.281 | Z42: 0.201 | AA42: 0.185 | AB42: 0.182 | AC42: 0.094 | AD42: 0.151 | AE42: 0.238 | AF42: 0.16 | AG42: 0.238 | AH42: 0.22445772 | AI42: 0.22625858 | AK42: =AK41/'P&L'!AK5 -> 0.318542 | AM42: 0.4 | AN42: 0.211 | AO42: 0.243 | AP42: 0.209 | AQ42: 0.215 | AR42: 0.202 | AS42: 0.166 | AT42: 0.198 | AU42: =AU41/'P&L'!AU5 -> 0.25910351
A44: Trailing 12 month Non-GAAP free cash flow | B44: 1897000000 | C44: 1826000000 | D44: 3804000000 | E44: =SUM(B41:E41) -> 3759000000 | F44: =F41+E41+D41+C41 -> 3447000000 | G44: =D41+E41+F41+G41 -> 3584000000 | H44: =E41+F41+G41+H41 -> 1755000000 | I44: =F41+G41+H41+I41 -> 1870000000 | J44: =J41+I41+H41+G41 -> 2087000000 | K44: =H41+I41+J41+K41 -> 2016000000 | L44: =I41+J41+K41+L41 -> 1844000000 | M44: =J41+K41+L41+M41 -> 2094000000 | N44: =N41+M41+L41+K41 -> 2307000000 | O44: =L41+M41+N41+O41 -> 2453000000 | P44: =M41+N41+O41+P41 -> 2718000000 | Q44: =N41+O41+P41+Q41 -> 2311000000 | R44: =R41+Q41+P41+O41 -> 2306000000 | S44: =P41+Q41+R41+S41 -> 2371000000 | T44: =Q41+R41+S41+T41 -> 2510000000 | U44: =R41+S41+T41+U41 -> 2834000000 | V44: 2638000000 | W44: 2643000000 | X44: 2568000000 | Y44: 2687000000 | Z44: 2933000000 | AA44: 2954000000 | AB44: 2759000000 | AC44: 2089000000 | AD44: 1889000000 | AE44: 2008000000 | AF44: 1924000000 | AG44: 2425000000 | AH44: 2712000000 | AI44: 2807000000 | AK44: =SUM(AG41:AK41) -> 3504000000
A45: Trailing 12 month Non-GAAP free cash flow as a percent of Revenue | B45: 0.2 | C45: 0.19 | D45: 0.4 | E45: 0.4 | F45: 0.37 | G45: 0.39 | H45: 0.2 | I45: 0.21 | J45: 0.24 | K45: 0.24 | L45: 0.22 | M45: 0.24 | N45: 0.25 | O45: 0.25 | P45: 0.26 | Q45: 0.21 | R45: 0.2 | S45: 0.19 | T45: 0.19 | U45: 0.21 | V45: 0.2 | W45: 0.2 | X45: 0.2 | Y45: 0.2 | Z45: 0.22 | AA45: 0.23 | AB45: 0.21 | AC45: 0.17 | AD45: 0.15 | AE45: 0.17 | AF45: 0.15973433 | AG45: 0.2 | AH45: 0.21 | AI45: 0.21289344 | AK45: =AK44/SUM('P&L'!AG5:AK5) -> 0.25394985

Sheet Operating Metrics
A1: NXP Semiconductors
A3: Inventories (unaudited)
A4: ($ in millions) | B4: Q1 2018 | C4: Q2 2018 | D4: Q3 2018 | E4: Q4 2018 | F4: Q1 2019 | G4: Q2 2019 | H4: Q3 2019 | I4: Q4 2019 | J4: Q1 2020 | K4: Q2 2020 | L4: Q3 2020 | M4: Q4 2020 | N4: Q1 2021 | O4: Q2 2021 | P4: Q3 2021 | Q4: Q4 2021 | R4: Q1 2022 | S4: Q2 2022 | T4: Q3 2022 | U4: Q4 2022 | V4: Q1 2023 | W4: Q2 2023 | X4: Q3 2023 | Y4: Q4 2023 | Z4: Q1 2024 | AA4: Q2 2024 | AB4: Q3 2024 | AC4: Q4 2024 | AD4: Q1 2025 | AE4: Q2 2025 | AF4: Q3 2025 | AG4: Q4 2025 | AH4: Q1 2026 | AI4: Q2 2026 | AJ4: Q3 2026
A5: Raw materials | E5: 74000000 | F5: 62000000 | H5: 64000000 | I5: 52000000 | J5: 64000000 | K5: 71000000 | L5: 60000000 | M5: 66000000 | N5: 71000000 | O5: 91000000 | P5: 96000000 | Q5: 107000000 | R5: 118000000 | S5: 129000000 | T5: 140000000 | U5: 151000000 | V5: 135000000 | W5: 122000000 | X5: 121000000 | Y5: 113000000 | Z5: 104000000 | AA5: 103000000 | AB5: 101000000 | AC5: 109000000 | AD5: 102000000 | AE5: 91000000 | AF5: 108000000 | AG5: 92000000 | AH5: 97000000 | AI5: 98000000 | AJ5: 106000000
A6: Work in process | E6: 949000000 | F6: 958000000 | H6: 858000000 | I6: 894000000 | J6: 920000000 | K6: 933000000 | L6: 852000000 | M6: 786000000 | N6: 795000000 | O6: 882000000 | P6: 894000000 | Q6: 846000000 | R6: 974000000 | S6: 1083000000 | T6: 1133000000 | U6: 1308000000 | V6: 1522000000 | W6: 1664000000 | X6: 1664000000 | Y6: 1633000000 | Z6: 1580000000 | AA6: 1568000000 | AB6: 1560000000 | AC6: 1576000000 | AD6: 1638000000 | AE6: 1647000000 | AF6: 1666000000 | AG6: 1778000000 | AH6: 1802000000 | AI6: 1887000000 | AJ6: 1960000000
A7: Finished goods | E7: 256000000 | F7: 221000000 | H7: 212000000 | I7: 246000000 | J7: 243000000 | K7: 224000000 | L7: 152000000 | M7: 178000000 | N7: 190000000 | O7: 143000000 | P7: 183000000 | Q7: 236000000 | R7: 219000000 | S7: 250000000 | T7: 308000000 | U7: 323000000 | V7: 320000000 | W7: 321000000 | X7: 355000000 | Y7: 388000000 | Z7: 418000000 | AA7: 477000000 | AB7: 573000000 | AC7: 671000000 | AD7: 610000000 | AE7: 623000000 | AF7: 678000000 | AG7: 707000000 | AH7: 624000000 | AI7: 572000000 | AJ7: 530000000
A8: Total Inventories | B8: 1251000000 | C8: 1326000000 | D8: 1284000000 | E8: 1279000000 | F8: 1241000000 | G8: 1144000000 | H8: 1134000000 | I8: 1192238890 | J8: 1226771248 | K8: 1227679157 | L8: 1063515467 | M8: 1029778648 | N8: 1056000000 | O8: 1116000000 | P8: 1173000000 | Q8: 1189000000 | R8: 1311000000 | S8: 1462000000 | T8: 1581000000 | U8: 1782000000 | V8: 1977000000 | W8: 2107000000 | X8: 2140000000 | Y8: 2134000000 | Z8: 2102000000 | AA8: 2148000000 | AB8: 2234000000 | AC8: 2356000000 | AD8: 2350000000 | AE8: 2361000000 | AF8: 2452000000 | AG8: 2577000000 | AH8: 2523000000 | AI8: 2557000000 | AJ8: =SUM(AJ5:AJ7) -> 2596000000
A10: Working Capital Metrics
A12: Current:
B13: Q1 2018 | C13: Q2 2018 | D13: Q3 2018 | E13: Q4 2018 | F13: Q1 2019 | G13: Q2 2019 | H13: Q3 2019 | I13: Q4 2019 | J13: Q1 2020 | K13: Q2 2020 | L13: Q3 2020 | M13: Q4 2020 | N13: Q1 2021 | O13: Q2 2021 | P13: Q3 2021 | Q13: Q4 2021 | R13: Q1 2022 | S13: Q2 2022 | T13: Q3 2022 | U13: Q4 2022
A14: Days inventory outstanding (DIO) | B14: 106 | C14: 111 | D14: 100 | E14: 102 | F14: 113 | G14: 100 | H14: 98 | I14: 102 | J14: 113 | K14: 120 | L14: 84 | M14: 78 | N14: 81 | O14: 88 | P14: 85 | Q14: 83 | R14: 89 | S14: 94 | T14: 99 | U14: 116
A15: Days payable outstanding (DPO) 1) | B15: 83 | C15: 90 | D15: 74 | E15: 80 | F15: 74 | G15: 67 | H15: 74 | I15: 81 | J15: 83 | K15: 71 | L15: 55 | M15: 75 | N15: 79 | O15: 92 | P15: 83 | Q15: 87 | R15: 93 | S15: 94 | T15: 96 | U15: 105
A16: Days sales outstanding (DSO) | B16: 32 | C16: 31 | D16: 32 | E16: 30 | F16: 35 | G16: 32 | H16: 32 | I16: 26 | J16: 28 | K16: 24 | L16: 30 | M16: 28 | N16: 30 | O16: 35 | P16: 31 | Q16: 28 | R16: 27 | S16: 27 | T16: 27 | U16: 26
A17: Cash conversion cycle 1) | B17: 55 | C17: 52 | D17: 58 | E17: 52 | F17: 74 | G17: 65 | H17: 56 | I17: 47 | J17: 58 | K17: 73 | L17: 59 | M17: 31 | N17: 32 | O17: 31 | P17: 33 | Q17: 24 | R17: 23 | S17: 27 | T17: 30 | U17: 37
A19: New:
B20: Q1 2018 | C20: Q2 2018 | D20: Q3 2018 | E20: Q4 2018 | F20: Q1 2019 | G20: Q2 2019 | H20: Q3 2019 | I20: Q4 2019 | J20: Q1 2020 | K20: Q2 2020 | L20: Q3 2020 | M20: Q4 2020 | N20: Q1 2021 | O20: Q2 2021 | P20: Q3 2021 | Q20: Q4 2021 | R20: Q1 2022 | S20: Q2 2022 | T20: Q3 2022 | U20: Q4 2022 | V20: Q1 2023 | W20: Q2 2023 | X20: Q3 2023 | Y20: Q4 2023 | Z20: Q1 2024 | AA20: Q2 2024 | AB20: Q3 2024 | AC20: Q4 2024 | AD20: Q1 2025 | AE20: Q2 2025 | AF20: Q3 2025 | AG20: Q4 2025 | AH20: Q1 2026 | AI20: Q2 2026 | AJ20: =AJ4 -> Q3 2026
A21: Days inventory outstanding (DIO) | B21: 106 | C21: 111 | D21: 100 | E21: 102 | F21: 113 | G21: 100 | H21: 98 | I21: 102 | J21: 113 | K21: 120 | L21: 84 | M21: 78 | N21: 81 | O21: 88 | P21: 85 | Q21: 83 | R21: 89 | S21: 94 | T21: 99 | U21: 116 | V21: 135 | W21: 137 | X21: 134 | Y21: 132 | Z21: 144 | AA21: 148 | AB21: 149 | AC21: 151 | AD21: 169 | AE21: 158 | AF21: 161 | AG21: 154 | AH21: 1.652719 | AI21: 1.5617554 | AJ21: =(AJ8*0.9125)/-'P&L'!AK6 -> 1.4833125
A22: Days payable outstanding (DPO) 1) | B22: 83 | C22: 90 | D22: 74 | E22: 80 | F22: 74 | G22: 67 | H22: 74 | I22: 81 | J22: 83 | K22: 71 | L22: 55 | M22: 75 | N22: 76 | O22: 88 | P22: 76 | Q22: 77 | R22: 77 | S22: 77 | T22: 69 | U22: 77 | V22: 68 | W22: 63 | X22: 60 | Y22: 72 | Z22: 65 | AA22: 64 | AB22: 60 | AC22: 65 | AD22: 62 | AE22: 60 | AF22: 58 | AG22: 60 | AH22: 0.59217516 | AI22: 0.60100402 | AJ22: =('Balance Sheet'!AJ29*0.9125)/-'P&L'!AK6 -> 0.62223701
A23: Days sales outstanding (DSO) | B23: 32 | C23: 31 | D23: 32 | E23: 30 | F23: 35 | G23: 32 | H23: 32 | I23: 26 | J23: 28 | K23: 24 | L23: 30 | M23: 28 | N23: 30 | O23: 35 | P23: 31 | Q23: 28 | R23: 27 | S23: 27 | T23: 27 | U23: 26 | V23: 31 | W23: 29 | X23: 25 | Y23: 24 | Z23: 26 | AA23: 27 | AB23: 30 | AC23: 30 | AD23: 34 | AE23: 33 | AF23: 31 | AG23: 29 | AH23: 0.34021534 | AI23: 0.33253003 | AJ23: =('Balance Sheet'!AJ9*0.9125)/'P&L'!AK5 -> 0.30368463
A24: Cash conversion cycle 1) | B24: 55 | C24: 52 | D24: 58 | E24: 52 | F24: 74 | G24: 65 | H24: 56 | I24: 47 | J24: 58 | K24: 73 | L24: 59 | M24: 31 | N24: 35 | O24: 35 | P24: 40 | Q24: 34 | R24: 39 | S24: 44 | T24: 57 | U24: 65 | V24: 98 | W24: 103 | X24: 99 | Y24: 84 | Z24: 105 | AA24: 111 | AB24: 119 | AC24: 116 | AD24: 141 | AE24: 131 | AF24: 134 | AG24: 123 | AH24: 1.4007591 | AI24: 1.2932814 | AJ24: =AJ21+AJ23-AJ22 -> 1.1647601
A26: 1) We have reclassified certain amounts previously presented in “Accounts Payable” to “Other current liabilities” to conform to current period presentation. The impact of the reclassification on DPO (decreasing impact) and CCC (increasing impact) for each quarter was as follows:
A28: Reclassification impact in days: | B28: Q1 2018 | C28: Q2 2018 | D28: Q3 2018 | E28: Q4 2018 | F28: Q1 2019 | G28: Q2 2019 | H28: Q3 2019 | I28: Q4 2019 | J28: Q1 2020 | K28: Q2 2020 | L28: Q3 2020 | M28: Q4 2020 | N28: Q1 2021 | O28: Q2 2021 | P28: Q3 2021 | Q28: Q4 2021 | R28: Q1 2022 | S28: Q2 2022 | T28: Q3 2022 | U28: Q4 2022
N29: 3.1507134 | O29: 3.7073828 | P29: 6.9597246 | Q29: 9.863712 | R29: 16.233768 | S29: 17.211435 | T29: 26.508522 | U29: 28.122633
A31: Net Debt (unaudited)
A32: ($ in millions) | B32: Q1 2018 | C32: Q2 2018 | D32: Q3 2018 | E32: Q4 2018 | F32: Q1 2019 | G32: Q2 2019 | H32: Q3 2019 | I32: Q4 2019 | J32: Q1 2020 | K32: Q2 2020 | L32: Q3 2020 | M32: Q4 2020 | N32: Q1 2021 | O32: Q2 2021 | P32: Q3 2021 | Q32: Q4 2021 | R32: Q1 2022 | S32: Q2 2022 | T32: Q3 2022 | U32: Q4 2022 | V32: Q1 2023 | W32: Q2 2023 | X32: Q3 2023 | Y32: Q4 2023 | Z32: Q1 2024 | AA32: Q2 2024 | AB32: Q3 2024 | AC32: Q4 2024 | AD32: Q1 2025 | AE32: Q2 2025 | AF32: Q3 2025 | AG32: Q4 2025 | AH32: Q1 2026 | AI32: Q2 2026 | AJ32: =AJ4 -> Q3 2026
A33: Long-term debt | B33: 5329000000 | C33: 5341000000 | D33: 5354000000 | E33: 6247000000 | F33: 6223000000 | G33: 7361000000 | H33: 7363000000 | I33: 7364975482 | J33: 7366415445 | K33: 8003718651 | L33: 7606958948 | M33: 7608751824 | N33: 7611000000 | O33: 9591000000 | P33: 8594000000 | Q33: 10572000000 | R33: 10573000000 | S33: 11160000000 | T33: 11162000000 | U33: 11165000000 | V33: 10169000000 | W33: 10171000000 | X33: 10173000000 | Y33: 10175000000 | Z33: 10178000000 | AA33: 9681000000 | AB33: 9683000000 | AC33: 10354000000 | AD33: 10226000000 | AE33: 9479000000 | AF33: 10971000000 | AG33: 10972000000 | AH33: 10974000000 | AI33: 9977000000 | AJ33: ='Balance Sheet'!AJ38 -> 9979000000
A34: Short-term debt | B34: 1249000000 | C34: 2000000 | D34: 1002000000 | E34: 1107000000 | F34: 1117000000 | G34: 1177000000 | H34: 1142000000 | I34: 0 | J34: 105684 | K34: 1349498090 | L34: 1748588974 | M34: 16130 | N34: 0 | O34: 0 | P34: 999000000 | Q34: 0 | R34: 0 | S34: 0 | T34: 0 | U34: 0 | V34: 998000000 | W34: 999000000 | X34: 999000000 | Y34: 1000000000 | Z34: 0 | AA34: 499000000 | AB34: 499000000 | AC34: 500000000 | AD34: 1499000000 | AE34: 1999000000 | AF34: 1264000000 | AG34: 1250000000 | AH34: 750000000 | AI34: 999000000 | AJ34: ='Balance Sheet'!AJ34 -> 999000000
